Workbook
Name Print_Area: Hinweis_Arbeitslosengeld!$A$1:$B$31
Name Print_Titles: Hinweis_Arbeitslosengeld!$1:$3

Sheet Auswahl
A1: Rechtskreis | E1: Überschriften Blätter
A2: =INDEX(A4:A6,A3) -> Insgesamt | E2: 1.1 Bestand an Arbeitsuchenden und Arbeitslosen | F2: =E2&$B$3 -> 1.1 Bestand an Arbeitsuchenden und Arbeitslosen
A3: 1 | B3: =INDEX(B4:B6,A3) | C3: =INDEX(C4:C6,A3) | E3: 1.2 Zugänge in und Abgänge aus Arbeitslosigkeit | F3: =E3&$B$3 -> 1.2 Zugänge in und Abgänge aus Arbeitslosigkeit
A4: Insgesamt | E4: 2 Unterbeschäftigung | F4: =E4&$B$3 -> 2 Unterbeschäftigung
A5: SGB III | B5: - Rechtskreis SGB III | C5: - Kostenträgerschaft SGB III | E5: 8.1 Bestand in ausgewählten arbeitsmarktpolitischen Instrumenten | F5: =E5&$C$3 -> 8.1 Bestand in ausgewählten arbeitsmarktpolitischen Instrumenten
A6: SGB II | B6: - Rechtskreis SGB II | C6: - Kostenträgerschaft SGB II | E6: 8.2 Eintritte in ausgewählte arbeitsmarktpolitische Instrumente | F6: =E6&$C$3 -> 8.2 Eintritte in ausgewählte arbeitsmarktpolitische Instrumente

Sheet Deckblatt

Sheet Impressum
A1: Frauen und Männer
A4: Impressum
A6: Produktlinie/Reihe: | B6: Tabellen
A8: Produkt-ID: | B8: 570
A10: Titel: | B10: Frauen und Männer
A12: Region: | B12: JC Tuttlingen (Gebietsstand: Juli 2026), SGB II-Vergleichstyp Ic
A14: Berichtsmonat: | B14: Juli 2026
A16: Erstellungsdatum: | B16: 46238
A18: Periodizität: | B18: monatlich
A20: Nächster Veröffentlichungstermin: | B20: Montag, 21.September 2026 (20. eines Monats. - fällt der 20. eines Monats auf einen Sonn- oder Feiertag zum nächsten darauffolgenden Arbeitstag)
A22: Hinweise:
A24: Herausgeberin: | B24: Bundesagentur für Arbeit
B25: Statistik
A26: Rückfragen an: | B26: Zentraler Statistik-Service
B27: Regensburger Straße 104
B28: 90478 Nürnberg
A29: E-Mail: | B29: Zentraler-Statistik-Service@arbeitsagentur.de
A30: Hotline: | B30: 0911/179-3632
A32: Internet: | B32: https://statistik.arbeitsagentur.de
A34: Zitierhinweis: | B34: Statistik der Bundesagentur für Arbeit
B35: Frauen und Männer, JC Tuttlingen, Nürnberg, August 2026
A37: Nutzungsbedingungen: | B37: © Statistik der Bundesagentur für Arbeit
B38: Die Produkte unterliegen dem Urheberrecht (siehe Impressum).
B39: Daten und Tabellen dürfen uneingeschränkt verwendet werden. Informationen dürfen (auch auszugsweise) gespeichert und mit Quellenangabe weitergegeben, vervielfältigt und verbreitet werden. Die Inhalte dürfen nicht verändert oder verfälscht werden. Eigene Berechnungen sind erlaubt, jedoch als solche kenntlich zu machen. Im Fall einer Veröffentlichung im Internet soll dies mit einer Verlinkung auf die Homepage der Statistik der Bundesagentur für Arbeit erfolgen.

Sheet Inhaltsverzeichnis
A1: Frauen und Männer
A4: Inhaltsverzeichnis
A7: Frauen und Männer
A8: JC Tuttlingen (Gebietsstand: Juli 2026), SGB II-Vergleichstyp Ic
A9: Juli 2026
A11: Tabelle
A13: Tab 1.1 | B13: 1.1 Bestand an Arbeitsuchenden und Arbeitslosen nach Rechtskreis
A14: Tab 1.2 | B14: 1.2 Zugänge in und Abgänge aus Arbeitslosigkeit nach Rechtskreis
A15: Tab 2 | B15: 2 Unterbeschäftigung nach Rechtskreis
A16: Tab 3 | B16: 3 Gemeldete Arbeitsstellen
A17: Tab 4 | B17: 4 Beschäftigte am Arbeitsort
A18: Tab 5 | B18: 5 Gemeldete Bewerber für Berufsausbildungsstellen und gemeldete Berufsausbildungsstellen
A19: Tab 6 | B19: 6 Leistungs- und Nichtleistungsempfänger im Rechtskreis SGB III
A20: Tab 7.1 | B20: 7.1 Grundsicherung für Arbeitsuchende
A21: Tab 7.2 | B21: 7.2 Erwerbstätige erwerbsfähige Leistungsberechtigte (ELB)
A22: Tab 8.1 | B22: 8.1 Bestand in ausgewählten arbeitsmarktpolitischen Instrumenten nach Rechtskreis
A23: Tab 8.2 | B23: 8.2 Eintritte in ausgewählte arbeitsmarktpolitische Instrumente nach Rechtskreis
A25: Statistik-Info
A28: Zeichenerklärungen
A30: X | B30: Nachweis nicht sinnvoll
A31: .X | B31: Veränderungwert >250%.
A32: … | B32: Angaben fallen später an
A33: - | B33: nichts vorhanden
A34: . | B34: auf Grund unvollständiger Daten ist kein Nachweis sinnvoll
A35: * | B35: Die erhobenen Daten unterliegen grundsätzlich der Geheimhaltung nach § 16 BStatG. Eine Übermittlung von Einzelangaben ist daher ausgeschlossen. Aus diesem Grund werden bei den Ihnen zur Verfügung gestellten Daten auch Zahlenwerte kleiner 3 und Daten, aus denen rechnerisch auf einen Zahlenwert kleiner 3 geschlossen werden kann, anonymisiert oder zu Gruppen zusammengefasst.

Sheet Tab 1.1_roh
C1: TabSpalten | AW1: XXX
C2: Hilfsspalten
C3: Überschrift | D3: 1.1 Bestand an Arbeitsuchenden und Arbeitslosen
C4: Gebiet | D4: JC Tuttlingen (Gebietsstand: Juli 2026), SGB II-Vergleichstyp Ic
C5: BM | D5: Juli 2026
C7: JC Tuttlingen
C8: 0
C9: Frauen | D9: Frauen | E9: Frauen | F9: Frauen | G9: Frauen | H9: Frauen | I9: Männer | J9: Männer | K9: Männer | L9: Männer | M9: Frauen | N9: Frauen | O9: Frauen | P9: Frauen | Q9: Frauen | R9: Frauen | S9: Männer | T9: Männer | U9: Männer | V9: Männer | W9: Frauen | X9: Frauen | Y9: Frauen | Z9: Frauen | AA9: Frauen | AB9: Frauen | AC9: Männer | AD9: Männer | AE9: Männer | AF9: Männer | AH9: Frauen | AI9: Frauen | AJ9: Frauen | AK9: Männer | AL9: Männer | AM9: Frauen | AN9: Frauen | AO9: Frauen | AP9: Männer | AQ9: Männer | AR9: Frauen | AS9: Frauen | AT9: Frauen | AU9: Männer | AV9: Männer
B10: Tab/DS | C10: Anzahl | D10: VJM | E10: Anteil der Personen- gruppe an Insgesamt in % | F10: Verände- rung zum Vorjahr in % | G10: Gesamt | H10: Anteil an Frauen und Männer insgesamt in % | I10: Anzahl | J10: VJM | K10: Anteil der Personen- gruppe an Insgesamt in % | L10: Verände- rung zum Vorjahr in % | M10: Anzahl | N10: VJM | O10: Anteil der Personen- gruppe an Insgesamt in % | P10: Verände- rung zum Vorjahr in % | Q10: Gesamt | R10: Anteil an Frauen und Männer insgesamt in % | S10: Anzahl | T10: VJM | U10: Anteil der Personen- gruppe an Insgesamt in % | V10: Verände- rung zum Vorjahr in % | W10: Anzahl | X10: VJM | Y10: Anteil der Personen- gruppe an Insgesamt in % | Z10: Verände- rung zum Vorjahr in % | AA10: Gesamt | AB10: Anteil an Frauen und Männer insgesamt in % | AC10: Anzahl | AD10: VJM | AE10: Anteil der Personen- gruppe an Insgesamt in % | AF10: Verände- rung zum Vorjahr in % | AH10: Anteil der Personen- gruppe an Insgesamt in % | AI10: Verände- rung zum Vorjahr in % | AJ10: Anteil an Frauen und Männer insgesamt in % | AK10: Anteil der Personen- gruppe an Insgesamt in % | AL10: Verände- rung zum Vorjahr in % | AM10: Anteil der Personen- gruppe an Insgesamt in % | AN10: Verände- rung zum Vorjahr in % | AO10: Anteil an Frauen und Männer insgesamt in % | AP10: Anteil der Personen- gruppe an Insgesamt in % | AQ10: Verände- rung zum Vorjahr in % | AR10: Anteil der Personen- gruppe an Insgesamt in % | AS10: Verände- rung zum Vorjahr in % | AT10: Anteil an Frauen und Männer insgesamt in % | AU10: Anteil der Personen- gruppe an Insgesamt in % | AV10: Verände- rung zum Vorjahr in %
C11: 1 | D11: 0 | E11: 2 | F11: 3 | G11: 0 | H11: 4 | I11: 5 | J11: 0 | K11: 6 | L11: 7 | AH11: 2 | AI11: 3 | AJ11: 4 | AK11: 6 | AL11: 7
C12: 1 | D12: 2 | E12: 3 | F12: 4 | G12: 5 | H12: 6 | I12: 7 | J12: 8 | K12: 9 | L12: 10 | M12: 1 | N12: 2 | O12: 3 | P12: 4 | Q12: 5 | R12: 6 | S12: 7 | T12: 8 | U12: 9 | V12: 10 | W12: 1 | X12: 2 | Y12: 3 | Z12: 4 | AA12: 5 | AB12: 6 | AC12: 7 | AD12: 8 | AE12: 9 | AF12: 10 | AH12: 3 | AI12: 4 | AJ12: 6 | AK12: 9 | AL12: 10 | AM12: 3 | AN12: 4 | AO12: 6 | AP12: 9 | AQ12: 10 | AR12: 3 | AS12: 4 | AT12: 6 | AU12: 9 | AV12: 10
C13: 1Insgesamt | D13: 2Insgesamt | G13: 5Insgesamt | I13: 7Insgesamt | J13: 8Insgesamt | M13: 1SGB III | N13: 2SGB III | Q13: 5SGB III | S13: 7SGB III | T13: 8SGB III | W13: 1SGB II | X13: 2SGB II | AA13: 5SGB II | AC13: 7SGB II | AD13: 8SGB II | AH13: 3Insgesamt | AI13: 4Insgesamt | AJ13: 6Insgesamt | AK13: 9Insgesamt | AL13: 10Insgesamt | AM13: 3SGB III | AN13: 4SGB III | AO13: 6SGB III | AP13: 9SGB III | AQ13: 10SGB III | AR13: 3SGB II | AS13: 4SGB II | AT13: 6SGB II | AU13: 9SGB II | AV13: 10SGB II
B14: ID für Auswahl | C14: Insgesamt | M14: SGB III | W14: SGB II
C15: 3157 | D15: 2975 | G15: 6721 | I15: 3564 | J15: 3472 | M15: 1462 | N15: 1325 | Q15: 3327 | S15: 1865 | T15: 1763 | W15: 1695 | X15: 1650 | AA15: 3394 | AC15: 1699 | AD15: 1709 | AH15: X | AI15: 6.1176471 | AJ15: 46.972177 | AK15: X | AL15: 2.6497696 | AM15: X | AN15: 10.339623 | AO15: 43.943493 | AP15: X | AQ15: 5.7855927 | AR15: X | AS15: 2.7272727 | AT15: 49.941072 | AU15: X | AV15: -0.58513751
C16: 2118 | D16: 2013 | G16: 4586 | I16: 2468 | J16: 2386 | M16: 903 | N16: 830 | Q16: 2135 | S16: 1232 | T16: 1134 | W16: 1215 | X16: 1183 | AA16: 2451 | AC16: 1236 | AD16: 1252 | AH16: 100 | AI16: 5.2160954 | AJ16: 46.184038 | AK16: 100 | AL16: 3.4367142 | AM16: 100 | AN16: 8.7951807 | AO16: 42.295082 | AP16: 100 | AQ16: 8.6419753 | AR16: 100 | AS16: 2.7049873 | AT16: 49.571603 | AU16: 100 | AV16: -1.2779553
C17: 1215 | D17: 0 | G17: 2451 | I17: 1236 | J17: 0 | M17: 0 | N17: 0 | Q17: 0 | S17: 0 | T17: 0 | W17: 1215 | X17: 0 | AA17: 2451 | AC17: 1236 | AD17: 0
C18: 243 | D18: 244 | G18: 560 | I18: 317 | J18: 353 | M18: 118 | N18: 101 | Q18: 296 | S18: 178 | T18: 172 | W18: 125 | X18: 143 | AA18: 264 | AC18: 139 | AD18: 181 | AH18: 11.473088 | AI18: -0.40983607 | AJ18: 43.392857 | AK18: 12.844408 | AL18: -10.1983 | AM18: 13.067553 | AN18: 16.831683 | AO18: 39.864865 | AP18: 14.448052 | AQ18: 3.4883721 | AR18: 10.288066 | AS18: -12.587413 | AT18: 47.348485 | AU18: 11.245955 | AV18: -23.20442
C19: 464 | D19: 437 | G19: 1044 | I19: 580 | J19: 595 | M19: 201 | N19: 190 | Q19: 482 | S19: 281 | T19: 302 | W19: 263 | X19: 247 | AA19: 562 | AC19: 299 | AD19: 293 | AH19: 21.90746 | AI19: 6.1784897 | AJ19: 44.444444 | AK19: 23.50081 | AL19: -2.5210084 | AM19: 22.259136 | AN19: 5.7894737 | AO19: 41.701245 | AP19: 22.808442 | AQ19: -6.9536424 | AR19: 21.646091 | AS19: 6.4777328 | AT19: 46.797153 | AU19: 24.190939 | AV19: 2.0477816
C20: 537 | D20: 518 | G20: 1146 | I20: 609 | J20: 563 | M20: 178 | N20: 159 | Q20: 439 | S20: 261 | T20: 232 | W20: 359 | X20: 359 | AA20: 707 | AC20: 348 | AD20: 331 | AH20: 25.354108 | AI20: 3.6679537 | AJ20: 46.858639 | AK20: 24.675851 | AL20: 8.1705151 | AM20: 19.712071 | AN20: 11.949686 | AO20: 40.546697 | AP20: 21.185065 | AQ20: 12.5 | AR20: 29.547325 | AS20: 0 | AT20: 50.777935 | AU20: 28.15534 | AV20: 5.1359517
C21: 355 | D21: 356 | G21: 751 | I21: 396 | J21: 364 | M21: 133 | N21: 141 | Q21: 305 | S21: 172 | T21: 146 | W21: 222 | X21: 215 | AA21: 446 | AC21: 224 | AD21: 218 | AH21: 16.761095 | AI21: -0.28089888 | AJ21: 47.270306 | AK21: 16.045381 | AL21: 8.7912088 | AM21: 14.728682 | AN21: -5.6737589 | AO21: 43.606557 | AP21: 13.961039 | AQ21: 17.808219 | AR21: 18.271605 | AS21: 3.255814 | AT21: 49.775785 | AU21: 18.122977 | AV21: 2.7522936
C22: 519 | D22: 458 | G22: 1085 | I22: 566 | J22: 511 | M22: 273 | N22: 239 | Q22: 613 | S22: 340 | T22: 282 | W22: 246 | X22: 219 | AA22: 472 | AC22: 226 | AD22: 229 | AH22: 24.504249 | AI22: 13.318777 | AJ22: 47.834101 | AK22: 22.933549 | AL22: 10.763209 | AM22: 30.232558 | AN22: 14.225941 | AO22: 44.535073 | AP22: 27.597403 | AQ22: 20.567376 | AR22: 20.246914 | AS22: 12.328767 | AT22: 52.118644 | AU22: 18.28479 | AV22: -1.3100437
C23: 962 | D23: 960 | G23: 1946 | I23: 984 | J23: 1035 | M23: 244 | N23: 230 | Q23: 600 | S23: 356 | T23: 353 | W23: 718 | X23: 730 | AA23: 1346 | AC23: 628 | AD23: 682 | AH23: 45.420208 | AI23: 0.20833333 | AJ23: 49.434738 | AK23: 39.87034 | AL23: -4.9275362 | AM23: 27.021041 | AN23: 6.0869565 | AO23: 40.666667 | AP23: 28.896104 | AQ23: 0.84985836 | AR23: 59.09465 | AS23: -1.6438356 | AT23: 53.343239 | AU23: 50.809061 | AV23: -7.9178886
C24: 65 | D24: 54 | G24: 174 | I24: 109 | J24: 98 | M24: 41 | N24: 38 | Q24: 112 | S24: 71 | T24: 66 | W24: 24 | X24: 16 | AA24: 62 | AC24: 38 | AD24: 32 | AH24: 3.068933 | AI24: 20.37037 | AJ24: 37.356322 | AK24: 4.4165316 | AL24: 11.22449 | AM24: 4.5404208 | AN24: 7.8947368 | AO24: 36.607143 | AP24: 5.762987 | AQ24: 7.5757576 | AR24: 1.9753086 | AS24: 50 | AT24: 38.709677 | AU24: 3.0744337 | AV24: 18.75
B25: 0 | C25: X | D25: 20 | G25: 24 | I25: X | J25: * | M25: 22 | N25: 20 | Q25: 24 | S25: * | T25: * | W25: X | X25: 0 | AA25: 0 | AC25: X | AD25: 0 | AH25: X | AI25: X | AJ25: X | AK25: X | AL25: X | AM25: 2.4363234 | AN25: 10 | AO25: X | AP25: X | AQ25: X | AR25: X | AS25: X | AT25: X | AU25: X | AV25: X
B26: 0 | C26: X | D26: 390 | G26: 40 | I26: X | J26: 27 | M26: 34 | N26: 31 | Q26: 40 | S26: 6 | T26: * | W26: X | X26: 359 | AA26: 0 | AC26: X | AD26: * | AH26: X | AI26: X | AJ26: X | AK26: X | AL26: X | AM26: 3.765227 | AN26: 9.6774194 | AO26: 85 | AP26: 0.48701299 | AQ26: X | AR26: X | AS26: X | AT26: X | AU26: X | AV26: X
B27: 0 | C27: X | D27: 1022 | G27: 1008 | I27: X | J27: 1112 | M27: 433 | N27: 439 | Q27: 1008 | S27: 575 | T27: 560 | W27: X | X27: 583 | AA27: 0 | AC27: X | AD27: 552 | AH27: X | AI27: X | AJ27: X | AK27: X | AL27: X | AM27: 47.951274 | AN27: -1.3667426 | AO27: 42.956349 | AP27: 46.672078 | AQ27: 2.6785714 | AR27: X | AS27: X | AT27: X | AU27: X | AV27: X
B28: 0 | C28: X | D28: 1268 | G28: 2632 | I28: X | J28: 1302 | M28: 133 | N28: 88 | Q28: 181 | S28: 48 | T28: * | W28: X | X28: 1180 | AA28: 2451 | AC28: X | AD28: * | AH28: X | AI28: X | AJ28: X | AK28: X | AL28: X | AM28: 14.728682 | AN28: 51.136364 | AO28: 73.480663 | AP28: 3.8961039 | AQ28: X | AR28: X | AS28: X | AT28: X | AU28: X | AV28: X
B29: 0 | C29: X | D29: 256 | G29: 340 | I29: X | J29: 31 | M29: 300 | N29: 256 | Q29: 340 | S29: 40 | T29: * | W29: X | X29: 0 | AA29: 0 | AC29: X | AD29: * | AH29: X | AI29: X | AJ29: X | AK29: X | AL29: X | AM29: 33.222591 | AN29: 17.1875 | AO29: 88.235294 | AP29: 3.2467532 | AQ29: X | AR29: X | AS29: X | AT29: X | AU29: X | AV29: X
C30: 838 | D30: 725 | G30: 1720 | I30: 882 | J30: 811 | M30: 100 | N30: 80 | Q30: 204 | S30: 104 | T30: 88 | W30: 738 | X30: 645 | AA30: 1516 | AC30: 778 | AD30: 723 | AH30: 39.565628 | AI30: 15.586207 | AJ30: 48.72093 | AK30: 35.737439 | AL30: 8.7546239 | AM30: 11.074197 | AN30: 25 | AO30: 49.019608 | AP30: 8.4415584 | AQ30: 18.181818 | AR30: 60.740741 | AS30: 14.418605 | AT30: 48.680739 | AU30: 62.944984 | AV30: 7.6071923
B31: 0 | C31: X | D31: 924 | G31: 630 | I31: X | J31: 947 | M31: 315 | N31: 299 | Q31: 630 | S31: 315 | T31: 356 | W31: X | X31: 625 | AA31: 0 | AC31: X | AD31: 591 | AH31: X | AI31: X | AJ31: X | AK31: X | AL31: X | AM31: 34.883721 | AN31: X | AO31: 50 | AP31: 25.568182 | AQ31: X | AR31: X | AS31: X | AT31: X | AU31: X | AV31: X
B32: 0 | C32: X | D32: 598 | G32: 919 | I32: X | J32: 768 | M32: 395 | N32: 351 | Q32: 919 | S32: 524 | T32: 451 | W32: X | X32: 247 | AA32: 0 | AC32: X | AD32: 317 | AH32: X | AI32: X | AJ32: X | AK32: X | AL32: X | AM32: 43.743079 | AN32: X | AO32: 42.981502 | AP32: 42.532468 | AQ32: X | AR32: X | AS32: X | AT32: X | AU32: X | AV32: X
B33: 0 | C33: X | D33: 184 | G33: 474 | I33: X | J33: 301 | M33: 139 | N33: 124 | Q33: 474 | S33: 335 | T33: 252 | W33: X | X33: 60 | AA33: 0 | AC33: X | AD33: 49 | AH33: X | AI33: X | AJ33: X | AK33: X | AL33: X | AM33: 15.393134 | AN33: 12.096774 | AO33: 29.324895 | AP33: 27.191558 | AQ33: 32.936508 | AR33: X | AS33: X | AT33: X | AU33: X | AV33: X
B34: 0 | C34: X | D34: 307 | G34: 2563 | I34: X | J34: 370 | M34: 54 | N34: 56 | Q34: 112 | S34: 58 | T34: 75 | W34: X | X34: 251 | AA34: 2451 | AC34: X | AD34: 295 | AH34: X | AI34: X | AJ34: X | AK34: X | AL34: X | AM34: 5.9800664 | AN34: -3.5714286 | AO34: 48.214286 | AP34: 4.7077922 | AQ34: -22.666667 | AR34: X | AS34: X | AT34: X | AU34: X | AV34: X
B35: 0 | C35: X | D35: 224 | G35: 640 | I35: X | J35: 640 | M35: 153 | N35: 161 | Q35: 640 | S35: 487 | T35: 424 | W35: X | X35: 63 | AA35: 0 | AC35: X | AD35: 216 | AH35: X | AI35: X | AJ35: X | AK35: X | AL35: X | AM35: 16.943522 | AN35: -4.9689441 | AO35: 23.90625 | AP35: 39.529221 | AQ35: 14.858491 | AR35: X | AS35: X | AT35: X | AU35: X | AV35: X
B36: 0 | C36: X | D36: 407 | G36: 845 | I36: X | J36: 1098 | M36: 234 | N36: 267 | Q36: 845 | S36: 611 | T36: 583 | W36: X | X36: 140 | AA36: 0 | AC36: X | AD36: 515 | AH36: X | AI36: X | AJ36: X | AK36: X | AL36: X | AM36: 25.913621 | AN36: -12.359551 | AO36: 27.692308 | AP36: 49.594156 | AQ36: 4.8027444 | AR36: X | AS36: X | AT36: X | AU36: X | AV36: X
B37: 0 | C37: X | D37: 459 | G37: 244 | I37: X | J37: 184 | M37: 188 | N37: 131 | Q37: 244 | S37: 56 | T37: 50 | W37: X | X37: 328 | AA37: 0 | AC37: X | AD37: 134 | AH37: X | AI37: X | AJ37: X | AK37: X | AL37: X | AM37: 20.819491 | AN37: 43.51145 | AO37: 77.04918 | AP37: 4.5454545 | AQ37: 12 | AR37: X | AS37: X | AT37: X | AU37: X | AV37: X
B38: 0 | C38: X | D38: 517 | G38: 504 | I38: X | J38: 209 | M38: 307 | N38: 272 | Q38: 504 | S38: 197 | T38: 150 | W38: X | X38: 245 | AA38: 0 | AC38: X | AD38: 59 | AH38: X | AI38: X | AJ38: X | AK38: X | AL38: X | AM38: 33.997785 | AN38: 12.867647 | AO38: 60.912698 | AP38: 15.99026 | AQ38: 31.333333 | AR38: X | AS38: X | AT38: X | AU38: X | AV38: X
B39: 0 | C39: X | D39: 22 | G39: 70 | I39: X | J39: 58 | M39: 17 | N39: 17 | Q39: 70 | S39: 53 | T39: 42 | W39: X | X39: 5 | AA39: 0 | AC39: X | AD39: 16 | AH39: X | AI39: X | AJ39: X | AK39: X | AL39: X | AM39: 1.8826135 | AN39: 0 | AO39: 24.285714 | AP39: 4.3019481 | AQ39: 26.190476 | AR39: X | AS39: X | AT39: X | AU39: X | AV39: X
B40: 0 | C40: X | D40: 301 | G40: 360 | I40: X | J40: 467 | M40: 103 | N40: 87 | Q40: 360 | S40: 257 | T40: 234 | W40: X | X40: 214 | AA40: 0 | AC40: X | AD40: 233 | AH40: X | AI40: X | AJ40: X | AK40: X | AL40: X | AM40: 11.406423 | AN40: 18.390805 | AO40: 28.611111 | AP40: 20.86039 | AQ40: 9.8290598 | AR40: X | AS40: X | AT40: X | AU40: X | AV40: X
B41: 0 | C41: X | D41: 307 | G41: 2563 | I41: X | J41: 370 | M41: 54 | N41: 56 | Q41: 112 | S41: 58 | T41: 75 | W41: X | X41: 251 | AA41: 2451 | AC41: X | AD41: 295 | AH41: X | AI41: X | AJ41: X | AK41: X | AL41: X | AM41: 5.9800664 | AN41: -3.5714286 | AO41: 48.214286 | AP41: 4.7077922 | AQ41: -22.666667 | AR41: X | AS41: X | AT41: X | AU41: X | AV41: X
C48: 5.5 | D48: 5.2 | G48: X | I48: 5.4 | J48: 5.2 | M48: 2.3 | N48: 2.2 | Q48: X | S48: 2.7 | T48: 2.5 | W48: 3.1 | X48: 3.1 | AA48: X | AC48: 2.7 | AD48: 2.7 | AH48: X | AI48: 0.3 | AJ48: X | AK48: X | AL48: 0.2 | AM48: X | AN48: 0.1 | AO48: X | AP48: X | AQ48: 0.2 | AR48: X | AS48: 0 | AT48: X | AU48: X | AV48: 0
B51: DiaDatRoh | H51: DiaDatRohDS
E54: Frauen | F54: Männer | J54: Frauen | K54: Männer
A55: 0 | B55: X | C55: Insgesamt | D55: XInsgesamt | E55: 1215 | F55: 1236 | H55: insg | I55: XInsgesamt | J55: 1215 | K55: 1236
A56: 0 | B56: S1 | C56: Insgesamt | D56: S1Insgesamt | E56: 234 | F56: 611 | I56: S1Insgesamt | J56: 234 | K56: 611
A57: 0 | B57: S2 | C57: Insgesamt | D57: S2Insgesamt | E57: 188 | F57: 56 | I57: S2Insgesamt | J57: 188 | K57: 56
A58: 0 | B58: S3 | C58: Insgesamt | D58: S3Insgesamt | E58: 307 | F58: 197 | I58: S3Insgesamt | J58: 307 | K58: 197
A59: 0 | B59: S4 | C59: Insgesamt | D59: S4Insgesamt | E59: 17 | F59: 53 | I59: S4Insgesamt | J59: 17 | K59: 53
A60: 0 | B60: S5 | C60: Insgesamt | D60: S5Insgesamt | E60: 103 | F60: 257 | I60: S5Insgesamt | J60: 103 | K60: 257
A61: 0 | B61: X | C61: SGB III | D61: XSGB III | E61: 0 | F61: 0 | H61: III | I61: XSGB III | J61: 0 | K61: 0
A62: 0 | B62: S1 | C62: SGB III | D62: S1SGB III | E62: 234 | F62: 611 | I62: S1SGB III | J62: 234 | K62: 611
A63: 0 | B63: S2 | C63: SGB III | D63: S2SGB III | E63: 188 | F63: 56 | I63: S2SGB III | J63: 188 | K63: 56
A64: 0 | B64: S3 | C64: SGB III | D64: S3SGB III | E64: 307 | F64: 197 | I64: S3SGB III | J64: 307 | K64: 197
A65: 0 | B65: S4 | C65: SGB III | D65: S4SGB III | E65: 17 | F65: 53 | I65: S4SGB III | J65: 17 | K65: 53
A66: 0 | B66: S5 | C66: SGB III | D66: S5SGB III | E66: 103 | F66: 257 | I66: S5SGB III | J66: 103 | K66: 257
A67: 0 | B67: X | C67: SGB II | D67: XSGB II | E67: 1215 | F67: 1236 | H67: II | I67: XSGB II | J67: 1215 | K67: 1236
A68: 0 | B68: S1 | C68: SGB II | D68: S1SGB II | E68: 0 | F68: 0 | I68: S1SGB II | J68: 0 | K68: 0
A69: 0 | B69: S2 | C69: SGB II | D69: S2SGB II | E69: 0 | F69: 0 | I69: S2SGB II | J69: 0 | K69: 0
A70: 0 | B70: S3 | C70: SGB II | D70: S3SGB II | E70: 0 | F70: 0 | I70: S3SGB II | J70: 0 | K70: 0
A71: 0 | B71: S4 | C71: SGB II | D71: S4SGB II | E71: 0 | F71: 0 | I71: S4SGB II | J71: 0 | K71: 0
A72: 0 | B72: S5 | C72: SGB II | D72: S5SGB II | E72: 0 | F72: 0 | I72: S5SGB II | J72: 0 | K72: 0
B76: Tab/Ausw | C76: Frauen | D76: Frauen | E76: Frauen | F76: Frauen | G76: Männer | H76: Männer | I76: Männer
C77: Zugang/ Abgang | D77: Anteil der Merkmals- gruppe an Insgesamt in % | E77: Verände- rung zum Vorjahr in % | F77: Anteil an allen Personen in % | G77: Zugang/ Abgang | H77: Anteil der Merkmals- gruppe an Insgesamt in % | I77: Verände- rung zum Vorjahr in %
C78: 1 | D78: 2 | E78: 3 | F78: 4 | G78: 5 | H78: 6 | I78: 7
B79: =Auswahl!$A$2 -> Insgesamt | C79: 1 | D79: 3 | E79: 4 | F79: 6 | G79: 7 | H79: 9 | I79: 10 | J79: Spalte in der Tabelle Tab/DS für Insgesamt
C80: =MATCH(C79&$B$79,$C$13:$AV$13,0) -> 1 | D80: =MATCH(D79&$B$79,$C$13:$AV$13,0) -> 32 | E80: =MATCH(E79&$B$79,$C$13:$AV$13,0) -> 33 | F80: =MATCH(F79&$B$79,$C$13:$AV$13,0) -> 34 | G80: =MATCH(G79&$B$79,$C$13:$AV$13,0) -> 7 | H80: =MATCH(H79&$B$79,$C$13:$AV$13,0) -> 35 | I80: =MATCH(I79&$B$79,$C$13:$AV$13,0) -> 36 | J80: ID
A81: 1 | B81: Insgesamt | C81: =INDEX($C$15:$AV$41,$A81,C$80) -> 3157 | D81: =INDEX($C$15:$AV$41,$A81,D$80) -> X | E81: =INDEX($C$15:$AV$41,$A81,E$80) -> 6.1176471 | F81: =INDEX($C$15:$AV$41,$A81,F$80) -> 46.972177 | G81: =INDEX($C$15:$AV$41,$A81,G$80) -> 3564 | H81: =INDEX($C$15:$AV$41,$A81,H$80) -> X | I81: =INDEX($C$15:$AV$41,$A81,I$80) -> 2.6497696
A82: 2 | B82: Insgesamt | C82: =INDEX($C$15:$AV$41,$A82,C$80) -> 2118 | D82: =INDEX($C$15:$AV$41,$A82,D$80) -> 100 | E82: =INDEX($C$15:$AV$41,$A82,E$80) -> 5.2160954 | F82: =INDEX($C$15:$AV$41,$A82,F$80) -> 46.184038 | G82: =INDEX($C$15:$AV$41,$A82,G$80) -> 2468 | H82: =INDEX($C$15:$AV$41,$A82,H$80) -> 100 | I82: =INDEX($C$15:$AV$41,$A82,I$80) -> 3.4367142
A83: 4 | B83: 15 bis unter 25 Jahre | C83: =INDEX($C$15:$AV$41,$A83,C$80) -> 243 | D83: =INDEX($C$15:$AV$41,$A83,D$80) -> 11.473088 | E83: =INDEX($C$15:$AV$41,$A83,E$80) -> -0.40983607 | F83: =INDEX($C$15:$AV$41,$A83,F$80) -> 43.392857 | G83: =INDEX($C$15:$AV$41,$A83,G$80) -> 317 | H83: =INDEX($C$15:$AV$41,$A83,H$80) -> 12.844408 | I83: =INDEX($C$15:$AV$41,$A83,I$80) -> -10.1983
A84: 5 | B84: 25 bis unter 35 Jahre | C84: =INDEX($C$15:$AV$41,$A84,C$80) -> 464 | D84: =INDEX($C$15:$AV$41,$A84,D$80) -> 21.90746 | E84: =INDEX($C$15:$AV$41,$A84,E$80) -> 6.1784897 | F84: =INDEX($C$15:$AV$41,$A84,F$80) -> 44.444444 | G84: =INDEX($C$15:$AV$41,$A84,G$80) -> 580 | H84: =INDEX($C$15:$AV$41,$A84,H$80) -> 23.50081 | I84: =INDEX($C$15:$AV$41,$A84,I$80) -> -2.5210084
A85: 6 | B85: 35 bis unter 45 Jahre | C85: =INDEX($C$15:$AV$41,$A85,C$80) -> 537 | D85: =INDEX($C$15:$AV$41,$A85,D$80) -> 25.354108 | E85: =INDEX($C$15:$AV$41,$A85,E$80) -> 3.6679537 | F85: =INDEX($C$15:$AV$41,$A85,F$80) -> 46.858639 | G85: =INDEX($C$15:$AV$41,$A85,G$80) -> 609 | H85: =INDEX($C$15:$AV$41,$A85,H$80) -> 24.675851 | I85: =INDEX($C$15:$AV$41,$A85,I$80) -> 8.1705151
A86: 7 | B86: 45 bis unter 55 Jahre | C86: =INDEX($C$15:$AV$41,$A86,C$80) -> 355 | D86: =INDEX($C$15:$AV$41,$A86,D$80) -> 16.761095 | E86: =INDEX($C$15:$AV$41,$A86,E$80) -> -0.28089888 | F86: =INDEX($C$15:$AV$41,$A86,F$80) -> 47.270306 | G86: =INDEX($C$15:$AV$41,$A86,G$80) -> 396 | H86: =INDEX($C$15:$AV$41,$A86,H$80) -> 16.045381 | I86: =INDEX($C$15:$AV$41,$A86,I$80) -> 8.7912088
A87: 8 | B87: 55 Jahre und älter | C87: =INDEX($C$15:$AV$41,$A87,C$80) -> 519 | D87: =INDEX($C$15:$AV$41,$A87,D$80) -> 24.504249 | E87: =INDEX($C$15:$AV$41,$A87,E$80) -> 13.318777 | F87: =INDEX($C$15:$AV$41,$A87,F$80) -> 47.834101 | G87: =INDEX($C$15:$AV$41,$A87,G$80) -> 566 | H87: =INDEX($C$15:$AV$41,$A87,H$80) -> 22.933549 | I87: =INDEX($C$15:$AV$41,$A87,I$80) -> 10.763209
A88: 16 | B88: Langzeitarbeitslose | C88: =INDEX($C$15:$AV$41,$A88,C$80) -> 838 | D88: =INDEX($C$15:$AV$41,$A88,D$80) -> 39.565628 | E88: =INDEX($C$15:$AV$41,$A88,E$80) -> 15.586207 | F88: =INDEX($C$15:$AV$41,$A88,F$80) -> 48.72093 | G88: =INDEX($C$15:$AV$41,$A88,G$80) -> 882 | H88: =INDEX($C$15:$AV$41,$A88,H$80) -> 35.737439 | I88: =INDEX($C$15:$AV$41,$A88,I$80) -> 8.7546239
A89: 12 | B89: Alleinerziehende | C89: =INDEX($C$15:$AV$41,$A89,C$80) -> X | D89: =INDEX($C$15:$AV$41,$A89,D$80) -> X | E89: =INDEX($C$15:$AV$41,$A89,E$80) -> X | F89: =INDEX($C$15:$AV$41,$A89,F$80) -> X | G89: =INDEX($C$15:$AV$41,$A89,G$80) -> X | H89: =INDEX($C$15:$AV$41,$A89,H$80) -> X | I89: =INDEX($C$15:$AV$41,$A89,I$80) -> X
A90: 10 | B90: Schwerbeheinderte Menschen | C90: =INDEX($C$15:$AV$41,$A90,C$80) -> 65 | D90: =INDEX($C$15:$AV$41,$A90,D$80) -> 3.068933 | E90: =INDEX($C$15:$AV$41,$A90,E$80) -> 20.37037 | F90: =INDEX($C$15:$AV$41,$A90,F$80) -> 37.356322 | G90: =INDEX($C$15:$AV$41,$A90,G$80) -> 109 | H90: =INDEX($C$15:$AV$41,$A90,H$80) -> 4.4165316 | I90: =INDEX($C$15:$AV$41,$A90,I$80) -> 11.22449
A91: 11 | B91: Berufsrückkehrende | C91: =INDEX($C$15:$AV$41,$A91,C$80) -> X | D91: =INDEX($C$15:$AV$41,$A91,D$80) -> X | E91: =INDEX($C$15:$AV$41,$A91,E$80) -> X | F91: =INDEX($C$15:$AV$41,$A91,F$80) -> X | G91: =INDEX($C$15:$AV$41,$A91,G$80) -> X | H91: =INDEX($C$15:$AV$41,$A91,H$80) -> X | I91: =INDEX($C$15:$AV$41,$A91,I$80) -> X
A92: 13 | B92: Ohne abgeschlossene Berufsausbildung | C92: =INDEX($C$15:$AV$41,$A92,C$80) -> X | D92: =INDEX($C$15:$AV$41,$A92,D$80) -> X | E92: =INDEX($C$15:$AV$41,$A92,E$80) -> X | F92: =INDEX($C$15:$AV$41,$A92,F$80) -> X | G92: =INDEX($C$15:$AV$41,$A92,G$80) -> X | H92: =INDEX($C$15:$AV$41,$A92,H$80) -> X | I92: =INDEX($C$15:$AV$41,$A92,I$80) -> X
... A103: 21 | B103: MINT-Berufe | C103: =INDEX($C$15:$AV$41,$A103,C$80) -> X | D103: =INDEX($C$15:$AV$41,$A103,D$80) -> X | E103: =INDEX($C$15:$AV$41,$A103,E$80) -> X | F103: =INDEX($C$15:$AV$41,$A103,F$80) -> X | G103: =INDEX($C$15:$AV$41,$A103,G$80) -> X | H103: =INDEX($C$15:$AV$41,$A103,H$80) -> X | I103: =INDEX($C$15:$AV$41,$A103,I$80) -> X
A104: 1 | B104: Arbeitslosenquote | C104: =INDEX($C$48:$AU$48,$A104,C$80) -> 5.5 | D104: =INDEX($C$48:$AU$48,$A104,D$80) -> X | E104: =INDEX($C$48:$AU$48,$A104,E$80) -> 0.3 | F104: =INDEX($C$48:$AU$48,$A104,F$80) -> X | G104: =INDEX($C$48:$AU$48,$A104,G$80) -> 5.4 | H104: =INDEX($C$48:$AU$48,$A104,H$80) -> X | I104: =INDEX($C$48:$AV$48,$A104,I$80) -> 0.2
A106: 22 | B106: S1 | C106: =INDEX($C$15:$AV$41,$A106,C$80) -> X | D106: =INDEX($C$15:$AV$41,$A106,D$80) -> X | E106: =INDEX($C$15:$AV$41,$A106,E$80) -> X | F106: =INDEX($C$15:$AV$41,$A106,F$80) -> X | G106: =INDEX($C$15:$AV$41,$A106,G$80) -> X | H106: =INDEX($C$15:$AV$41,$A106,H$80) -> X | I106: =INDEX($C$15:$AV$41,$A106,I$80) -> X
A107: 23 | B107: S2 | C107: =INDEX($C$15:$AV$41,$A107,C$80) -> X | D107: =INDEX($C$15:$AV$41,$A107,D$80) -> X | E107: =INDEX($C$15:$AV$41,$A107,E$80) -> X | F107: =INDEX($C$15:$AV$41,$A107,F$80) -> X | G107: =INDEX($C$15:$AV$41,$A107,G$80) -> X | H107: =INDEX($C$15:$AV$41,$A107,H$80) -> X | I107: =INDEX($C$15:$AV$41,$A107,I$80) -> X
A108: 24 | B108: S3 | C108: =INDEX($C$15:$AV$41,$A108,C$80) -> X | D108: =INDEX($C$15:$AV$41,$A108,D$80) -> X | E108: =INDEX($C$15:$AV$41,$A108,E$80) -> X | F108: =INDEX($C$15:$AV$41,$A108,F$80) -> X | G108: =INDEX($C$15:$AV$41,$A108,G$80) -> X | H108: =INDEX($C$15:$AV$41,$A108,H$80) -> X | I108: =INDEX($C$15:$AV$41,$A108,I$80) -> X
A109: 25 | B109: S4 | C109: =INDEX($C$15:$AV$41,$A109,C$80) -> X | D109: =INDEX($C$15:$AV$41,$A109,D$80) -> X | E109: =INDEX($C$15:$AV$41,$A109,E$80) -> X | F109: =INDEX($C$15:$AV$41,$A109,F$80) -> X | G109: =INDEX($C$15:$AV$41,$A109,G$80) -> X | H109: =INDEX($C$15:$AV$41,$A109,H$80) -> X | I109: =INDEX($C$15:$AV$41,$A109,I$80) -> X
A110: 26 | B110: S5 | C110: =INDEX($C$15:$AV$41,$A110,C$80) -> X | D110: =INDEX($C$15:$AV$41,$A110,D$80) -> X | E110: =INDEX($C$15:$AV$41,$A110,E$80) -> X | F110: =INDEX($C$15:$AV$41,$A110,F$80) -> X | G110: =INDEX($C$15:$AV$41,$A110,G$80) -> X | H110: =INDEX($C$15:$AV$41,$A110,H$80) -> X | I110: =INDEX($C$15:$AV$41,$A110,I$80) -> X
A111: 27 | B111: kA_SX | C111: =INDEX($C$15:$AV$41,$A111,C$80) -> X | D111: =INDEX($C$15:$AV$41,$A111,D$80) -> X | E111: =INDEX($C$15:$AV$41,$A111,E$80) -> X | F111: =INDEX($C$15:$AV$41,$A111,F$80) -> X | G111: =INDEX($C$15:$AV$41,$A111,G$80) -> X | H111: =INDEX($C$15:$AV$41,$A111,H$80) -> X | I111: =INDEX($C$15:$AV$41,$A111,I$80) -> X
B114: DiaDat
E115: 2 | F115: 3
E116: Frauen | F116: Männer
B117: X | D117: =B117&$B$79 -> XInsgesamt | E117: =VLOOKUP($D117,$D$55:$F$72,E$115,0) -> 1215 | F117: =VLOOKUP($D117,$D$55:$F$72,F$115,0) -> 1236
B118: S1 | C118: =$C$8 -> 0 | D118: =B118&$B$79 -> S1Insgesamt | E118: =IF(AND($C118=0,E$117>0),#N/A,VLOOKUP($D118,$D$55:$F$72,E$115,0)) -> #N/A | F118: =IF(AND($C118=0,F$117>0),#N/A,VLOOKUP($D118,$D$55:$F$72,F$115,0)) -> #N/A
B119: S2 | C119: =$C$8 -> 0 | D119: =B119&$B$79 -> S2Insgesamt | E119: =IF(AND($C119=0,E$117>0),#N/A,VLOOKUP($D119,$D$55:$F$72,E$115,0)) -> #N/A | F119: =IF(AND($C119=0,F$117>0),#N/A,VLOOKUP($D119,$D$55:$F$72,F$115,0)) -> #N/A
B120: S3 | C120: =$C$8 -> 0 | D120: =B120&$B$79 -> S3Insgesamt | E120: =IF(AND($C120=0,E$117>0),#N/A,VLOOKUP($D120,$D$55:$F$72,E$115,0)) -> #N/A | F120: =IF(AND($C120=0,F$117>0),#N/A,VLOOKUP($D120,$D$55:$F$72,F$115,0)) -> #N/A
B121: S4 | C121: =$C$8 -> 0 | D121: =B121&$B$79 -> S4Insgesamt | E121: =IF(AND($C121=0,E$117>0),#N/A,VLOOKUP($D121,$D$55:$F$72,E$115,0)) -> #N/A | F121: =IF(AND($C121=0,F$117>0),#N/A,VLOOKUP($D121,$D$55:$F$72,F$115,0)) -> #N/A
B122: S5 | C122: =$C$8 -> 0 | D122: =B122&$B$79 -> S5Insgesamt | E122: =IF(AND($C122=0,E$117>0),#N/A,VLOOKUP($D122,$D$55:$F$72,E$115,0)) -> #N/A | F122: =IF(AND($C122=0,F$117>0),#N/A,VLOOKUP($D122,$D$55:$F$72,F$115,0)) -> #N/A
B125: DiaDS, DatenBeschriftungen
E126: 2 | F126: 3
E127: Frauen | F127: Männer
B128: S1 | C128: =$C$8 -> 0 | D128: =B128&$B$79 -> S1Insgesamt | E128: =IF(AND($C128=0,E$117>0),"","Frauen"&CHAR(10)&TEXT(VLOOKUP($D128,$I$55:$K$72,E$126,0),"###.###")) | F128: =IF(AND($C128=0,F$117>0),"","Männer"&CHAR(10)&TEXT(VLOOKUP($D128,$I$55:$K$72,F$126,0),"###.###")) | G128: Produktionsberufe
B129: S2 | C129: =$C$8 -> 0 | D129: =B129&$B$79 -> S2Insgesamt | E129: =IF(AND($C129=0,E$117>0),"",TEXT(VLOOKUP($D129,$I$55:$K$72,E$126,0),"###.###")) | F129: =IF(AND($C129=0,F$117>0),"",TEXT(VLOOKUP($D129,$I$55:$K$72,F$126,0),"###.###")) | G129: personenbezogene Dienstleistungsberufe
...

Sheet Tab 1.1
A1: Frauen und Männer
A3: =Auswahl!F2 -> 1.1 Bestand an Arbeitsuchenden und Arbeitslosen
A4: ='Tab 1.1_roh'!D4 -> JC Tuttlingen (Gebietsstand: Juli 2026), SGB II-Vergleichstyp Ic
A5: ='Tab 1.1_roh'!D5 -> Juli 2026
A23: Die Arbeitsuchenden setzen sich zusammen aus Arbeitslosen und nichtarbeitslosen Arbeitsuchenden. Als Arbeitslose zählen Personen, die die Arbeitslosenkriterien Beschäftigungslosigkeit, Verfügbarkeit und Arbeitssuche erfüllen und nicht an einer arbeitsmarktpolitischen Maßnahme teilnehmen. Arbeitslosenquoten zeigen die relative Unterauslastung des Arbeitskräfteangebots an, indem sie die (registrierten) Arbeitslosen zu den Erwerbspersonen (EP = Erwerbstätige + Arbeitslose) in Beziehung setzen.
A32: Merkmale | C32: Frauen | G32: Männer
C33: Bestand | D33: Anteil an Merkmals- gruppe in % | E33: Verände- rung zum Vorjahr in %(-punkten) | F33: Anteil Frauen an allen Personen in % | G33: Bestand | H33: Anteil an Merkmals- gruppe in % | I33: Verände- rung zum Vorjahr in %(-punkten)
C34: 1 | D34: 2 | E34: 3 | F34: 4 | G34: 5 | H34: 6 | I34: 7
A35: Arbeitsuchende | C35: ='Tab 1.1_roh'!C81 -> 3157 | D35: ='Tab 1.1_roh'!D81 -> X | E35: ='Tab 1.1_roh'!E81 -> 6.1176471 | F35: ='Tab 1.1_roh'!F81 -> 46.972177 | G35: ='Tab 1.1_roh'!G81 -> 3564 | H35: ='Tab 1.1_roh'!H81 -> X | I35: ='Tab 1.1_roh'!I81 -> 2.6497696
A36: Arbeitslose | C36: ='Tab 1.1_roh'!C82 -> 2118 | D36: ='Tab 1.1_roh'!D82 -> 100 | E36: ='Tab 1.1_roh'!E82 -> 5.2160954 | F36: ='Tab 1.1_roh'!F82 -> 46.184038 | G36: ='Tab 1.1_roh'!G82 -> 2468 | H36: ='Tab 1.1_roh'!H82 -> 100 | I36: ='Tab 1.1_roh'!I82 -> 3.4367142
A37: dav.: | B37: unter 25 Jahre | C37: ='Tab 1.1_roh'!C83 -> 243 | D37: ='Tab 1.1_roh'!D83 -> 11.473088 | E37: ='Tab 1.1_roh'!E83 -> -0.40983607 | F37: ='Tab 1.1_roh'!F83 -> 43.392857 | G37: ='Tab 1.1_roh'!G83 -> 317 | H37: ='Tab 1.1_roh'!H83 -> 12.844408 | I37: ='Tab 1.1_roh'!I83 -> -10.1983
B38: 25 bis unter 35 Jahre | C38: ='Tab 1.1_roh'!C84 -> 464 | D38: ='Tab 1.1_roh'!D84 -> 21.90746 | E38: ='Tab 1.1_roh'!E84 -> 6.1784897 | F38: ='Tab 1.1_roh'!F84 -> 44.444444 | G38: ='Tab 1.1_roh'!G84 -> 580 | H38: ='Tab 1.1_roh'!H84 -> 23.50081 | I38: ='Tab 1.1_roh'!I84 -> -2.5210084
B39: 35 bis unter 45 Jahre | C39: ='Tab 1.1_roh'!C85 -> 537 | D39: ='Tab 1.1_roh'!D85 -> 25.354108 | E39: ='Tab 1.1_roh'!E85 -> 3.6679537 | F39: ='Tab 1.1_roh'!F85 -> 46.858639 | G39: ='Tab 1.1_roh'!G85 -> 609 | H39: ='Tab 1.1_roh'!H85 -> 24.675851 | I39: ='Tab 1.1_roh'!I85 -> 8.1705151
B40: 45 bis unter 55 Jahre | C40: ='Tab 1.1_roh'!C86 -> 355 | D40: ='Tab 1.1_roh'!D86 -> 16.761095 | E40: ='Tab 1.1_roh'!E86 -> -0.28089888 | F40: ='Tab 1.1_roh'!F86 -> 47.270306 | G40: ='Tab 1.1_roh'!G86 -> 396 | H40: ='Tab 1.1_roh'!H86 -> 16.045381 | I40: ='Tab 1.1_roh'!I86 -> 8.7912088
B41: 55 Jahre und älter | C41: ='Tab 1.1_roh'!C87 -> 519 | D41: ='Tab 1.1_roh'!D87 -> 24.504249 | E41: ='Tab 1.1_roh'!E87 -> 13.318777 | F41: ='Tab 1.1_roh'!F87 -> 47.834101 | G41: ='Tab 1.1_roh'!G87 -> 566 | H41: ='Tab 1.1_roh'!H87 -> 22.933549 | I41: ='Tab 1.1_roh'!I87 -> 10.763209
A42: dar.: | B42: Langzeitarbeitslose | C42: ='Tab 1.1_roh'!C88 -> 838 | D42: ='Tab 1.1_roh'!D88 -> 39.565628 | E42: ='Tab 1.1_roh'!E88 -> 15.586207 | F42: ='Tab 1.1_roh'!F88 -> 48.72093 | G42: ='Tab 1.1_roh'!G88 -> 882 | H42: ='Tab 1.1_roh'!H88 -> 35.737439 | I42: ='Tab 1.1_roh'!I88 -> 8.7546239
B43: Alleinerziehende | C43: ='Tab 1.1_roh'!C89 -> X | D43: ='Tab 1.1_roh'!D89 -> X | E43: ='Tab 1.1_roh'!E89 -> X | F43: ='Tab 1.1_roh'!F89 -> X | G43: ='Tab 1.1_roh'!G89 -> X | H43: ='Tab 1.1_roh'!H89 -> X | I43: ='Tab 1.1_roh'!I89 -> X
B44: Schwerbehinderte Menschen | C44: ='Tab 1.1_roh'!C90 -> 65 | D44: ='Tab 1.1_roh'!D90 -> 3.068933 | E44: ='Tab 1.1_roh'!E90 -> 20.37037 | F44: ='Tab 1.1_roh'!F90 -> 37.356322 | G44: ='Tab 1.1_roh'!G90 -> 109 | H44: ='Tab 1.1_roh'!H90 -> 4.4165316 | I44: ='Tab 1.1_roh'!I90 -> 11.22449
B45: Berufsrückkehrende | C45: ='Tab 1.1_roh'!C91 -> X | D45: ='Tab 1.1_roh'!D91 -> X | E45: ='Tab 1.1_roh'!E91 -> X | F45: ='Tab 1.1_roh'!F91 -> X | G45: ='Tab 1.1_roh'!G91 -> X | H45: ='Tab 1.1_roh'!H91 -> X | I45: ='Tab 1.1_roh'!I91 -> X
B46: ohne abgeschlossene Berufsausbildung | C46: ='Tab 1.1_roh'!C92 -> X | D46: ='Tab 1.1_roh'!D92 -> X | E46: ='Tab 1.1_roh'!E92 -> X | F46: ='Tab 1.1_roh'!F92 -> X | G46: ='Tab 1.1_roh'!G92 -> X | H46: ='Tab 1.1_roh'!H92 -> X | I46: ='Tab 1.1_roh'!I92 -> X
B47: Ausländer | C47: ='Tab 1.1_roh'!C93 -> 962 | D47: ='Tab 1.1_roh'!D93 -> 45.420208 | E47: ='Tab 1.1_roh'!E93 -> 0.20833333 | F47: ='Tab 1.1_roh'!F93 -> 49.434738 | G47: ='Tab 1.1_roh'!G93 -> 984 | H47: ='Tab 1.1_roh'!H93 -> 39.87034 | I47: ='Tab 1.1_roh'!I93 -> -4.9275362
A48: nach Arbeitszeit 1)
A49: dar.: | B49: Vollzeit oder Teilzeit | C49: ='Tab 1.1_roh'!C95 -> X | D49: ='Tab 1.1_roh'!D95 -> X | E49: ='Tab 1.1_roh'!E95 -> X | F49: ='Tab 1.1_roh'!F95 -> X | G49: ='Tab 1.1_roh'!G95 -> X | H49: ='Tab 1.1_roh'!H95 -> X | I49: ='Tab 1.1_roh'!I95 -> X
B50: Teilzeit | C50: ='Tab 1.1_roh'!C96 -> X | D50: ='Tab 1.1_roh'!D96 -> X | E50: ='Tab 1.1_roh'!E96 -> X | F50: ='Tab 1.1_roh'!F96 -> X | G50: ='Tab 1.1_roh'!G96 -> X | H50: ='Tab 1.1_roh'!H96 -> X | I50: ='Tab 1.1_roh'!I96 -> X
A51: nach Anforderungsniveau
A52: dav.: | B52: Helfer 2) | C52: ='Tab 1.1_roh'!C98 -> X | D52: ='Tab 1.1_roh'!D98 -> X | E52: ='Tab 1.1_roh'!E98 -> X | F52: ='Tab 1.1_roh'!F98 -> X | G52: ='Tab 1.1_roh'!G98 -> X | H52: ='Tab 1.1_roh'!H98 -> X | I52: ='Tab 1.1_roh'!I98 -> X
B53: Fachkraft 2) | C53: ='Tab 1.1_roh'!C99 -> X | D53: ='Tab 1.1_roh'!D99 -> X | E53: ='Tab 1.1_roh'!E99 -> X | F53: ='Tab 1.1_roh'!F99 -> X | G53: ='Tab 1.1_roh'!G99 -> X | H53: ='Tab 1.1_roh'!H99 -> X | I53: ='Tab 1.1_roh'!I99 -> X
B54: Spezialist/Experte | C54: ='Tab 1.1_roh'!C100 -> X | D54: ='Tab 1.1_roh'!D100 -> X | E54: ='Tab 1.1_roh'!E100 -> X | F54: ='Tab 1.1_roh'!F100 -> X | G54: ='Tab 1.1_roh'!G100 -> X | H54: ='Tab 1.1_roh'!H100 -> X | I54: ='Tab 1.1_roh'!I100 -> X
B55: keine Angabe zum Anforderungsniveau | C55: ='Tab 1.1_roh'!C101 -> X | D55: ='Tab 1.1_roh'!D101 -> X | E55: ='Tab 1.1_roh'!E101 -> X | F55: ='Tab 1.1_roh'!F101 -> X | G55: ='Tab 1.1_roh'!G101 -> X | H55: ='Tab 1.1_roh'!H101 -> X | I55: ='Tab 1.1_roh'!I101 -> X
A56: nach ausgewählten Merkmalen der Berufsklassifikation
A57: dar.: | B57: MINT-Berufe 3) | C57: ='Tab 1.1_roh'!C103 -> X | D57: ='Tab 1.1_roh'!D103 -> X | E57: ='Tab 1.1_roh'!E103 -> X | F57: ='Tab 1.1_roh'!F103 -> X | G57: ='Tab 1.1_roh'!G103 -> X | H57: ='Tab 1.1_roh'!H103 -> X | I57: ='Tab 1.1_roh'!I103 -> X
A58: =IF('Tab 1.1_roh'!B79="Insgesamt","Arbeitslosenquote (in %)","Arbeitslosenquote (rechtskreisanteilig, in %)") -> Arbeitslosenquote (in %) | C58: ='Tab 1.1_roh'!C104 -> 5.5 | D58: ='Tab 1.1_roh'!D104 -> X | E58: ='Tab 1.1_roh'!E104 -> 0.3 | F58: ='Tab 1.1_roh'!F104 -> X | G58: ='Tab 1.1_roh'!G104 -> 5.4 | H58: ='Tab 1.1_roh'!H104 -> X | I58: ='Tab 1.1_roh'!I104 -> 0.2
I59: © Statistik der Bundesagentur für Arbeit
A60: =IF('Tab 1.1_roh'!B135<>"","Aufgrund unvollständiger Daten können einige Merkmale nicht ausgewertet werden, da diese nicht geschätzt werden.","") -> Aufgrund unvollständiger Daten können einige Merkmale nicht ausgewertet werden, da diese nicht geschätzt werden.
A61: 1) Angaben zur gewünschten Arbeitszeit sind nicht im Lieferumfang der zugelassenen kommunalen Träger (zkT) an die Bundesagentur für Arbeit enthalten. Daher werden die gemeldeten Arbeitslosen und Arbeitsuchenden bei zkT grundsätzlich der Kategorie „Vollzeit oder Teilzeit“ (Oberkategorie "Vollzeit") zugeordnet.
A62: 2) Ab Januar 2020 gehören einige Berufspositionen nach der KldB 2010 zum Anforderungsniveau „Helfer“, die bisher dem Anforderungsniveau „Fachkraft“ zugeordnet waren. Nähere Informationen finden Sie in der Kurzinfo unter https://statistik.arbeitsagentur.de/DE/Statischer-Content/Statistiken/Fachstatistiken/Arbeitsuche-Arbeitslosigkeit-Unterbeschaeftigung/Generische-Publikationen/Kurzinfo-DKZ-Aenderungen.pdf
A63: 3) Weiterführende Hinweise zu Berufsaggregaten

Sheet Tab 1.2_roh
C1: TabSpalten | AW1: XXX
C2: Hilfsspalten
C3: Überschrift | D3: 1.2 Zugänge in und Abgänge aus Arbeitslosigkeit
C4: Gebiet | D4: JC Tuttlingen (Gebietsstand: Juli 2026), SGB II-Vergleichstyp Ic
C5: BM | D5: Juli 2026
C7: JC Tuttlingen
C8: 0
C9: Frauen | D9: Frauen | E9: Frauen | F9: Frauen | G9: Frauen | H9: Frauen | I9: Männer | J9: Männer | K9: Männer | L9: Männer | M9: Frauen | N9: Frauen | O9: Frauen | P9: Frauen | Q9: Frauen | R9: Frauen | S9: Männer | T9: Männer | U9: Männer | V9: Männer | W9: Frauen | X9: Frauen | Y9: Frauen | Z9: Frauen | AA9: Frauen | AB9: Frauen | AC9: Männer | AD9: Männer | AE9: Männer | AF9: Männer | AH9: Frauen | AI9: Frauen | AJ9: Frauen | AK9: Männer | AL9: Männer | AM9: Frauen | AN9: Frauen | AO9: Frauen | AP9: Männer | AQ9: Männer | AR9: Frauen | AS9: Frauen | AT9: Frauen | AU9: Männer | AV9: Männer
B10: Tab/DS | C10: Anzahl | D10: VJM | E10: Anteil der Personen- gruppe an Insgesamt in % | F10: Verände- rung zum Vorjahr in % | G10: Gesamt | H10: Anteil an Frauen und Männer insgesamt in % | I10: Anzahl | J10: VJM | K10: Anteil der Personen- gruppe an Insgesamt in % | L10: Verände- rung zum Vorjahr in % | M10: Anzahl | N10: VJM | O10: Anteil der Personen- gruppe an Insgesamt in % | P10: Verände- rung zum Vorjahr in % | Q10: Gesamt | R10: Anteil an Frauen und Männer insgesamt in % | S10: Anzahl | T10: VJM | U10: Anteil der Personen- gruppe an Insgesamt in % | V10: Verände- rung zum Vorjahr in % | W10: Anzahl | X10: VJM | Y10: Anteil der Personen- gruppe an Insgesamt in % | Z10: Verände- rung zum Vorjahr in % | AA10: Gesamt | AB10: Anteil an Frauen und Männer insgesamt in % | AC10: Anzahl | AD10: VJM | AE10: Anteil der Personen- gruppe an Insgesamt in % | AF10: Verände- rung zum Vorjahr in % | AH10: Anteil der Personen- gruppe an Insgesamt in % | AI10: Verände- rung zum Vorjahr in % | AJ10: Anteil an Frauen und Männer insgesamt in % | AK10: Anteil der Personen- gruppe an Insgesamt in % | AL10: Verände- rung zum Vorjahr in % | AM10: Anteil der Personen- gruppe an Insgesamt in % | AN10: Verände- rung zum Vorjahr in % | AO10: Anteil an Frauen und Männer insgesamt in % | AP10: Anteil der Personen- gruppe an Insgesamt in % | AQ10: Verände- rung zum Vorjahr in % | AR10: Anteil der Personen- gruppe an Insgesamt in % | AS10: Verände- rung zum Vorjahr in % | AT10: Anteil an Frauen und Männer insgesamt in % | AU10: Anteil der Personen- gruppe an Insgesamt in % | AV10: Verände- rung zum Vorjahr in %
C11: 1 | D11: 0 | E11: 2 | F11: 3 | G11: 0 | H11: 4 | I11: 5 | J11: 0 | K11: 6 | L11: 7 | M11: 1 | N11: 0 | O11: 2 | P11: 3 | Q11: 0 | R11: 4 | S11: 5 | T11: 0 | U11: 6 | V11: 7 | W11: 1 | X11: 0 | Y11: 2 | Z11: 3 | AA11: 0 | AB11: 4 | AC11: 5 | AD11: 0 | AE11: 6 | AF11: 7 | AH11: 2 | AI11: 3 | AJ11: 4 | AK11: 6 | AL11: 7 | AM11: 2 | AN11: 3 | AO11: 4 | AP11: 6 | AQ11: 7 | AR11: 2 | AS11: 3 | AT11: 4 | AU11: 6 | AV11: 7
C12: 1 | D12: 2 | E12: 3 | F12: 4 | G12: 5 | H12: 6 | I12: 7 | J12: 8 | K12: 9 | L12: 10 | M12: 1 | N12: 2 | O12: 3 | P12: 4 | Q12: 5 | R12: 6 | S12: 7 | T12: 8 | U12: 9 | V12: 10 | W12: 1 | X12: 2 | Y12: 3 | Z12: 4 | AA12: 5 | AB12: 6 | AC12: 7 | AD12: 8 | AE12: 9 | AF12: 10 | AH12: 3 | AI12: 4 | AJ12: 6 | AK12: 9 | AL12: 10 | AM12: 3 | AN12: 4 | AO12: 6 | AP12: 9 | AQ12: 10 | AR12: 3 | AS12: 4 | AT12: 6 | AU12: 9 | AV12: 10
C13: 1Insgesamt | D13: 2Insgesamt | G13: 5Insgesamt | I13: 7Insgesamt | J13: 8Insgesamt | M13: 1SGB III | N13: 2SGB III | Q13: 5SGB III | S13: 7SGB III | T13: 8SGB III | W13: 1SGB II | X13: 2SGB II | AA13: 5SGB II | AC13: 7SGB II | AD13: 8SGB II | AH13: 3Insgesamt | AI13: 4Insgesamt | AJ13: 6Insgesamt | AK13: 9Insgesamt | AL13: 10Insgesamt | AM13: 3SGB III | AN13: 4SGB III | AO13: 6SGB III | AP13: 9SGB III | AQ13: 10SGB III | AR13: 3SGB II | AS13: 4SGB II | AT13: 6SGB II | AU13: 9SGB II | AV13: 10SGB II
B14: ID für Auswahl | C14: Insgesamt | M14: SGB III | W14: SGB II
C15: 367 | D15: 323 | G15: 801 | I15: 434 | J15: 413 | M15: 271 | N15: 226 | Q15: 608 | S15: 337 | T15: 306 | W15: 96 | X15: 97 | AA15: 193 | AC15: 97 | AD15: 107 | AH15: 100 | AI15: 13.622291 | AJ15: 45.817728 | AK15: 100 | AL15: 5.0847458 | AM15: 100 | AN15: 19.911504 | AO15: 44.572368 | AP15: 100 | AQ15: 10.130719 | AR15: 100 | AS15: -1.0309278 | AT15: 49.740933 | AU15: 100 | AV15: -9.3457944
C16: 96 | D16: 0 | G16: 193 | I16: 97 | J16: 0 | M16: 0 | N16: 0 | Q16: 0 | S16: 0 | T16: 0 | W16: 96 | X16: 0 | AA16: 193 | AC16: 97 | AD16: 0
B17: 0 | C17: X | D17: 141 | G17: X | I17: X | J17: 198 | M17: 145 | N17: 136 | Q17: 329 | S17: 184 | T17: 185 | W17: X | X17: 5 | AA17: X | AC17: X | AD17: 13 | AH17: X | AI17: X | AJ17: X | AK17: X | AL17: X | AM17: 53.505535 | AN17: 6.6176471 | AO17: 44.072948 | AP17: 54.599407 | AQ17: -0.54054054 | AR17: X | AS17: X | AT17: X | AU17: X | AV17: X
B18: 0 | C18: X | D18: 140 | G18: X | I18: X | J18: 196 | M18: 145 | N18: 136 | Q18: 329 | S18: 184 | T18: * | W18: X | X18: 4 | AA18: X | AC18: X | AD18: * | AH18: X | AI18: X | AJ18: X | AK18: X | AL18: X | AM18: 53.505535 | AN18: 6.6176471 | AO18: 44.072948 | AP18: 54.599407 | AQ18: X | AR18: X | AS18: X | AT18: X | AU18: X | AV18: X
B19: 0 | C19: X | D19: 0 | G19: X | I19: X | J19: * | M19: 0 | N19: 0 | Q19: 0 | S19: 0 | T19: * | W19: X | X19: 0 | AA19: X | AC19: X | AD19: 0 | AH19: X | AI19: X | AJ19: X | AK19: X | AL19: X | AM19: 0 | AN19: X | AO19: X | AP19: 0 | AQ19: X | AR19: X | AS19: X | AT19: X | AU19: X | AV19: X
B20: 0 | C20: X | D20: 91 | G20: X | I20: X | J20: 99 | M20: 69 | N20: 51 | Q20: 166 | S20: 97 | T20: 62 | W20: X | X20: 40 | AA20: X | AC20: X | AD20: 37 | AH20: X | AI20: X | AJ20: X | AK20: X | AL20: X | AM20: 25.461255 | AN20: 35.294118 | AO20: 41.566265 | AP20: 28.783383 | AQ20: 56.451613 | AR20: X | AS20: X | AT20: X | AU20: X | AV20: X
B21: 0 | C21: X | D21: 56 | G21: X | I21: X | J21: 58 | M21: * | N21: * | Q21: 106 | S21: 51 | T21: 50 | W21: X | X21: * | AA21: X | AC21: X | AD21: 8 | AH21: X | AI21: X | AJ21: X | AK21: X | AL21: X | AM21: X | AN21: X | AO21: X | AP21: 15.133531 | AQ21: 2 | AR21: X | AS21: X | AT21: X | AU21: X | AV21: X
B22: 0 | C22: X | D22: 35 | G22: X | I22: X | J22: 58 | M22: * | N22: * | Q22: 7 | S22: 5 | T22: 9 | W22: X | X22: * | AA22: X | AC22: X | AD22: 49 | AH22: X | AI22: X | AJ22: X | AK22: X | AL22: X | AM22: X | AN22: X | AO22: X | AP22: 1.4836795 | AQ22: -44.444444 | AR22: X | AS22: X | AT22: X | AU22: X | AV22: X
C23: 330 | D23: 293 | G23: 758 | I23: 428 | J23: 398 | M23: 228 | N23: 183 | Q23: 545 | S23: 317 | T23: 273 | W23: 102 | X23: 110 | AA23: 213 | AC23: 111 | AD23: 125 | AH23: 100 | AI23: 12.627986 | AJ23: 43.53562 | AK23: 100 | AL23: 7.5376884 | AM23: 100 | AN23: 24.590164 | AO23: 41.834862 | AP23: 100 | AQ23: 16.117216 | AR23: 100 | AS23: -7.2727273 | AT23: 47.887324 | AU23: 100 | AV23: -11.2
C24: 102 | D24: 0 | G24: 213 | I24: 111 | J24: 0 | M24: 0 | N24: 0 | Q24: 0 | S24: 0 | T24: 0 | W24: 102 | X24: 0 | AA24: 213 | AC24: 111 | AD24: 0
B25: 0 | C25: X | D25: 76 | G25: X | I25: X | J25: 149 | M25: 95 | N25: 65 | Q25: 227 | S25: 132 | T25: 117 | W25: X | X25: 11 | AA25: X | AC25: X | AD25: 32 | AH25: X | AI25: X | AJ25: X | AK25: X | AL25: X | AM25: 41.666667 | AN25: 46.153846 | AO25: 41.85022 | AP25: 41.640379 | AQ25: 12.820513 | AR25: X | AS25: X | AT25: X | AU25: X | AV25: X
B26: 0 | C26: X | D26: 73 | G26: X | I26: X | J26: 140 | M26: 93 | N26: * | Q26: 221 | S26: 128 | T26: * | W26: X | X26: * | AA26: X | AC26: X | AD26: * | AH26: X | AI26: X | AJ26: X | AK26: X | AL26: X | AM26: 40.789474 | AN26: X | AO26: 42.081448 | AP26: 40.378549 | AQ26: X | AR26: X | AS26: X | AT26: X | AU26: X | AV26: X
B27: 0 | C27: X | D27: * | G27: X | I27: X | J27: 7 | M27: * | N27: * | Q27: 4 | S27: 3 | T27: * | W27: X | X27: * | AA27: X | AC27: X | AD27: * | AH27: X | AI27: X | AJ27: X | AK27: X | AL27: X | AM27: X | AN27: X | AO27: X | AP27: 0.94637224 | AQ27: X | AR27: X | AS27: X | AT27: X | AU27: X | AV27: X
B28: 0 | C28: X | D28: 76 | G28: X | I28: X | J28: 92 | M28: 30 | N28: 34 | Q28: 80 | S28: 50 | T28: 52 | W28: X | X28: 42 | AA28: X | AC28: X | AD28: 40 | AH28: X | AI28: X | AJ28: X | AK28: X | AL28: X | AM28: 13.157895 | AN28: -11.764706 | AO28: 37.5 | AP28: 15.772871 | AQ28: -3.8461538 | AR28: X | AS28: X | AT28: X | AU28: X | AV28: X
B29: 0 | C29: X | D29: 111 | G29: X | I29: X | J29: 114 | M29: 90 | N29: 80 | Q29: 198 | S29: 108 | T29: 98 | W29: X | X29: 31 | AA29: X | AC29: X | AD29: 16 | AH29: X | AI29: X | AJ29: X | AK29: X | AL29: X | AM29: 39.473684 | AN29: 12.5 | AO29: 45.454545 | AP29: 34.069401 | AQ29: 10.204082 | AR29: X | AS29: X | AT29: X | AU29: X | AV29: X
B30: 0 | C30: X | D30: 30 | G30: X | I30: X | J30: 43 | M30: 13 | N30: 4 | Q30: 40 | S30: 27 | T30: 6 | W30: X | X30: 26 | AA30: X | AC30: X | AD30: 37 | AH30: X | AI30: X | AJ30: X | AK30: X | AL30: X | AM30: 5.7017544 | AN30: 225 | AO30: 32.5 | AP30: 8.5173502 | AQ30: .X | AR30: X | AS30: X | AT30: X | AU30: X | AV30: X
B33: DiaDatRoh
E37: ID | G37: 45474 | H37: 45505 | I37: 45536 | J37: Okt 2024 | K37: 45597 | L37: Dez 2024 | M37: 45658 | N37: 45689 | O37: 45717 | P37: 45748 | Q37: Mai 2025 | R37: 45809 | S37: 45839 | T37: 45870 | U37: 45901 | V37: Okt 2025 | W37: 45962 | X37: Dez 2025 | Y37: 46023 | Z37: 46054 | AA37: 46082 | AB37: 46113 | AC37: Mai 2026 | AD37: 46174 | AE37: 46204
B38: X | C38: Abg | D38: G | E38: Insgesamt | G38: 0 | H38: 0 | I38: 0 | J38: 0 | K38: 0 | L38: 0 | M38: 0 | N38: 0 | O38: 0 | P38: 0 | Q38: 0 | R38: 0 | S38: 0 | T38: 0 | U38: 0 | V38: 0 | W38: 0 | X38: 0 | Y38: 0 | Z38: 0 | AA38: 0 | AB38: 0 | AC38: 0 | AD38: 0 | AE38: 213
B39: Insgesamt | C39: Abg | D39: F | E39: Insgesamt | G39: 85 | H39: 40 | I39: 125 | J39: 108 | K39: 90 | L39: 89 | M39: 85 | N39: 78 | O39: 61 | P39: 112 | Q39: 100 | R39: 85 | S39: 73 | T39: 72 | U39: 117 | V39: 132 | W39: 107 | X39: 81 | Y39: 111 | Z39: 100 | AA39: 95 | AB39: 89 | AC39: 96 | AD39: 84 | AE39: 93
B40: Insgesamt | C40: Abg | D40: M | E40: Insgesamt | G40: 129 | H40: 81 | I40: 162 | J40: 135 | K40: 123 | L40: 104 | M40: 106 | N40: 130 | O40: 103 | P40: 179 | Q40: 141 | R40: 124 | S40: 140 | T40: 144 | U40: 172 | V40: 167 | W40: 159 | X40: 134 | Y40: 122 | Z40: 162 | AA40: 162 | AB40: 163 | AC40: 137 | AD40: 141 | AE40: 128
B41: X | C41: Abg | D41: G | E41: SGB III | G41: 0 | H41: 0 | I41: 0 | J41: 0 | K41: 0 | L41: 0 | M41: 0 | N41: 0 | O41: 0 | P41: 0 | Q41: 0 | R41: 0 | S41: 0 | T41: 0 | U41: 0 | V41: 0 | W41: 0 | X41: 0 | Y41: 0 | Z41: 0 | AA41: 0 | AB41: 0 | AC41: 0 | AD41: 0 | AE41: 0
B42: Insgesamt | C42: Abg | D42: F | E42: SGB III | G42: 80 | H42: 33 | I42: 98 | J42: 96 | K42: 77 | L42: 78 | M42: 77 | N42: 71 | O42: 54 | P42: 89 | Q42: 92 | R42: 67 | S42: 64 | T42: 62 | U42: 110 | V42: 122 | W42: 94 | X42: 71 | Y42: 83 | Z42: 86 | AA42: 85 | AB42: 84 | AC42: 85 | AD42: 73 | AE42: 93
B43: Insgesamt | C43: Abg | D43: M | E43: SGB III | G43: 110 | H43: 68 | I43: 146 | J43: 114 | K43: 101 | L43: 83 | M43: 98 | N43: 115 | O43: 86 | P43: 148 | Q43: 121 | R43: 104 | S43: 112 | T43: 118 | U43: 153 | V43: 143 | W43: 124 | X43: 116 | Y43: 104 | Z43: 137 | AA43: 147 | AB43: 150 | AC43: 128 | AD43: 125 | AE43: 128
B44: X | C44: Abg | D44: G | E44: SGB II | G44: 0 | H44: 0 | I44: 0 | J44: 0 | K44: 0 | L44: 0 | M44: 0 | N44: 0 | O44: 0 | P44: 0 | Q44: 0 | R44: 0 | S44: 0 | T44: 0 | U44: 0 | V44: 0 | W44: 0 | X44: 0 | Y44: 0 | Z44: 0 | AA44: 0 | AB44: 0 | AC44: 0 | AD44: 0 | AE44: 213
B45: Insgesamt | C45: Abg | D45: F | E45: SGB II | G45: 5 | H45: 7 | I45: 27 | J45: 12 | K45: 13 | L45: 11 | M45: 8 | N45: 7 | O45: 7 | P45: 23 | Q45: 8 | R45: 18 | S45: 9 | T45: 10 | U45: 7 | V45: 10 | W45: 13 | X45: 10 | Y45: 28 | Z45: 14 | AA45: 10 | AB45: 5 | AC45: 11 | AD45: 11 | AE45: 0
B46: Insgesamt | C46: Abg | D46: M | E46: SGB II | G46: 19 | H46: 13 | I46: 16 | J46: 21 | K46: 22 | L46: 21 | M46: 8 | N46: 15 | O46: 17 | P46: 31 | Q46: 20 | R46: 20 | S46: 28 | T46: 26 | U46: 19 | V46: 24 | W46: 35 | X46: 18 | Y46: 18 | Z46: 25 | AA46: 15 | AB46: 13 | AC46: 9 | AD46: 16 | AE46: 0
G48: 45444 | H48: 45474 | I48: 45505 | J48: 45536 | K48: Okt 2024 | L48: 45597 | M48: Dez 2024 | N48: 45658 | O48: 45689 | P48: 45717 | Q48: 45748 | R48: Mai 2025 | S48: 45809 | T48: 45839 | U48: 45870 | V48: 45901 | W48: Okt 2025 | X48: 45962 | Y48: Dez 2025 | Z48: 46023 | AA48: 46054 | AB48: 46082 | AC48: 46113 | AD48: Mai 2026 | AE48: 46174
B49: X | C49: Bst | D49: G | E49: Insgesamt | G49: 0 | H49: 0 | I49: 0 | J49: 0 | K49: 0 | L49: 0 | M49: 0 | N49: 0 | O49: 0 | P49: 0 | Q49: 0 | R49: 0 | S49: 0 | T49: 0 | U49: 0 | V49: 0 | W49: 0 | X49: 0 | Y49: 0 | Z49: 0 | AA49: 0 | AB49: 0 | AC49: 0 | AD49: 0 | AE49: 0
B50: Insgesamt | C50: Bst | D50: F | E50: Insgesamt | G50: 1598 | H50: 1649 | I50: 1840 | J50: 1777 | K50: 1731 | L50: 1730 | M50: 1739 | N50: 1817 | O50: 1875 | P50: 1960 | Q50: 1972 | R50: 1949 | S50: 1976 | T50: 2013 | U50: 2226 | V50: 2225 | W50: 2139 | X50: 2042 | Y50: 2051 | Z50: 2050 | AA50: 2018 | AB50: 2064 | AC50: 2125 | AD50: 2094 | AE50: 2077
B51: Insgesamt | C51: Bst | D51: M | E51: Insgesamt | G51: 1838 | H51: 1938 | I51: 2113 | J51: 2069 | K51: 2081 | L51: 2089 | M51: 2136 | N51: 2297 | O51: 2328 | P51: 2432 | Q51: 2405 | R51: 2372 | S51: 2378 | T51: 2386 | U51: 2527 | V51: 2549 | W51: 2455 | X51: 2383 | Y51: 2430 | Z51: 2565 | AA51: 2499 | AB51: 2474 | AC51: 2484 | AD51: 2480 | AE51: 2460
B52: X | C52: Bst | D52: G | E52: SGB III | G52: 0 | H52: 0 | I52: 0 | J52: 0 | K52: 0 | L52: 0 | M52: 0 | N52: 0 | O52: 0 | P52: 0 | Q52: 0 | R52: 0 | S52: 0 | T52: 0 | U52: 0 | V52: 0 | W52: 0 | X52: 0 | Y52: 0 | Z52: 0 | AA52: 0 | AB52: 0 | AC52: 0 | AD52: 0 | AE52: 0
B53: Insgesamt | C53: Bst | D53: F | E53: SGB III | G53: 625 | H53: 644 | I53: 726 | J53: 679 | K53: 677 | L53: 659 | M53: 673 | N53: 726 | O53: 754 | P53: 772 | Q53: 798 | R53: 781 | S53: 787 | T53: 830 | U53: 949 | V53: 922 | W53: 881 | X53: 843 | Y53: 822 | Z53: 864 | AA53: 840 | AB53: 867 | AC53: 899 | AD53: 862 | AE53: 855
B54: Insgesamt | C54: Bst | D54: M | E54: SGB III | G54: 868 | H54: 939 | I54: 1018 | J54: 940 | K54: 972 | L54: 973 | M54: 1025 | N54: 1158 | O54: 1148 | P54: 1192 | Q54: 1167 | R54: 1122 | S54: 1115 | T54: 1134 | U54: 1207 | V54: 1173 | W54: 1125 | X54: 1147 | Y54: 1159 | Z54: 1298 | AA54: 1274 | AB54: 1260 | AC54: 1249 | AD54: 1229 | AE54: 1211
B55: X | C55: Bst | D55: G | E55: SGB II | G55: 0 | H55: 0 | I55: 0 | J55: 0 | K55: 0 | L55: 0 | M55: 0 | N55: 0 | O55: 0 | P55: 0 | Q55: 0 | R55: 0 | S55: 0 | T55: 0 | U55: 0 | V55: 0 | W55: 0 | X55: 0 | Y55: 0 | Z55: 0 | AA55: 0 | AB55: 0 | AC55: 0 | AD55: 0 | AE55: 0
B56: Insgesamt | C56: Bst | D56: F | E56: SGB II | G56: 973 | H56: 1005 | I56: 1114 | J56: 1098 | K56: 1054 | L56: 1071 | M56: 1066 | N56: 1091 | O56: 1121 | P56: 1188 | Q56: 1174 | R56: 1168 | S56: 1189 | T56: 1183 | U56: 1277 | V56: 1303 | W56: 1258 | X56: 1199 | Y56: 1229 | Z56: 1186 | AA56: 1178 | AB56: 1197 | AC56: 1226 | AD56: 1232 | AE56: 1222
B57: Insgesamt | C57: Bst | D57: M | E57: SGB II | G57: 970 | H57: 999 | I57: 1095 | J57: 1129 | K57: 1109 | L57: 1116 | M57: 1111 | N57: 1139 | O57: 1180 | P57: 1240 | Q57: 1238 | R57: 1250 | S57: 1263 | T57: 1252 | U57: 1320 | V57: 1376 | W57: 1330 | X57: 1236 | Y57: 1271 | Z57: 1267 | AA57: 1225 | AB57: 1214 | AC57: 1235 | AD57: 1251 | AE57: 1249
B61: TabAusw | C61: Frauen | D61: Frauen | E61: Frauen | F61: Frauen | G61: Männer | H61: Männer | I61: Männer
C62: Zugang/ Abgang | D62: Anteil der Merkmals- gruppe an Insgesamt in % | E62: Verände- rung zum Vorjahr in % | F62: Anteil an allen Personen in % | G62: Zugang/ Abgang | H62: Anteil der Merkmals- gruppe an Insgesamt in % | I62: Verände- rung zum Vorjahr in %
C63: 1 | D63: 2 | E63: 3 | F63: 4 | G63: 5 | H63: 6 | I63: 7
B64: =Auswahl!$A$2 -> Insgesamt | C64: 1 | D64: 3 | E64: 4 | F64: 6 | G64: 7 | H64: 9 | I64: 10 | J64: Spalte in der Tabelle Tab/DS für Insgesamt
C65: =MATCH(C64&$B$64,$C$13:$AV$13,0) -> 1 | D65: =MATCH(D64&$B$64,$C$13:$AV$13,0) -> 32 | E65: =MATCH(E64&$B$64,$C$13:$AV$13,0) -> 33 | F65: =MATCH(F64&$B$64,$C$13:$AV$13,0) -> 34 | G65: =MATCH(G64&$B$64,$C$13:$AV$13,0) -> 7 | H65: =MATCH(H64&$B$64,$C$13:$AV$13,0) -> 35 | I65: =MATCH(I64&$B$64,$C$13:$AV$13,0) -> 36 | J65: ID
A66: 1 | B66: Insgesamt | C66: =INDEX($C$15:$AV$30,$A66,C$65) -> 367 | D66: =INDEX($C$15:$AV$30,$A66,D$65) -> 100 | E66: =INDEX($C$15:$AV$30,$A66,E$65) -> 13.622291 | F66: =INDEX($C$15:$AV$30,$A66,F$65) -> 45.817728 | G66: =INDEX($C$15:$AV$30,$A66,G$65) -> 434 | H66: =INDEX($C$15:$AV$30,$A66,H$65) -> 100 | I66: =INDEX($C$15:$AV$30,$A66,I$65) -> 5.0847458
A67: 3 | B67: Erwerbstätigkeit | C67: =INDEX($C$15:$AV$30,$A67,C$65) -> X | D67: =INDEX($C$15:$AV$30,$A67,D$65) -> X | E67: =INDEX($C$15:$AV$30,$A67,E$65) -> X | F67: =INDEX($C$15:$AV$30,$A67,F$65) -> X | G67: =INDEX($C$15:$AV$30,$A67,G$65) -> X | H67: =INDEX($C$15:$AV$30,$A67,H$65) -> X | I67: =INDEX($C$15:$AV$30,$A67,I$65) -> X
A68: 4 | B68: dar. Beschäftigung am 1. Arbeitsmarkt | C68: =INDEX($C$15:$AV$30,$A68,C$65) -> X | D68: =INDEX($C$15:$AV$30,$A68,D$65) -> X | E68: =INDEX($C$15:$AV$30,$A68,E$65) -> X | F68: =INDEX($C$15:$AV$30,$A68,F$65) -> X | G68: =INDEX($C$15:$AV$30,$A68,G$65) -> X | H68: =INDEX($C$15:$AV$30,$A68,H$65) -> X | I68: =INDEX($C$15:$AV$30,$A68,I$65) -> X
A69: 5 | B69: Selbständigkeit | C69: =INDEX($C$15:$AV$30,$A69,C$65) -> X | D69: =INDEX($C$15:$AV$30,$A69,D$65) -> X | E69: =INDEX($C$15:$AV$30,$A69,E$65) -> X | F69: =INDEX($C$15:$AV$30,$A69,F$65) -> X | G69: =INDEX($C$15:$AV$30,$A69,G$65) -> X | H69: =INDEX($C$15:$AV$30,$A69,H$65) -> X | I69: =INDEX($C$15:$AV$30,$A69,I$65) -> X
A70: 6 | B70: Ausbildung u. sonst. Maßnahmeteilnahme | C70: =INDEX($C$15:$AV$30,$A70,C$65) -> X | D70: =INDEX($C$15:$AV$30,$A70,D$65) -> X | E70: =INDEX($C$15:$AV$30,$A70,E$65) -> X | F70: =INDEX($C$15:$AV$30,$A70,F$65) -> X | G70: =INDEX($C$15:$AV$30,$A70,G$65) -> X | H70: =INDEX($C$15:$AV$30,$A70,H$65) -> X | I70: =INDEX($C$15:$AV$30,$A70,I$65) -> X
A71: 7 | B71: Nichterwerbstätigkeit | C71: =INDEX($C$15:$AV$30,$A71,C$65) -> X | D71: =INDEX($C$15:$AV$30,$A71,D$65) -> X | E71: =INDEX($C$15:$AV$30,$A71,E$65) -> X | F71: =INDEX($C$15:$AV$30,$A71,F$65) -> X | G71: =INDEX($C$15:$AV$30,$A71,G$65) -> X | H71: =INDEX($C$15:$AV$30,$A71,H$65) -> X | I71: =INDEX($C$15:$AV$30,$A71,I$65) -> X
A72: 8 | B72: Sonstiges/ Keine Angabe | C72: =INDEX($C$15:$AV$30,$A72,C$65) -> X | D72: =INDEX($C$15:$AV$30,$A72,D$65) -> X | E72: =INDEX($C$15:$AV$30,$A72,E$65) -> X | F72: =INDEX($C$15:$AV$30,$A72,F$65) -> X | G72: =INDEX($C$15:$AV$30,$A72,G$65) -> X | H72: =INDEX($C$15:$AV$30,$A72,H$65) -> X | I72: =INDEX($C$15:$AV$30,$A72,I$65) -> X
A73: 9 | B73: Insgesamt | C73: =INDEX($C$15:$AV$30,$A73,C$65) -> 330 | D73: =INDEX($C$15:$AV$30,$A73,D$65) -> 100 | E73: =INDEX($C$15:$AV$30,$A73,E$65) -> 12.627986 | F73: =INDEX($C$15:$AV$30,$A73,F$65) -> 43.53562 | G73: =INDEX($C$15:$AV$30,$A73,G$65) -> 428 | H73: =INDEX($C$15:$AV$30,$A73,H$65) -> 100 | I73: =INDEX($C$15:$AV$30,$A73,I$65) -> 7.5376884
A74: 11 | B74: Erwerbstätigkeit | C74: =INDEX($C$15:$AV$30,$A74,C$65) -> X | D74: =INDEX($C$15:$AV$30,$A74,D$65) -> X | E74: =INDEX($C$15:$AV$30,$A74,E$65) -> X | F74: =INDEX($C$15:$AV$30,$A74,F$65) -> X | G74: =INDEX($C$15:$AV$30,$A74,G$65) -> X | H74: =INDEX($C$15:$AV$30,$A74,H$65) -> X | I74: =INDEX($C$15:$AV$30,$A74,I$65) -> X
A75: 12 | B75: dar. Beschäftigung am 1. Arbeitsmarkt | C75: =INDEX($C$15:$AV$30,$A75,C$65) -> X | D75: =INDEX($C$15:$AV$30,$A75,D$65) -> X | E75: =INDEX($C$15:$AV$30,$A75,E$65) -> X | F75: =INDEX($C$15:$AV$30,$A75,F$65) -> X | G75: =INDEX($C$15:$AV$30,$A75,G$65) -> X | H75: =INDEX($C$15:$AV$30,$A75,H$65) -> X | I75: =INDEX($C$15:$AV$30,$A75,I$65) -> X
A76: 13 | B76: Selbständigkeit | C76: =INDEX($C$15:$AV$30,$A76,C$65) -> X | D76: =INDEX($C$15:$AV$30,$A76,D$65) -> X | E76: =INDEX($C$15:$AV$30,$A76,E$65) -> X | F76: =INDEX($C$15:$AV$30,$A76,F$65) -> X | G76: =INDEX($C$15:$AV$30,$A76,G$65) -> X | H76: =INDEX($C$15:$AV$30,$A76,H$65) -> X | I76: =INDEX($C$15:$AV$30,$A76,I$65) -> X
A77: 14 | B77: Ausbildung u. sonst. Maßnahmeteilnahme | C77: =INDEX($C$15:$AV$30,$A77,C$65) -> X | D77: =INDEX($C$15:$AV$30,$A77,D$65) -> X | E77: =INDEX($C$15:$AV$30,$A77,E$65) -> X | F77: =INDEX($C$15:$AV$30,$A77,F$65) -> X | G77: =INDEX($C$15:$AV$30,$A77,G$65) -> X | H77: =INDEX($C$15:$AV$30,$A77,H$65) -> X | I77: =INDEX($C$15:$AV$30,$A77,I$65) -> X
... A79: 16 | B79: Sonstiges/ Keine Angabe | C79: =INDEX($C$15:$AV$30,$A79,C$65) -> X | D79: =INDEX($C$15:$AV$30,$A79,D$65) -> X | E79: =INDEX($C$15:$AV$30,$A79,E$65) -> X | F79: =INDEX($C$15:$AV$30,$A79,F$65) -> X | G79: =INDEX($C$15:$AV$30,$A79,G$65) -> X | H79: =INDEX($C$15:$AV$30,$A79,H$65) -> X | I79: =INDEX($C$15:$AV$30,$A79,I$65) -> X
B82: Berechnung Dia
G83: =TEXT(G37,"MMM JJJJ") -> Jul 2024 | H83: =TEXT(H37,"MMM JJJJ") -> Aug 2024 | I83: =TEXT(I37,"MMM JJJJ") -> Sep 2024 | J83: =TEXT(J37,"MMM JJJJ") -> Okt 2024 | K83: =TEXT(K37,"MMM JJJJ") -> Nov 2024 | L83: =TEXT(L37,"MMM JJJJ") -> Dez 2024 | M83: =TEXT(M37,"MMM JJJJ") -> Jan 2025 | N83: =TEXT(N37,"MMM JJJJ") -> Feb 2025 | ... AE83: =TEXT(AE37,"MMM JJJJ") -> Jul 2026
B84: Insgesamt | C84: F | D84: Insgesamt | E84: InsgesamtFInsgesamt | F84: =$C$8 -> 0 | G84: =IF(AND($F84=0,OR(G$38>0,G$49>0)),#N/A,G39/G50*100) -> 5.3191489 | H84: =IF(AND($F84=0,OR(H$38>0,H$49>0)),#N/A,H39/H50*100) -> 2.4257126 | I84: =IF(AND($F84=0,OR(I$38>0,I$49>0)),#N/A,I39/I50*100) -> 6.7934783 | J84: =IF(AND($F84=0,OR(J$38>0,J$49>0)),#N/A,J39/J50*100) -> 6.077659 | K84: =IF(AND($F84=0,OR(K$38>0,K$49>0)),#N/A,K39/K50*100) -> 5.1993068 | L84: =IF(AND($F84=0,OR(L$38>0,L$49>0)),#N/A,L39/L50*100) -> 5.1445087 | M84: =IF(AND($F84=0,OR(M$38>0,M$49>0)),#N/A,M39/M50*100) -> 4.8878666 | N84: =IF(AND($F84=0,OR(N$38>0,N$49>0)),#N/A,N39/N50*100) -> 4.2927903 | ... AE84: =IF(AND($F84=0,OR(AE$38>0,AE$49>0)),#N/A,AE39/AE50*100) -> #N/A | AF84: =COUNTIF(G84:AE84,#N/A) -> 1
B85: Insgesamt | C85: M | D85: Insgesamt | E85: InsgesamtMInsgesamt | F85: =$C$8 -> 0 | G85: =IF(AND($F85=0,OR(G$38>0,G$49>0)),#N/A,G40/G51*100) -> 7.0184984 | H85: =IF(AND($F85=0,OR(H$38>0,H$49>0)),#N/A,H40/H51*100) -> 4.1795666 | I85: =IF(AND($F85=0,OR(I$38>0,I$49>0)),#N/A,I40/I51*100) -> 7.6668244 | J85: =IF(AND($F85=0,OR(J$38>0,J$49>0)),#N/A,J40/J51*100) -> 6.5248913 | K85: =IF(AND($F85=0,OR(K$38>0,K$49>0)),#N/A,K40/K51*100) -> 5.9106199 | L85: =IF(AND($F85=0,OR(L$38>0,L$49>0)),#N/A,L40/L51*100) -> 4.9784586 | M85: =IF(AND($F85=0,OR(M$38>0,M$49>0)),#N/A,M40/M51*100) -> 4.9625468 | N85: =IF(AND($F85=0,OR(N$38>0,N$49>0)),#N/A,N40/N51*100) -> 5.6595559 | ... AE85: =IF(AND($F85=0,OR(AE$38>0,AE$49>0)),#N/A,AE40/AE51*100) -> #N/A | AF85: =COUNTIF(G85:AE85,#N/A) -> 1
B86: Insgesamt | C86: F | D86: SGB III | E86: InsgesamtFSGB III | F86: =$C$8 -> 0 | G86: =IF(AND($F86=0,OR(G$41>0,G$52>0)),#N/A,G42/G53*100) -> 12.8 | H86: =IF(AND($F86=0,OR(H$41>0,H$52>0)),#N/A,H42/H53*100) -> 5.1242236 | I86: =IF(AND($F86=0,OR(I$41>0,I$52>0)),#N/A,I42/I53*100) -> 13.498623 | J86: =IF(AND($F86=0,OR(J$41>0,J$52>0)),#N/A,J42/J53*100) -> 14.138439 | K86: =IF(AND($F86=0,OR(K$41>0,K$52>0)),#N/A,K42/K53*100) -> 11.373708 | L86: =IF(AND($F86=0,OR(L$41>0,L$52>0)),#N/A,L42/L53*100) -> 11.836115 | M86: =IF(AND($F86=0,OR(M$41>0,M$52>0)),#N/A,M42/M53*100) -> 11.441308 | N86: =IF(AND($F86=0,OR(N$41>0,N$52>0)),#N/A,N42/N53*100) -> 9.7796143 | ... AE86: =IF(AND($F86=0,OR(AE$41>0,AE$52>0)),#N/A,AE42/AE53*100) -> 10.877193 | AF86: =COUNTIF(G86:AE86,#N/A) -> 0
B87: Insgesamt | C87: M | D87: SGB III | E87: InsgesamtMSGB III | F87: =$C$8 -> 0 | G87: =IF(AND($F87=0,OR(G$41>0,G$52>0)),#N/A,G43/G54*100) -> 12.672811 | H87: =IF(AND($F87=0,OR(H$41>0,H$52>0)),#N/A,H43/H54*100) -> 7.2417465 | I87: =IF(AND($F87=0,OR(I$41>0,I$52>0)),#N/A,I43/I54*100) -> 14.341847 | J87: =IF(AND($F87=0,OR(J$41>0,J$52>0)),#N/A,J43/J54*100) -> 12.12766 | K87: =IF(AND($F87=0,OR(K$41>0,K$52>0)),#N/A,K43/K54*100) -> 10.390947 | L87: =IF(AND($F87=0,OR(L$41>0,L$52>0)),#N/A,L43/L54*100) -> 8.5303186 | M87: =IF(AND($F87=0,OR(M$41>0,M$52>0)),#N/A,M43/M54*100) -> 9.5609756 | N87: =IF(AND($F87=0,OR(N$41>0,N$52>0)),#N/A,N43/N54*100) -> 9.9309154 | ... AE87: =IF(AND($F87=0,OR(AE$41>0,AE$52>0)),#N/A,AE43/AE54*100) -> 10.569777 | AF87: =COUNTIF(G87:AE87,#N/A) -> 0
B88: Insgesamt | C88: F | D88: SGB II | E88: InsgesamtFSGB II | F88: =$C$8 -> 0 | G88: =IF(AND($F88=0,OR(G$44>0,G$55>0)),#N/A,G45/G56*100) -> 0.51387461 | H88: =IF(AND($F88=0,OR(H$44>0,H$55>0)),#N/A,H45/H56*100) -> 0.69651741 | I88: =IF(AND($F88=0,OR(I$44>0,I$55>0)),#N/A,I45/I56*100) -> 2.4236984 | J88: =IF(AND($F88=0,OR(J$44>0,J$55>0)),#N/A,J45/J56*100) -> 1.0928962 | K88: =IF(AND($F88=0,OR(K$44>0,K$55>0)),#N/A,K45/K56*100) -> 1.2333966 | L88: =IF(AND($F88=0,OR(L$44>0,L$55>0)),#N/A,L45/L56*100) -> 1.0270775 | M88: =IF(AND($F88=0,OR(M$44>0,M$55>0)),#N/A,M45/M56*100) -> 0.75046904 | N88: =IF(AND($F88=0,OR(N$44>0,N$55>0)),#N/A,N45/N56*100) -> 0.6416132 | ... AE88: =IF(AND($F88=0,OR(AE$44>0,AE$55>0)),#N/A,AE45/AE56*100) -> #N/A | AF88: =COUNTIF(G88:AE88,#N/A) -> 1
B89: Insgesamt | C89: M | D89: SGB II | E89: InsgesamtMSGB II | F89: =$C$8 -> 0 | G89: =IF(AND($F89=0,OR(G$44>0,G$55>0)),#N/A,G46/G57*100) -> 1.9587629 | H89: =IF(AND($F89=0,OR(H$44>0,H$55>0)),#N/A,H46/H57*100) -> 1.3013013 | I89: =IF(AND($F89=0,OR(I$44>0,I$55>0)),#N/A,I46/I57*100) -> 1.4611872 | J89: =IF(AND($F89=0,OR(J$44>0,J$55>0)),#N/A,J46/J57*100) -> 1.8600531 | K89: =IF(AND($F89=0,OR(K$44>0,K$55>0)),#N/A,K46/K57*100) -> 1.9837692 | L89: =IF(AND($F89=0,OR(L$44>0,L$55>0)),#N/A,L46/L57*100) -> 1.8817204 | M89: =IF(AND($F89=0,OR(M$44>0,M$55>0)),#N/A,M46/M57*100) -> 0.72007201 | N89: =IF(AND($F89=0,OR(N$44>0,N$55>0)),#N/A,N46/N57*100) -> 1.3169447 | ... AE89: =IF(AND($F89=0,OR(AE$44>0,AE$55>0)),#N/A,AE46/AE57*100) -> #N/A | AF89: =COUNTIF(G89:AE89,#N/A) -> 1
B92: DiaDat_einfach | G92: =G94*1 -> 45474 | H92: =H94*1 -> 45505 | I92: =I94*1 -> 45536 | J92: =J94*1 -> 45566 | K92: =K94*1 -> 45597 | L92: =L94*1 -> 45627 | M92: =M94*1 -> 45658 | N92: =N94*1 -> 45689 | ... AE92: =AE94*1 -> 46204
G93: 3 | H93: 4 | I93: 5 | J93: 6 | K93: 7 | L93: 8 | M93: 9 | N93: 10 | O93: 11 | P93: 12 | Q93: 13 | R93: 14 | S93: 15 | T93: 16 | U93: 17 | V93: 18 | W93: 19 | X93: 20 | Y93: 21 | Z93: 22 | AA93: 23 | AB93: 24 | AC93: 25 | AD93: 26 | AE93: 27
G94: =TEXT(G83,"MMM JJJJ") -> Jul 2024 | H94: =TEXT(H83,"MMM JJJJ") -> Aug 2024 | I94: =TEXT(I83,"MMM JJJJ") -> Sep 2024 | J94: =TEXT(J83,"MMM JJJJ") -> Okt 2024 | K94: =TEXT(K83,"MMM JJJJ") -> Nov 2024 | L94: =TEXT(L83,"MMM JJJJ") -> Dez 2024 | M94: =TEXT(M83,"MMM JJJJ") -> Jan 2025 | N94: =TEXT(N83,"MMM JJJJ") -> Feb 2025 | ... AE94: =TEXT(AE83,"MMM JJJJ") -> Jul 2026 | AF94: max
B95: Insgesamt | C95: F | D95: =$B$64 -> Insgesamt | E95: =B95&C95&D95 -> InsgesamtFInsgesamt | G95: =VLOOKUP($E95,$E$84:$AE$89,G$93,0) -> 5.3191489 | H95: =VLOOKUP($E95,$E$84:$AE$89,H$93,0) -> 2.4257126 | I95: =VLOOKUP($E95,$E$84:$AE$89,I$93,0) -> 6.7934783 | J95: =VLOOKUP($E95,$E$84:$AE$89,J$93,0) -> 6.077659 | K95: =VLOOKUP($E95,$E$84:$AE$89,K$93,0) -> 5.1993068 | L95: =VLOOKUP($E95,$E$84:$AE$89,L$93,0) -> 5.1445087 | M95: =VLOOKUP($E95,$E$84:$AE$89,M$93,0) -> 4.8878666 | N95: =VLOOKUP($E95,$E$84:$AE$89,N$93,0) -> 4.2927903 | ... AE95: =VLOOKUP($E95,$E$84:$AE$89,AE$93,0) -> #N/A | AF95: =MAX(G95:AE96) -> #N/A
B96: Insgesamt | C96: M | D96: =$B$64 -> Insgesamt | E96: =B96&C96&D96 -> InsgesamtMInsgesamt | G96: =VLOOKUP($E96,$E$84:$AE$89,G$93,0) -> 7.0184984 | H96: =VLOOKUP($E96,$E$84:$AE$89,H$93,0) -> 4.1795666 | I96: =VLOOKUP($E96,$E$84:$AE$89,I$93,0) -> 7.6668244 | J96: =VLOOKUP($E96,$E$84:$AE$89,J$93,0) -> 6.5248913 | K96: =VLOOKUP($E96,$E$84:$AE$89,K$93,0) -> 5.9106199 | L96: =VLOOKUP($E96,$E$84:$AE$89,L$93,0) -> 4.9784586 | M96: =VLOOKUP($E96,$E$84:$AE$89,M$93,0) -> 4.9625468 | N96: =VLOOKUP($E96,$E$84:$AE$89,N$93,0) -> 5.6595559 | ... AE96: =VLOOKUP($E96,$E$84:$AE$89,AE$93,0) -> #N/A
B98: Datenbeschriftung DS
G99: =TEXT(G94,"MMM JJJJ") -> Jul 2024 | H99: =TEXT(H94,"MMM JJJJ") -> Aug 2024 | I99: =TEXT(I94,"MMM JJJJ") -> Sep 2024 | J99: =TEXT(J94,"MMM JJJJ") -> Okt 2024 | K99: =TEXT(K94,"MMM JJJJ") -> Nov 2024 | L99: =TEXT(L94,"MMM JJJJ") -> Dez 2024 | M99: =TEXT(M94,"MMM JJJJ") -> Jan 2025 | N99: =TEXT(N94,"MMM JJJJ") -> Feb 2025 | ... AE99: =TEXT(AE94,"MMM JJJJ") -> Jul 2026
B100: Insgesamt | C100: F | D100: =$B$64 -> Insgesamt | E100: =B100&C100&D100 -> InsgesamtFInsgesamt | G100: =IFERROR(G95,"X") -> 5.3191489 | H100: =IFERROR(H95,"") -> 2.4257126 | I100: =IFERROR(I95,"") -> 6.7934783 | J100: =IFERROR(J95,"") -> 6.077659 | K100: =IFERROR(K95,"") -> 5.1993068 | L100: =IFERROR(L95,"") -> 5.1445087 | M100: =IFERROR(M95,"") -> 4.8878666 | N100: =IFERROR(N95,"") -> 4.2927903 | O100: =IFERROR(O95,"") -> 3.2533333 | ... AE100: =IFERROR(AE95,"")
B101: Insgesamt | C101: M | D101: =$B$64 -> Insgesamt | E101: =B101&C101&D101 -> InsgesamtMInsgesamt | G101: =IFERROR(G96,"X") -> 7.0184984 | H101: =IFERROR(H96,"") -> 4.1795666 | I101: =IFERROR(I96,"") -> 7.6668244 | J101: =IFERROR(J96,"") -> 6.5248913 | K101: =IFERROR(K96,"") -> 5.9106199 | L101: =IFERROR(L96,"") -> 4.9784586 | M101: =IFERROR(M96,"") -> 4.9625468 | N101: =IFERROR(N96,"") -> 5.6595559 | O101: =IFERROR(O96,"") -> 4.4243986 | ... AE101: =IFERROR(AE96,"")
B103: Text bei unvollständiger Datenlieferung | F103: Zählt Datenausfälle | H103: =SUMIF($E$84:$E$89,I103,AF84:AF89) -> 1 | I103: =E95 -> InsgesamtFInsgesamt
B104: =IF(H103>0,B105,"") -> Lücken in der Grafik entstehen durch unvollständige Daten. Strukturen für Abgänge können dann nicht ausgewertet werden.
B105: Lücken in der Grafik entstehen durch unvollständige Daten. Strukturen für Abgänge können dann nicht ausgewertet werden.
G106: =G100 -> 5.3191489 | H106: =H100 -> 2.4257126 | I106: =I100 -> 6.7934783 | J106: =J100 -> 6.077659 | K106: =K100 -> 5.1993068 | L106: =L100 -> 5.1445087 | M106: =M100 -> 4.8878666 | N106: =N100 -> 4.2927903 | ... AE106: =AE100
G107: =G101 -> 7.0184984 | H107: =H101 -> 4.1795666 | I107: =I101 -> 7.6668244 | J107: =J101 -> 6.5248913 | K107: =K101 -> 5.9106199 | L107: =L101 -> 4.9784586 | M107: =M101 -> 4.9625468 | N107: =N101 -> 5.6595559 | ... AE107: =AE101
AB108: =IF(COUNTIF(AC108:AE108,"")=3,"Frauen","") | AC108: =IF(COUNTIF(AD108:AE108,"")=2,"Frauen","") | AD108: =IF(AE108<>"","","Frauen") -> Frauen | AE108: =IF(AE100="","","Frauen")
B109: Die Abgangsrate ist der Anteil des Abgangs Arbeitsoser eines Monats zum Bestand Arbeitsloser des Vormonats. | AB109: =IF(COUNTIF(AC109:AE109,"")=3,"Männer","") | AC109: =IF(COUNTIF(AD109:AE109,"")=2,"Männer","") | AD109: =IF(AE109<>"","","Männer") -> Männer | AE109: =IF(AE101="","","Männer")
B111: DiaDat
C112: 'Tab 1.2_roh'!$AL$112:$BJ$112 | D112: 1 | E112: Frauen | F112: d01_F | G112: =G95 -> 5.3191489 | H112: =H95 -> 2.4257126
C113: 'Tab 1.2_roh'!$AL$113:$BJ$113 | D113: 2 | F113: d02_F | H113: =H95:I95 -> 2.4257126 | I113: =I95:J95 -> 6.7934783
C114: 'Tab 1.2_roh'!$AL$114:$BJ$114 | D114: 3 | F114: d03_F | I114: =I95 -> 6.7934783 | J114: =J95 -> 6.077659
C115: 'Tab 1.2_roh'!$AL$115:$BJ$115 | D115: 4 | F115: d04_F | J115: =J95 -> 6.077659 | K115: =K95 -> 5.1993068
C116: 'Tab 1.2_roh'!$AL$116:$BJ$116 | D116: 5 | F116: d05_F | K116: =K95 -> 5.1993068 | L116: =L95 -> 5.1445087
C117: 'Tab 1.2_roh'!$AL$117:$BJ$117 | D117: 6 | F117: d06_F | L117: =L95 -> 5.1445087 | M117: =M95 -> 4.8878666
C118: 'Tab 1.2_roh'!$AL$118:$BJ$118 | D118: 7 | F118: d07_F | M118: =M95 -> 4.8878666 | N118: =N95 -> 4.2927903
...

Sheet Tab 1.2
A1: Frauen und Männer
A3: =Auswahl!F3 -> 1.2 Zugänge in und Abgänge aus Arbeitslosigkeit
A4: ='Tab 1.2_roh'!D4 -> JC Tuttlingen (Gebietsstand: Juli 2026), SGB II-Vergleichstyp Ic
A5: ='Tab 1.2_roh'!D5 -> Juli 2026
A23: Um ein Gesamtbild zur Arbeitslosigkeit zu erhalten, werden neben dem Bestand an Arbeitslosen die Zu- und Abgänge in und aus Arbeitslosigkeit abgebildet. Diese geben Informationen darüber, woher die Arbeitslosen kommen bzw. wohin sie gehen (Erwerbstätigkeit, Ausbildung/Maßnahmeteilnahme, Nichterwerbstätigkeit oder Sonstiges). Bei der Betrachtung der Bewegungen sind die saisonbedingten Einflüsse zu berücksichtigen. Im Frühjahr sind z.B. witterungsbedingt die Abgänge besonders hoch, insbesondere im Bau- und Gartenbaubereich. Das betrifft vor allem die Männer. Auch durch Einstellungstermine nach den Sommerferien und zu Jahresbeginn ergeben sich erhöhte Abgänge.
A33: Merkmale | D33: Frauen | H33: Männer
D34: Zugang/ Abgang | E34: Anteil an Merkmals- gruppe in % | F34: Verände- rung zum Vorjahr in % | G34: Anteil Frauen an allen Personen in % | H34: Zugang/ Abgang | I34: Anteil an Merkmals- gruppe in % | J34: Verände- rung zum Vorjahr in %
D35: 1 | E35: 2 | F35: 3 | G35: 4 | H35: 5 | I35: 6 | J35: 7
A36: Zugang an Arbeitslosen | D36: ='Tab 1.2_roh'!C66 -> 367 | E36: ='Tab 1.2_roh'!D66 -> 100 | F36: ='Tab 1.2_roh'!E66 -> 13.622291 | G36: ='Tab 1.2_roh'!F66 -> 45.817728 | H36: ='Tab 1.2_roh'!G66 -> 434 | I36: ='Tab 1.2_roh'!H66 -> 100 | J36: ='Tab 1.2_roh'!I66 -> 5.0847458
A37: dav.: | B37: Erwerbstätigkeit | D37: ='Tab 1.2_roh'!C67 -> X | E37: ='Tab 1.2_roh'!D67 -> X | F37: ='Tab 1.2_roh'!E67 -> X | G37: ='Tab 1.2_roh'!F67 -> X | H37: ='Tab 1.2_roh'!G67 -> X | I37: ='Tab 1.2_roh'!H67 -> X | J37: ='Tab 1.2_roh'!I67 -> X
B38: dar.: | C38: Beschäftigung am 1. Arbeitsmarkt | D38: ='Tab 1.2_roh'!C68 -> X | E38: ='Tab 1.2_roh'!D68 -> X | F38: ='Tab 1.2_roh'!E68 -> X | G38: ='Tab 1.2_roh'!F68 -> X | H38: ='Tab 1.2_roh'!G68 -> X | I38: ='Tab 1.2_roh'!H68 -> X | J38: ='Tab 1.2_roh'!I68 -> X
C39: Selbständigkeit | D39: ='Tab 1.2_roh'!C69 -> X | E39: ='Tab 1.2_roh'!D69 -> X | F39: ='Tab 1.2_roh'!E69 -> X | G39: ='Tab 1.2_roh'!F69 -> X | H39: ='Tab 1.2_roh'!G69 -> X | I39: ='Tab 1.2_roh'!H69 -> X | J39: ='Tab 1.2_roh'!I69 -> X
B40: Ausbildung u. sonst. Maßnahmeteilnahme | D40: ='Tab 1.2_roh'!C70 -> X | E40: ='Tab 1.2_roh'!D70 -> X | F40: ='Tab 1.2_roh'!E70 -> X | G40: ='Tab 1.2_roh'!F70 -> X | H40: ='Tab 1.2_roh'!G70 -> X | I40: ='Tab 1.2_roh'!H70 -> X | J40: ='Tab 1.2_roh'!I70 -> X
B41: Nichterwerbstätigkeit | D41: ='Tab 1.2_roh'!C71 -> X | E41: ='Tab 1.2_roh'!D71 -> X | F41: ='Tab 1.2_roh'!E71 -> X | G41: ='Tab 1.2_roh'!F71 -> X | H41: ='Tab 1.2_roh'!G71 -> X | I41: ='Tab 1.2_roh'!H71 -> X | J41: ='Tab 1.2_roh'!I71 -> X
B42: Sonstiges/ Keine Angabe | D42: ='Tab 1.2_roh'!C72 -> X | E42: ='Tab 1.2_roh'!D72 -> X | F42: ='Tab 1.2_roh'!E72 -> X | G42: ='Tab 1.2_roh'!F72 -> X | H42: ='Tab 1.2_roh'!G72 -> X | I42: ='Tab 1.2_roh'!H72 -> X | J42: ='Tab 1.2_roh'!I72 -> X
A43: Abgang an Arbeitslosen | D43: ='Tab 1.2_roh'!C73 -> 330 | E43: ='Tab 1.2_roh'!D73 -> 100 | F43: ='Tab 1.2_roh'!E73 -> 12.627986 | G43: ='Tab 1.2_roh'!F73 -> 43.53562 | H43: ='Tab 1.2_roh'!G73 -> 428 | I43: ='Tab 1.2_roh'!H73 -> 100 | J43: ='Tab 1.2_roh'!I73 -> 7.5376884
A44: dav.: | B44: Erwerbstätigkeit | D44: ='Tab 1.2_roh'!C74 -> X | E44: ='Tab 1.2_roh'!D74 -> X | F44: ='Tab 1.2_roh'!E74 -> X | G44: ='Tab 1.2_roh'!F74 -> X | H44: ='Tab 1.2_roh'!G74 -> X | I44: ='Tab 1.2_roh'!H74 -> X | J44: ='Tab 1.2_roh'!I74 -> X
B45: dar.: | C45: Beschäftigung am 1. Arbeitsmarkt | D45: ='Tab 1.2_roh'!C75 -> X | E45: ='Tab 1.2_roh'!D75 -> X | F45: ='Tab 1.2_roh'!E75 -> X | G45: ='Tab 1.2_roh'!F75 -> X | H45: ='Tab 1.2_roh'!G75 -> X | I45: ='Tab 1.2_roh'!H75 -> X | J45: ='Tab 1.2_roh'!I75 -> X
C46: Selbständigkeit | D46: ='Tab 1.2_roh'!C76 -> X | E46: ='Tab 1.2_roh'!D76 -> X | F46: ='Tab 1.2_roh'!E76 -> X | G46: ='Tab 1.2_roh'!F76 -> X | H46: ='Tab 1.2_roh'!G76 -> X | I46: ='Tab 1.2_roh'!H76 -> X | J46: ='Tab 1.2_roh'!I76 -> X
B47: Ausbildung u. sonst. Maßnahmeteilnahme | D47: ='Tab 1.2_roh'!C77 -> X | E47: ='Tab 1.2_roh'!D77 -> X | F47: ='Tab 1.2_roh'!E77 -> X | G47: ='Tab 1.2_roh'!F77 -> X | H47: ='Tab 1.2_roh'!G77 -> X | I47: ='Tab 1.2_roh'!H77 -> X | J47: ='Tab 1.2_roh'!I77 -> X
B48: Nichterwerbstätigkeit | D48: ='Tab 1.2_roh'!C78 -> X | E48: ='Tab 1.2_roh'!D78 -> X | F48: ='Tab 1.2_roh'!E78 -> X | G48: ='Tab 1.2_roh'!F78 -> X | H48: ='Tab 1.2_roh'!G78 -> X | I48: ='Tab 1.2_roh'!H78 -> X | J48: ='Tab 1.2_roh'!I78 -> X
B49: Sonstiges/ Keine Angabe | D49: ='Tab 1.2_roh'!C79 -> X | E49: ='Tab 1.2_roh'!D79 -> X | F49: ='Tab 1.2_roh'!E79 -> X | G49: ='Tab 1.2_roh'!F79 -> X | H49: ='Tab 1.2_roh'!G79 -> X | I49: ='Tab 1.2_roh'!H79 -> X | J49: ='Tab 1.2_roh'!I79 -> X
J50: © Statistik der Bundesagentur für Arbeit
A51: =IF('Tab 1.2_roh'!B104<>"","Aufgrund unvollständiger Daten können einige Merkmale nicht ausgewertet werden, da diese nicht geschätzt werden.","") -> Aufgrund unvollständiger Daten können einige Merkmale nicht ausgewertet werden, da diese nicht geschätzt werden.
A52: Hinweis zur Grafik Die Abgangsrate ist der Abgang Arbeitsloser eines Monats bezogen auf den Bestand des Vormonats.

Sheet Tab 2_roh
C1: TabSpalten | AW1: XXX
C2: Hilfsspalten
C3: Überschrift | D3: 2 Unterbeschäftigung
C4: Gebiet | D4: JC Tuttlingen (Gebietsstand: Juli 2026), SGB II-Vergleichstyp Ic
C5: BM | D5: April 2026, Daten mit einer Wartezeit von 3 Monaten
C9: Frauen | D9: Frauen | E9: Frauen | F9: Frauen | G9: Frauen | H9: Frauen | I9: Männer | J9: Männer | K9: Männer | L9: Männer | M9: Frauen | N9: Frauen | O9: Frauen | P9: Frauen | Q9: Frauen | R9: Frauen | S9: Männer | T9: Männer | U9: Männer | V9: Männer | W9: Frauen | X9: Frauen | Y9: Frauen | Z9: Frauen | AA9: Frauen | AB9: Frauen | AC9: Männer | AD9: Männer | AE9: Männer | AF9: Männer | AH9: Frauen | AI9: Frauen | AJ9: Frauen | AK9: Männer | AL9: Männer | AM9: Frauen | AN9: Frauen | AO9: Frauen | AP9: Männer | AQ9: Männer | AR9: Frauen | AS9: Frauen | AT9: Frauen | AU9: Männer | AV9: Männer
B10: Tab/DS | C10: Anzahl | D10: VJM | E10: Anteil der Personen- gruppe an Insgesamt in % | F10: Verände- rung zum Vorjahr in % | G10: Gesamt | H10: Anteil an Frauen und Männer insgesamt in % | I10: Anzahl | J10: VJM | K10: Anteil der Personen- gruppe an Insgesamt in % | L10: Verände- rung zum Vorjahr in % | M10: Anzahl | N10: VJM | O10: Anteil der Personen- gruppe an Insgesamt in % | P10: Verände- rung zum Vorjahr in % | Q10: Gesamt | R10: Anteil an Frauen und Männer insgesamt in % | S10: Anzahl | T10: VJM | U10: Anteil der Personen- gruppe an Insgesamt in % | V10: Verände- rung zum Vorjahr in % | W10: Anzahl | X10: VJM | Y10: Anteil der Personen- gruppe an Insgesamt in % | Z10: Verände- rung zum Vorjahr in % | AA10: Gesamt | AB10: Anteil an Frauen und Männer insgesamt in % | AC10: Anzahl | AD10: VJM | AE10: Anteil der Personen- gruppe an Insgesamt in % | AF10: Verände- rung zum Vorjahr in % | AH10: Anteil der Personen- gruppe an Insgesamt in % | AI10: Verände- rung zum Vorjahr in % | AJ10: Anteil an Frauen und Männer insgesamt in % | AK10: Anteil der Personen- gruppe an Insgesamt in % | AL10: Verände- rung zum Vorjahr in % | AM10: Anteil der Personen- gruppe an Insgesamt in % | AN10: Verände- rung zum Vorjahr in % | AO10: Anteil an Frauen und Männer insgesamt in % | AP10: Anteil der Personen- gruppe an Insgesamt in % | AQ10: Verände- rung zum Vorjahr in % | AR10: Anteil der Personen- gruppe an Insgesamt in % | AS10: Verände- rung zum Vorjahr in % | AT10: Anteil an Frauen und Männer insgesamt in % | AU10: Anteil der Personen- gruppe an Insgesamt in % | AV10: Verände- rung zum Vorjahr in %
C11: 1 | D11: 0 | E11: 2 | F11: 3 | G11: 0 | H11: 4 | I11: 5 | J11: 0 | K11: 6 | L11: 7 | AH11: 2 | AI11: 3 | AJ11: 4 | AK11: 6 | AL11: 7
C12: 1 | D12: 2 | E12: 3 | F12: 4 | G12: 5 | H12: 6 | I12: 7 | J12: 8 | K12: 9 | L12: 10 | M12: 1 | N12: 2 | O12: 3 | P12: 4 | Q12: 5 | R12: 6 | S12: 7 | T12: 8 | U12: 9 | V12: 10 | W12: 1 | X12: 2 | Y12: 3 | Z12: 4 | AA12: 5 | AB12: 6 | AC12: 7 | AD12: 8 | AE12: 9 | AF12: 10 | AH12: 3 | AI12: 4 | AJ12: 6 | AK12: 9 | AL12: 10 | AM12: 3 | AN12: 4 | AO12: 6 | AP12: 9 | AQ12: 10 | AR12: 3 | AS12: 4 | AT12: 6 | AU12: 9 | AV12: 10
C13: 1Insgesamt | D13: 2Insgesamt | G13: 5Insgesamt | I13: 7Insgesamt | J13: 8Insgesamt | M13: 1SGB III | N13: 2SGB III | Q13: 5SGB III | S13: 7SGB III | T13: 8SGB III | W13: 1SGB II | X13: 2SGB II | AA13: 5SGB II | AC13: 7SGB II | AD13: 8SGB II | AH13: 3Insgesamt | AI13: 4Insgesamt | AJ13: 6Insgesamt | AK13: 9Insgesamt | AL13: 10Insgesamt | AM13: 3SGB III | AN13: 4SGB III | AO13: 6SGB III | AP13: 9SGB III | AQ13: 10SGB III | AR13: 3SGB II | AS13: 4SGB II | AT13: 6SGB II | AU13: 9SGB II | AV13: 10SGB II
B14: ID für Auswahl | C14: Insgesamt | M14: SGB III | W14: SGB II
C15: 2125 | D15: 1972 | G15: 4609 | I15: 2484 | J15: 2405 | M15: 899 | N15: 798 | Q15: 2148 | S15: 1249 | T15: 1167 | W15: 1226 | X15: 1174 | AA15: 2461 | AC15: 1235 | AD15: 1238 | AH15: 85.034014 | AI15: 7.7586207 | AJ15: 46.105446 | AK15: 85.684719 | AL15: 3.2848233 | AM15: 86.859903 | AN15: 12.656642 | AO15: 41.852886 | AP15: 89.087019 | AQ15: 7.0265638 | AR15: 83.743169 | AS15: 4.4293015 | AT15: 49.817148 | AU15: 82.49833 | AV15: -0.24232633
C16: 55 | D16: 64 | G16: 142 | I16: 87 | J16: 64 | M16: 10 | N16: 15 | Q16: 31 | S16: 21 | T16: 23 | W16: 45 | X16: 49 | AA16: 111 | AC16: 66 | AD16: 41 | AH16: 2.2008804 | AI16: -14.0625 | AJ16: 38.732394 | AK16: 3.0010348 | AL16: 35.9375 | AM16: 0.96618357 | AN16: -33.333333 | AO16: 32.258065 | AP16: 1.4978602 | AQ16: -8.6956522 | AR16: 3.0737705 | AS16: -8.1632653 | AT16: 40.540541 | AU16: 4.4088176 | AV16: 60.97561
C17: 43 | D17: 46 | G17: 111 | I17: 68 | J17: 38 | M17: 10 | N17: 15 | Q17: 31 | S17: 21 | T17: 23 | W17: 33 | X17: 31 | AA17: 80 | AC17: 47 | AD17: 15 | AH17: 1.7206883 | AI17: -6.5217391 | AJ17: 38.738739 | AK17: 2.3456364 | AL17: 78.947368 | AM17: 0.96618357 | AN17: -33.333333 | AO17: 32.258065 | AP17: 1.4978602 | AQ17: -8.6956522 | AR17: 2.2540984 | AS17: 6.4516129 | AT17: 41.25 | AU17: 3.1396126 | AV17: 213.33333
C18: 12 | D18: 18 | G18: 31 | I18: 19 | J18: 26 | M18: 0 | N18: 0 | Q18: 0 | S18: 0 | T18: 0 | W18: 12 | X18: 18 | AA18: 31 | AC18: 19 | AD18: 26 | AH18: 0.48019208 | AI18: -33.333333 | AJ18: 38.709677 | AK18: 0.65539841 | AL18: -26.923077 | AM18: 0 | AN18: X | AO18: X | AP18: 0 | AQ18: X | AR18: 0.81967213 | AS18: -33.333333 | AT18: 38.709677 | AU18: 1.2692051 | AV18: -26.923077
C19: 2180 | D19: 2036 | G19: 4751 | I19: 2571 | J19: 2469 | M19: 909 | N19: 813 | Q19: 2179 | S19: 1270 | T19: 1190 | W19: 1271 | X19: 1223 | AA19: 2572 | AC19: 1301 | AD19: 1279 | AH19: 87.234894 | AI19: 7.0726916 | AJ19: 45.885077 | AK19: 88.685754 | AL19: 4.1312272 | AM19: 87.826087 | AN19: 11.808118 | AO19: 41.716384 | AP19: 90.584879 | AQ19: 6.7226891 | AR19: 86.81694 | AS19: 3.9247751 | AT19: 49.416796 | AU19: 86.907148 | AV19: 1.7200938
C20: 314 | D20: 344 | G20: 631 | I20: 317 | J20: 358 | M20: 121 | N20: 134 | Q20: 243 | S20: 122 | T20: 158 | W20: 193 | X20: 210 | AA20: * | AC20: * | AD20: 200 | AH20: 12.565026 | AI20: -8.7209302 | AJ20: 49.762282 | AK20: 10.934805 | AL20: -11.452514 | AM20: 11.690821 | AN20: -9.7014925 | AO20: 49.794239 | AP20: 8.7018545 | AQ20: -22.78481 | AR20: 13.18306 | AS20: -8.0952381 | AT20: X | AU20: X | AV20: X
C21: 79 | D21: 96 | G21: 172 | I21: 93 | J21: 118 | M21: 63 | N21: 82 | Q21: 145 | S21: 82 | T21: 106 | W21: 16 | X21: 14 | AA21: 27 | AC21: 11 | AD21: 12 | AH21: 3.1612645 | AI21: -17.708333 | AJ21: 45.930233 | AK21: 3.2080028 | AL21: -21.186441 | AM21: 6.0869565 | AN21: -23.170732 | AO21: 43.448276 | AP21: 5.8487874 | AQ21: -22.641509 | AR21: 1.0928962 | AS21: 14.285714 | AT21: 59.259259 | AU21: 0.73480294 | AV21: -8.3333333
C22: 16 | D22: 19 | G22: 28 | I22: 12 | J22: 15 | M22: 0 | N22: 0 | Q22: 0 | S22: 0 | T22: 0 | W22: 16 | X22: 19 | AA22: 28 | AC22: 12 | AD22: 15 | AH22: 0.6402561 | AI22: -15.789474 | AJ22: 57.142857 | AK22: 0.41393584 | AL22: -20 | AM22: 0 | AN22: X | AO22: X | AP22: 0 | AQ22: X | AR22: 1.0928962 | AS22: -15.789474 | AT22: 57.142857 | AU22: 0.80160321 | AV22: -20
C23: 185 | D23: 196 | G23: 372 | I23: 187 | J23: 194 | M23: 39 | N23: 36 | Q23: 60 | S23: 21 | T23: 35 | W23: 146 | X23: 160 | AA23: 312 | AC23: 166 | AD23: 159 | AH23: 7.4029612 | AI23: -5.6122449 | AJ23: 49.731183 | AK23: 6.4505002 | AL23: -3.6082474 | AM23: 3.7681159 | AN23: 8.3333333 | AO23: 65 | AP23: 1.4978602 | AQ23: -40 | AR23: 9.9726776 | AS23: -8.75 | AT23: 46.794872 | AU23: 11.088844 | AV23: 4.4025157
C24: 0 | D24: 0 | G24: 0 | I24: 0 | J24: 0 | M24: 0 | N24: 0 | Q24: 0 | S24: 0 | T24: 0 | W24: 0 | X24: 0 | AA24: 0 | AC24: 0 | AD24: 0 | AH24: 0 | AI24: X | AJ24: X | AK24: 0 | AL24: X | AM24: 0 | AN24: X | AO24: X | AP24: 0 | AQ24: X | AR24: 0 | AS24: X | AT24: X | AU24: 0 | AV24: X
C25: 0 | D25: 0 | G25: 0 | I25: 0 | J25: 0 | M25: 0 | N25: 0 | Q25: 0 | S25: 0 | T25: 0 | W25: 0 | X25: 0 | AA25: 0 | AC25: 0 | AD25: 0 | AH25: 0 | AI25: X | AJ25: X | AK25: 0 | AL25: X | AM25: 0 | AN25: X | AO25: X | AP25: 0 | AQ25: X | AR25: 0 | AS25: X | AT25: X | AU25: 0 | AV25: X
C26: 12 | D26: 13 | G26: 17 | I26: 5 | J26: 8 | M26: 0 | N26: 0 | Q26: 0 | S26: 0 | T26: 0 | W26: 12 | X26: 13 | AA26: 17 | AC26: 5 | AD26: 8 | AH26: 0.48019208 | AI26: -7.6923077 | AJ26: 70.588235 | AK26: 0.17247327 | AL26: -37.5 | AM26: 0 | AN26: X | AO26: X | AP26: 0 | AQ26: X | AR26: 0.81967213 | AS26: -7.6923077 | AT26: 70.588235 | AU26: 0.33400134 | AV26: -37.5
C27: 22 | D27: 20 | G27: 42 | I27: 20 | J27: 23 | M27: 19 | N27: 16 | Q27: 38 | S27: 19 | T27: 17 | W27: 3 | X27: 4 | AA27: * | AC27: * | AD27: 6 | AH27: 0.88035214 | AI27: 10 | AJ27: 52.380952 | AK27: 0.68989307 | AL27: -13.043478 | AM27: 1.8357488 | AN27: 18.75 | AO27: 50 | AP27: 1.3552068 | AQ27: 11.764706 | AR27: 0.20491803 | AS27: -25 | AT27: X | AU27: X | AV27: X
C28: 2494 | D28: 2380 | G28: 5382 | I28: 2888 | J28: 2827 | M28: 1030 | N28: 947 | Q28: 2422 | S28: 1392 | T28: 1348 | W28: 1464 | X28: 1433 | AA28: * | AC28: * | AD28: 1479 | AH28: 99.79992 | AI28: 4.789916 | AJ28: 46.339651 | AK28: 99.620559 | AL28: 2.1577644 | AM28: 99.516908 | AN28: 8.7645195 | AO28: 42.526837 | AP28: 99.286733 | AQ28: 3.264095 | AR28: 100 | AS28: 2.1632938 | AT28: X | AU28: X | AV28: X
C29: 5 | D29: 12 | G29: 16 | I29: 11 | J29: 20 | M29: 5 | N29: 12 | Q29: 15 | S29: 10 | T29: 20 | W29: 0 | X29: 0 | AA29: * | AC29: * | AD29: 0 | AH29: 0.20008003 | AI29: -58.333333 | AJ29: 31.25 | AK29: 0.37944119 | AL29: -45 | AM29: 0.48309179 | AN29: -58.333333 | AO29: 33.333333 | AP29: 0.71326676 | AQ29: -50 | AR29: 0 | AS29: X | AT29: X | AU29: X | AV29: X
C30: 5 | D30: 12 | G30: * | I30: * | J30: 20 | M30: 5 | N30: 12 | Q30: 15 | S30: 10 | T30: 20 | W30: 0 | X30: 0 | AA30: 0 | AC30: 0 | AD30: 0 | AH30: 0.20008003 | AI30: -58.333333 | AJ30: X | AK30: X | AL30: X | AM30: 0.48309179 | AN30: -58.333333 | AO30: 33.333333 | AP30: 0.71326676 | AQ30: -50 | AR30: 0 | AS30: X | AT30: X | AU30: 0 | AV30: X
C31: 0 | D31: 0 | G31: * | I31: * | J31: 0 | M31: 0 | N31: 0 | Q31: 0 | S31: 0 | T31: 0 | W31: 0 | X31: 0 | AA31: * | AC31: * | AD31: 0 | AH31: 0 | AI31: X | AJ31: X | AK31: X | AL31: X | AM31: 0 | AN31: X | AO31: X | AP31: 0 | AQ31: X | AR31: 0 | AS31: X | AT31: X | AU31: X | AV31: X
C32: 2499 | D32: 2392 | G32: 5398 | I32: 2899 | J32: 2847 | M32: 1035 | N32: 959 | Q32: 2437 | S32: 1402 | T32: 1368 | W32: 1464 | X32: 1433 | AA32: 2961 | AC32: 1497 | AD32: 1479 | AH32: 100 | AI32: 4.4732441 | AJ32: 46.294924 | AK32: 100 | AL32: 1.826484 | AM32: 100 | AN32: 7.9249218 | AO32: 42.47025 | AP32: 100 | AQ32: 2.4853801 | AR32: 100 | AS32: 2.1632938 | AT32: 49.442756 | AU32: 100 | AV32: 1.2170385
B35: DiaDatRoh
B36: UB-Quote
E38: Dezember 2018 | F38: Dezember 2019 | G38: Dezember 2020 | H38: Dezember 2021 | I38: Dezember 2022 | J38: Dezember 2023 | K38: Dezember 2024 | L38: Dezember 2025
B39: Weiblich | C39: Insgesamt | D39: WeiblichInsgesamt | E39: 3.5825646 | F39: 3.9066579 | G39: 4.9357894 | H39: 4.2245468 | I39: 5.764412 | J39: 5.8790363 | K39: 5.6730563 | L39: 6.2844314
B40: Männlich | C40: Insgesamt | D40: MännlichInsgesamt | E40: 3.3846172 | F40: 4.0502346 | G40: 5.1754191 | H40: 4.0520709 | I40: 4.4611102 | J40: 4.9419956 | K40: 5.7099512 | L40: 6.1288842
B41: Weiblich | C41: SGB III | D41: WeiblichSGB III | E41: 1.5952349 | F41: 2.0824965 | G41: 2.6853014 | H41: 1.8760938 | I41: 1.9294546 | J41: 1.992805 | K41: 2.1267532 | L41: 2.4936994
B42: Männlich | C42: SGB III | D42: MännlichSGB III | E42: 1.5688158 | F42: 2.2845749 | G42: 3.0498401 | H42: 1.9012192 | I42: 1.8172397 | J42: 2.0870138 | K42: 2.6611596 | L42: 2.8481157
B43: Weiblich | C43: SGB II | D43: WeiblichSGB II | E43: 1.9873297 | F43: 1.8241615 | G43: 2.2504881 | H43: 2.3484531 | I43: 3.8349574 | J43: 3.8862313 | K43: 3.5463031 | L43: 3.790732
B44: Männlich | C44: SGB II | D44: MännlichSGB II | E44: 1.8158014 | F44: 1.7656597 | G44: 2.125579 | H44: 2.1508517 | I44: 2.6438704 | J44: 2.8549818 | K44: 3.0487917 | L44: 3.2807684
C57: Frauen | D57: Frauen | E57: Frauen | F57: Frauen | G57: Männer | H57: Männer | I57: Männer
B58: Tab | C58: Bestand | D58: Anteil der Merkmals- gruppe an Insgesamt in % | E58: Verände- rung zum Vorjahr in % | F58: Anteil an allen Personen in % | G58: Bestand | H58: Anteil der Merkmals- gruppe an Insgesamt in % | I58: Verände- rung zum Vorjahr in %
C59: 1 | D59: 2 | E59: 3 | F59: 4 | G59: 5 | H59: 6 | I59: 7
B60: =Auswahl!$A$2 -> Insgesamt | C60: 1 | D60: 3 | E60: 4 | F60: 6 | G60: 7 | H60: 9 | I60: 10 | J60: Spalte in der Tabelle Tab/DS für Insgesamt
C61: =MATCH(C60&$B$60,$C$13:$AV$13,0) -> 1 | D61: =MATCH(D60&$B$60,$C$13:$AV$13,0) -> 32 | E61: =MATCH(E60&$B$60,$C$13:$AV$13,0) -> 33 | F61: =MATCH(F60&$B$60,$C$13:$AV$13,0) -> 34 | G61: =MATCH(G60&$B$60,$C$13:$AV$13,0) -> 7 | H61: =MATCH(H60&$B$60,$C$13:$AV$13,0) -> 35 | I61: =MATCH(I60&$B$60,$C$13:$AV$13,0) -> 36 | J61: Berechnete Spalte in Tab/DS (Merkmalsspalte+Auftreten der Merkmalsauswahl
A62: 1 | B62: Arbeitslose | C62: =INDEX($C$15:$AV$32,$A62,C$61) -> 2125 | D62: =INDEX($C$15:$AV$32,$A62,D$61) -> 85.034014 | E62: =INDEX($C$15:$AV$32,$A62,E$61) -> 7.7586207 | F62: =INDEX($C$15:$AV$32,$A62,F$61) -> 46.105446 | G62: =INDEX($C$15:$AV$32,$A62,G$61) -> 2484 | H62: =INDEX($C$15:$AV$32,$A62,H$61) -> 85.684719 | I62: =INDEX($C$15:$AV$32,$A62,I$61) -> 3.2848233
A63: 2 | B63: Personen, die im weiteren Sinne arbeitslos sind | C63: =INDEX($C$15:$AV$32,$A63,C$61) -> 55 | D63: =INDEX($C$15:$AV$32,$A63,D$61) -> 2.2008804 | E63: =INDEX($C$15:$AV$32,$A63,E$61) -> -14.0625 | F63: =INDEX($C$15:$AV$32,$A63,F$61) -> 38.732394 | G63: =INDEX($C$15:$AV$32,$A63,G$61) -> 87 | H63: =INDEX($C$15:$AV$32,$A63,H$61) -> 3.0010348 | I63: =INDEX($C$15:$AV$32,$A63,I$61) -> 35.9375
A64: 3 | B64: Aktivierung und berufliche Eingliederung | C64: =INDEX($C$15:$AV$32,$A64,C$61) -> 43 | D64: =INDEX($C$15:$AV$32,$A64,D$61) -> 1.7206883 | E64: =INDEX($C$15:$AV$32,$A64,E$61) -> -6.5217391 | F64: =INDEX($C$15:$AV$32,$A64,F$61) -> 38.738739 | G64: =INDEX($C$15:$AV$32,$A64,G$61) -> 68 | H64: =INDEX($C$15:$AV$32,$A64,H$61) -> 2.3456364 | I64: =INDEX($C$15:$AV$32,$A64,I$61) -> 78.947368
A65: 4 | B65: Sonderregelungen für Ältere (§ 53a Abs. 2 SGB II) | C65: =INDEX($C$15:$AV$32,$A65,C$61) -> 12 | D65: =INDEX($C$15:$AV$32,$A65,D$61) -> 0.48019208 | E65: =INDEX($C$15:$AV$32,$A65,E$61) -> -33.333333 | F65: =INDEX($C$15:$AV$32,$A65,F$61) -> 38.709677 | G65: =INDEX($C$15:$AV$32,$A65,G$61) -> 19 | H65: =INDEX($C$15:$AV$32,$A65,H$61) -> 0.65539841 | I65: =INDEX($C$15:$AV$32,$A65,I$61) -> -26.923077
A66: 5 | B66: Arbeitslosigkeit im weiteren Sinne | C66: =INDEX($C$15:$AV$32,$A66,C$61) -> 2180 | D66: =INDEX($C$15:$AV$32,$A66,D$61) -> 87.234894 | E66: =INDEX($C$15:$AV$32,$A66,E$61) -> 7.0726916 | F66: =INDEX($C$15:$AV$32,$A66,F$61) -> 45.885077 | G66: =INDEX($C$15:$AV$32,$A66,G$61) -> 2571 | H66: =INDEX($C$15:$AV$32,$A66,H$61) -> 88.685754 | I66: =INDEX($C$15:$AV$32,$A66,I$61) -> 4.1312272
A67: 6 | B67: Personen, die nahe am Arbeitslosenstatus sind | C67: =INDEX($C$15:$AV$32,$A67,C$61) -> 314 | D67: =INDEX($C$15:$AV$32,$A67,D$61) -> 12.565026 | E67: =INDEX($C$15:$AV$32,$A67,E$61) -> -8.7209302 | F67: =INDEX($C$15:$AV$32,$A67,F$61) -> 49.762282 | G67: =INDEX($C$15:$AV$32,$A67,G$61) -> 317 | H67: =INDEX($C$15:$AV$32,$A67,H$61) -> 10.934805 | I67: =INDEX($C$15:$AV$32,$A67,I$61) -> -11.452514
A68: 7 | B68: Berufliche Weiterbildung (einschl. Förderung behinderter Menschen) | C68: =INDEX($C$15:$AV$32,$A68,C$61) -> 79 | D68: =INDEX($C$15:$AV$32,$A68,D$61) -> 3.1612645 | E68: =INDEX($C$15:$AV$32,$A68,E$61) -> -17.708333 | F68: =INDEX($C$15:$AV$32,$A68,F$61) -> 45.930233 | G68: =INDEX($C$15:$AV$32,$A68,G$61) -> 93 | H68: =INDEX($C$15:$AV$32,$A68,H$61) -> 3.2080028 | I68: =INDEX($C$15:$AV$32,$A68,I$61) -> -21.186441
A69: 8 | B69: Arbeitsgelegenheiten | C69: =INDEX($C$15:$AV$32,$A69,C$61) -> 16 | D69: =INDEX($C$15:$AV$32,$A69,D$61) -> 0.6402561 | E69: =INDEX($C$15:$AV$32,$A69,E$61) -> -15.789474 | F69: =INDEX($C$15:$AV$32,$A69,F$61) -> 57.142857 | G69: =INDEX($C$15:$AV$32,$A69,G$61) -> 12 | H69: =INDEX($C$15:$AV$32,$A69,H$61) -> 0.41393584 | I69: =INDEX($C$15:$AV$32,$A69,I$61) -> -20
A70: 9 | B70: Fremdförderung | C70: =INDEX($C$15:$AV$32,$A70,C$61) -> 185 | D70: =INDEX($C$15:$AV$32,$A70,D$61) -> 7.4029612 | E70: =INDEX($C$15:$AV$32,$A70,E$61) -> -5.6122449 | F70: =INDEX($C$15:$AV$32,$A70,F$61) -> 49.731183 | G70: =INDEX($C$15:$AV$32,$A70,G$61) -> 187 | H70: =INDEX($C$15:$AV$32,$A70,H$61) -> 6.4505002 | I70: =INDEX($C$15:$AV$32,$A70,I$61) -> -3.6082474
A71: 10 | B71: Förderung von Arbeitsverhältnissen | C71: =INDEX($C$15:$AV$32,$A71,C$61) -> 0 | D71: =INDEX($C$15:$AV$32,$A71,D$61) -> 0 | E71: =INDEX($C$15:$AV$32,$A71,E$61) -> X | F71: =INDEX($C$15:$AV$32,$A71,F$61) -> X | G71: =INDEX($C$15:$AV$32,$A71,G$61) -> 0 | H71: =INDEX($C$15:$AV$32,$A71,H$61) -> 0 | I71: =INDEX($C$15:$AV$32,$A71,I$61) -> X
A72: 11 | B72: Beschäftigungszuschuss | C72: =INDEX($C$15:$AV$32,$A72,C$61) -> 0 | D72: =INDEX($C$15:$AV$32,$A72,D$61) -> 0 | E72: =INDEX($C$15:$AV$32,$A72,E$61) -> X | F72: =INDEX($C$15:$AV$32,$A72,F$61) -> X | G72: =INDEX($C$15:$AV$32,$A72,G$61) -> 0 | H72: =INDEX($C$15:$AV$32,$A72,H$61) -> 0 | I72: =INDEX($C$15:$AV$32,$A72,I$61) -> X
A73: 12 | B73: Bundesprogramm ''Soziale Teilhabe am Arbeitsmarkt'' | C73: =INDEX($C$15:$AV$32,$A73,C$61) -> 12 | D73: =INDEX($C$15:$AV$32,$A73,D$61) -> 0.48019208 | E73: =INDEX($C$15:$AV$32,$A73,E$61) -> -7.6923077 | F73: =INDEX($C$15:$AV$32,$A73,F$61) -> 70.588235 | G73: =INDEX($C$15:$AV$32,$A73,G$61) -> 5 | H73: =INDEX($C$15:$AV$32,$A73,H$61) -> 0.17247327 | I73: =INDEX($C$15:$AV$32,$A73,I$61) -> -37.5
... A79: 18 | B79: Unterbeschäftigung (ohne Kurzarbeit) | C79: =INDEX($C$15:$AV$32,$A79,C$61) -> 2499 | D79: =INDEX($C$15:$AV$32,$A79,D$61) -> 100 | E79: =INDEX($C$15:$AV$32,$A79,E$61) -> 4.4732441 | F79: =INDEX($C$15:$AV$32,$A79,F$61) -> 46.294924 | G79: =INDEX($C$15:$AV$32,$A79,G$61) -> 2899 | H79: =INDEX($C$15:$AV$32,$A79,H$61) -> 100 | I79: =INDEX($C$15:$AV$32,$A79,I$61) -> 1.826484
B83: Diadat
E84: 2 | F84: 3 | G84: 4 | H84: 5 | I84: 6 | J84: 7 | K84: 8 | L84: 9
E85: =E38 -> Dezember 2018 | F85: =F38 -> Dezember 2019 | G85: =G38 -> Dezember 2020 | H85: =H38 -> Dezember 2021 | I85: =I38 -> Dezember 2022 | J85: =J38 -> Dezember 2023 | K85: =K38 -> Dezember 2024 | L85: =L38 -> Dezember 2025
B86: Weiblich | C86: =$B$60 -> Insgesamt | D86: =B86&C86 -> WeiblichInsgesamt | E86: =VLOOKUP($D86,$D$39:$L$44,E$84,0) -> 3.5825646 | F86: =VLOOKUP($D86,$D$39:$L$44,F$84,0) -> 3.9066579 | G86: =VLOOKUP($D86,$D$39:$L$44,G$84,0) -> 4.9357894 | H86: =VLOOKUP($D86,$D$39:$L$44,H$84,0) -> 4.2245468 | I86: =VLOOKUP($D86,$D$39:$L$44,I$84,0) -> 5.764412 | J86: =VLOOKUP($D86,$D$39:$L$44,J$84,0) -> 5.8790363 | K86: =VLOOKUP($D86,$D$39:$L$44,K$84,0) -> 5.6730563 | L86: =VLOOKUP($D86,$D$39:$L$44,L$84,0) -> 6.2844314
B87: Männlich | C87: =$B$60 -> Insgesamt | D87: =B87&C87 -> MännlichInsgesamt | E87: =VLOOKUP($D87,$D$39:$L$44,E$84,0) -> 3.3846172 | F87: =VLOOKUP($D87,$D$39:$L$44,F$84,0) -> 4.0502346 | G87: =VLOOKUP($D87,$D$39:$L$44,G$84,0) -> 5.1754191 | H87: =VLOOKUP($D87,$D$39:$L$44,H$84,0) -> 4.0520709 | I87: =VLOOKUP($D87,$D$39:$L$44,I$84,0) -> 4.4611102 | J87: =VLOOKUP($D87,$D$39:$L$44,J$84,0) -> 4.9419956 | K87: =VLOOKUP($D87,$D$39:$L$44,K$84,0) -> 5.7099512 | L87: =VLOOKUP($D87,$D$39:$L$44,L$84,0) -> 6.1288842
B90: Datenbeschriftung
E91: =TEXT(E85,"MMM JJJJ") -> Dez 2018 | F91: =TEXT(F85,"MMM JJJJ") -> Dez 2019 | G91: =TEXT(G85,"MMM JJJJ") -> Dez 2020 | H91: =TEXT(H85,"MMM JJJJ") -> Dez 2021 | I91: =TEXT(I85,"MMM JJJJ") -> Dez 2022 | J91: =TEXT(J85,"MMM JJJJ") -> Dez 2023 | K91: =TEXT(K85,"MMM JJJJ") -> Dez 2024 | L91: =TEXT(L85,"MMM JJJJ") -> Dez 2025
B92: Weiblich | C92: =$B$60 -> Insgesamt | D92: =B92&C92 -> WeiblichInsgesamt | E92: =IFERROR(E86,"") -> 3.5825646 | F92: =IFERROR(F86,"") -> 3.9066579 | G92: =IFERROR(G86,"") -> 4.9357894 | H92: =IFERROR(H86,"") -> 4.2245468 | I92: =IFERROR(I86,"") -> 5.764412 | J92: =IFERROR(J86,"") -> 5.8790363 | K92: =IFERROR(K86,"") -> 5.6730563 | L92: =IFERROR(L86,"") -> 6.2844314
B93: Männlich | C93: =$B$60 -> Insgesamt | D93: =B93&C93 -> MännlichInsgesamt | E93: =IFERROR(E87,"") -> 3.3846172 | F93: =IFERROR(F87,"") -> 4.0502346 | G93: =IFERROR(G87,"") -> 5.1754191 | H93: =IFERROR(H87,"") -> 4.0520709 | I93: =IFERROR(I87,"") -> 4.4611102 | J93: =IFERROR(J87,"") -> 4.9419956 | K93: =IFERROR(K87,"") -> 5.7099512 | L93: =IFERROR(L87,"") -> 6.1288842

Sheet Tab 2
A1: Frauen und Männer
A3: =Auswahl!F4 -> 2 Unterbeschäftigung
A4: ='Tab 2_roh'!D4 -> JC Tuttlingen (Gebietsstand: Juli 2026), SGB II-Vergleichstyp Ic
A5: ="Grafik: Dezember; Tabelle: "&'Tab 2_roh'!D5 -> Grafik: Dezember; Tabelle: April 2026, Daten mit einer Wartezeit von 3 Monaten
A23: In der Unterbeschäftigung werden zusätzlich zu den registrierten Arbeitslosen auch die Personen abgebildet, die nicht als arbeitslos gelten, weil sie Teilnehmer an einer Maßnahme der Arbeitsmarktpolitik oder in einem arbeitsmarktbedingten Sonderstatus sind. Diese Personen stehen für Menschen, denen ein reguläres Beschäftigungsverhältnis fehlt. Es wird unterstellt, dass ohne den Einsatz dieser Maßnahmen bzw. ohne die Zuweisung zu einem Sonderstatus die Arbeitslosigkeit entsprechend höher ausfallen würde. Mit dem Konzept der Unterbeschäftigung werden Defizite an regulärer Beschäftigung umfassender erfasst und realwirtschaftlich bedingte Einflüsse auf den Arbeitsmarkt besser erkannt. Zudem können die direkten Auswirkungen der Arbeitsmarktpolitik auf die Arbeitslosenzahlen nachvollzogen werden.
A33: Komponenten der Unterbeschäftigung | C33: Frauen | G33: Männer
C34: Bestand | D34: Anteil der Kompo- nenten in % | E34: Verände- rung zum Vorjahr in % | F34: Anteil Frauen an allen Personen in % | G34: Bestand | H34: Anteil der Kompo- nenten in % | I34: Verände- rung zum Vorjahr in %
C35: 1 | D35: 2 | E35: 3 | F35: 4 | G35: 5 | H35: 6 | I35: 7
A36: Arbeitslose | C36: ='Tab 2_roh'!C62 -> 2125 | D36: ='Tab 2_roh'!D62 -> 85.034014 | E36: ='Tab 2_roh'!E62 -> 7.7586207 | F36: ='Tab 2_roh'!F62 -> 46.105446 | G36: ='Tab 2_roh'!G62 -> 2484 | H36: ='Tab 2_roh'!H62 -> 85.684719 | I36: ='Tab 2_roh'!I62 -> 3.2848233
A37: + Personen, die im weiteren Sinne arbeitslos sind | C37: ='Tab 2_roh'!C63 -> 55 | D37: ='Tab 2_roh'!D63 -> 2.2008804 | E37: ='Tab 2_roh'!E63 -> -14.0625 | F37: ='Tab 2_roh'!F63 -> 38.732394 | G37: ='Tab 2_roh'!G63 -> 87 | H37: ='Tab 2_roh'!H63 -> 3.0010348 | I37: ='Tab 2_roh'!I63 -> 35.9375
B38: Aktivierung und berufliche Eingliederung | C38: ='Tab 2_roh'!C64 -> 43 | D38: ='Tab 2_roh'!D64 -> 1.7206883 | E38: ='Tab 2_roh'!E64 -> -6.5217391 | F38: ='Tab 2_roh'!F64 -> 38.738739 | G38: ='Tab 2_roh'!G64 -> 68 | H38: ='Tab 2_roh'!H64 -> 2.3456364 | I38: ='Tab 2_roh'!I64 -> 78.947368
B39: Sonderregelung für Ältere (§ 53a Abs. 2 SGB II) | C39: ='Tab 2_roh'!C65 -> 12 | D39: ='Tab 2_roh'!D65 -> 0.48019208 | E39: ='Tab 2_roh'!E65 -> -33.333333 | F39: ='Tab 2_roh'!F65 -> 38.709677 | G39: ='Tab 2_roh'!G65 -> 19 | H39: ='Tab 2_roh'!H65 -> 0.65539841 | I39: ='Tab 2_roh'!I65 -> -26.923077
A40: = Arbeitslosigkeit im weiteren Sinne | C40: ='Tab 2_roh'!C66 -> 2180 | D40: ='Tab 2_roh'!D66 -> 87.234894 | E40: ='Tab 2_roh'!E66 -> 7.0726916 | F40: ='Tab 2_roh'!F66 -> 45.885077 | G40: ='Tab 2_roh'!G66 -> 2571 | H40: ='Tab 2_roh'!H66 -> 88.685754 | I40: ='Tab 2_roh'!I66 -> 4.1312272
A41: + Personen, die nahe am Arbeitslosenstatus sind | C41: ='Tab 2_roh'!C67 -> 314 | D41: ='Tab 2_roh'!D67 -> 12.565026 | E41: ='Tab 2_roh'!E67 -> -8.7209302 | F41: ='Tab 2_roh'!F67 -> 49.762282 | G41: ='Tab 2_roh'!G67 -> 317 | H41: ='Tab 2_roh'!H67 -> 10.934805 | I41: ='Tab 2_roh'!I67 -> -11.452514
B42: Berufliche Weiterbildung inkl. Förd. behindert. Menschen | C42: ='Tab 2_roh'!C68 -> 79 | D42: ='Tab 2_roh'!D68 -> 3.1612645 | E42: ='Tab 2_roh'!E68 -> -17.708333 | F42: ='Tab 2_roh'!F68 -> 45.930233 | G42: ='Tab 2_roh'!G68 -> 93 | H42: ='Tab 2_roh'!H68 -> 3.2080028 | I42: ='Tab 2_roh'!I68 -> -21.186441
B43: Arbeitsgelegenheiten | C43: ='Tab 2_roh'!C69 -> 16 | D43: ='Tab 2_roh'!D69 -> 0.6402561 | E43: ='Tab 2_roh'!E69 -> -15.789474 | F43: ='Tab 2_roh'!F69 -> 57.142857 | G43: ='Tab 2_roh'!G69 -> 12 | H43: ='Tab 2_roh'!H69 -> 0.41393584 | I43: ='Tab 2_roh'!I69 -> -20
B44: Fremdförderung | C44: ='Tab 2_roh'!C70 -> 185 | D44: ='Tab 2_roh'!D70 -> 7.4029612 | E44: ='Tab 2_roh'!E70 -> -5.6122449 | F44: ='Tab 2_roh'!F70 -> 49.731183 | G44: ='Tab 2_roh'!G70 -> 187 | H44: ='Tab 2_roh'!H70 -> 6.4505002 | I44: ='Tab 2_roh'!I70 -> -3.6082474
B45: Förderung von Arbeitsverhältnissen | C45: ='Tab 2_roh'!C71 -> 0 | D45: ='Tab 2_roh'!D71 -> 0 | E45: ='Tab 2_roh'!E71 -> X | F45: ='Tab 2_roh'!F71 -> X | G45: ='Tab 2_roh'!G71 -> 0 | H45: ='Tab 2_roh'!H71 -> 0 | I45: ='Tab 2_roh'!I71 -> X
B46: Beschäftigungszuschuss | C46: ='Tab 2_roh'!C72 -> 0 | D46: ='Tab 2_roh'!D72 -> 0 | E46: ='Tab 2_roh'!E72 -> X | F46: ='Tab 2_roh'!F72 -> X | G46: ='Tab 2_roh'!G72 -> 0 | H46: ='Tab 2_roh'!H72 -> 0 | I46: ='Tab 2_roh'!I72 -> X
B47: Teilhabe am Arbeitsmarkt 1) | C47: ='Tab 2_roh'!C73 -> 12 | D47: ='Tab 2_roh'!D73 -> 0.48019208 | E47: ='Tab 2_roh'!E73 -> -7.6923077 | F47: ='Tab 2_roh'!F73 -> 70.588235 | G47: ='Tab 2_roh'!G73 -> 5 | H47: ='Tab 2_roh'!H73 -> 0.17247327 | I47: ='Tab 2_roh'!I73 -> -37.5
B48: kurzfristige Arbeitsunfähigkeit | C48: ='Tab 2_roh'!C74 -> 22 | D48: ='Tab 2_roh'!D74 -> 0.88035214 | E48: ='Tab 2_roh'!E74 -> 10 | F48: ='Tab 2_roh'!F74 -> 52.380952 | G48: ='Tab 2_roh'!G74 -> 20 | H48: ='Tab 2_roh'!H74 -> 0.68989307 | I48: ='Tab 2_roh'!I74 -> -13.043478
A49: = Unterbeschäftigung im engeren Sinne | C49: ='Tab 2_roh'!C75 -> 2494 | D49: ='Tab 2_roh'!D75 -> 99.79992 | E49: ='Tab 2_roh'!E75 -> 4.789916 | F49: ='Tab 2_roh'!F75 -> 46.339651 | G49: ='Tab 2_roh'!G75 -> 2888 | H49: ='Tab 2_roh'!H75 -> 99.620559 | I49: ='Tab 2_roh'!I75 -> 2.1577644
A50: + Personen, die fern vom Arbeitslosenstatus sind | C50: ='Tab 2_roh'!C76 -> 5 | D50: ='Tab 2_roh'!D76 -> 0.20008003 | E50: ='Tab 2_roh'!E76 -> -58.333333 | F50: ='Tab 2_roh'!F76 -> 31.25 | G50: ='Tab 2_roh'!G76 -> 11 | H50: ='Tab 2_roh'!H76 -> 0.37944119 | I50: ='Tab 2_roh'!I76 -> -45
B51: Gründungszuschuss | C51: ='Tab 2_roh'!C77 -> 5 | D51: ='Tab 2_roh'!D77 -> 0.20008003 | E51: ='Tab 2_roh'!E77 -> -58.333333 | F51: ='Tab 2_roh'!F77 -> X | G51: ='Tab 2_roh'!G77 -> * | H51: ='Tab 2_roh'!H77 -> X | I51: ='Tab 2_roh'!I77 -> X
B52: Einstiegsgeld - Variante: Selbständigkeit | C52: ='Tab 2_roh'!C78 -> 0 | D52: ='Tab 2_roh'!D78 -> 0 | E52: ='Tab 2_roh'!E78 -> X | F52: ='Tab 2_roh'!F78 -> X | G52: ='Tab 2_roh'!G78 -> * | H52: ='Tab 2_roh'!H78 -> X | I52: ='Tab 2_roh'!I78 -> X
A53: = Unterbeschäftigung (ohne Kurzarbeit) | C53: ='Tab 2_roh'!C79 -> 2499 | D53: ='Tab 2_roh'!D79 -> 100 | E53: ='Tab 2_roh'!E79 -> 4.4732441 | F53: ='Tab 2_roh'!F79 -> 46.294924 | G53: ='Tab 2_roh'!G79 -> 2899 | H53: ='Tab 2_roh'!H79 -> 100 | I53: ='Tab 2_roh'!I79 -> 1.826484
I54: © Statistik der Bundesagentur für Arbeit
A56: Weiterführende Hinweise zur Unterbeschäftigung
A57: 1) Die Förderungen zur Teilhabe am Arbeitsmarkt sind insgesamt bundesweit übererfasst. Für einzelne Jobcenter fällt die Übererfassung deutlich höher aus. Näheres siehe unter folgendem Link:
A58: Förderung zur Teilhabe am Arbeitsmarkt - Übererfassung
A59: Die Unterbeschäftigungsstatistik wurde mit Berichtsmonat Oktober 2021 rückwirkend bis Januar 2009 geringfügig revidiert. Aufgrund einer verbesserten Abgrenzbarkeit in der Förderstatistik fließt die Beschäftigtenqualifizierung nicht mehr in die Unterbeschäftigungsrechnung ein.

Sheet Tab 3
A1: Frauen und Männer
A3: 3 Gemeldete Arbeitsstellen
A4: JC Tuttlingen (Gebietsstand: Juli 2026), SGB II-Vergleichstyp Ic
A5: Juli 2026
A23: Die Statistik umfasst alle der Bundesagentur für Arbeit gemeldeten Arbeitsstellen. Daher bilden die gemeldeten Arbeitsstellen nur einen Teil des gesamtwirtschaftlichen Stellenangebots ab. Die bei den zugelassenen kommunalen Trägern gemeldeten Arbeitsstellen sind nicht enthalten. Es werden nur die Stellen des 1. Arbeitsmarktes mit einer vorgesehenen Beschäftigungsdauer von mehr als sieben Kalendertagen berücksichtigt.
A33: Merkmale | E33: Bestand | G33: Zugang
E34: Insgesamt | F34: Verände- rung zum Vorjahr in % | G34: Insgesamt | H34: Verände- rung zum Vorjahr in % | I34: gleitende Jahres- summe | J34: Verände- rung zum Vorjahr in %
E35: 1 | F35: 2 | G35: 3 | H35: 4 | I35: 5 | J35: 6
A36: Gemeldete Arbeitsstellen | E36: 1003 | F36: 9.0217391 | G36: 371 | H36: 75.829384 | I36: 2928 | J36: -7.1655041
A37: dar.: | B37: sozialvers.pflichtige Beschäftigung | E37: 998 | F37: 9.7909791 | G37: 367 | H37: X | I37: 2896 | J37: -7.1497275
B38: nach Arbeitszeit
B39: dar.: | C39: Vollzeit oder Teilzeit | E39: 128 | F39: -3.7593985 | G39: 57 | H39: 200 | I39: 343 | J39: -1.7191977
C40: Teilzeit | E40: 77 | F40: 4.0540541 | G40: 35 | H40: 84.210526 | I40: 282 | J40: -14.285714
B41: nach Anforderungsniveau
B42: dar.: | C42: Helfer 1) | E42: 191 | F42: X | G42: 90 | H42: X | I42: 623 | J42: X
C43: Fachkraft 1) | E43: 617 | F43: X | G43: 201 | H43: X | I43: 1684 | J43: X
C44: Spezialist/Experte | E44: 190 | F44: 12.426036 | G44: 76 | H44: 58.333333 | I44: 589 | J44: 6.1261261
B45: nach ausgewählten Merkmalen
B46: dar.: | C46: MINT-Berufe 2) | E46: 450 | F46: 7.9136691 | G46: 169 | H46: 56.481481 | I46: 1349 | J46: 0.59656972
C47: Arbeitnehmerüberlassung (ANÜ) 3) | E47: 348 | F47: 24.731183 | G47: 172 | H47: 129.33333 | I47: 1034 | J47: -7.6785714
B48: geringfügige Arbeitsstellen | E48: 3 | F48: -70 | G48: 3 | H48: X | I48: 30 | J48: -9.0909091
J49: © Statistik der Bundesagentur für Arbeit
A51: 1) Ab Januar 2020 gehören einige Berufspositionen nach der KldB 2010 zum Anforderungsniveau „Helfer“, die bisher dem Anforderungsniveau „Fachkraft“ zugeordnet waren. Nähere Informationen finden Sie in der Kurzinfo unter https://statistik.arbeitsagentur.de/DE/Statischer-Content/Statistiken/Fachstatistiken/Arbeitsuche-Arbeitslosigkeit-Unterbeschaeftigung/Generische-Publikationen/Kurzinfo-DKZ-Aenderungen.pdf
A52: 2) Weiterführende Hinweise zu Berufsaggregaten
A53: 3) Die Arbeitnehmerüberlassung wird aus den Wirtschaftgruppen (WZ 2008) 782 und 783 ermittelt.

Sheet Tab 4
A1: Frauen und Männer
A3: 4 Beschäftigte am Arbeitsort
A4: JC Tuttlingen (Gebietsstand: Juli 2026), SGB II-Vergleichstyp Ic
A5: Januar 2026, Daten mit einer Wartezeit von 6 Monaten
A23: Beschäftigte Frauen und Männer haben unterschiedliche Schwerpunkte der Berufstätigkeiten: Während Frauen deutlich häufiger in kaufmännischen und personenbezogenen Dienstleistungsberufen arbeiten, üben Männer öfter Produktions- und MINT-Berufe aus. Auch bei der Arbeitszeit gibt es große Unterschiede: Frauen sind häufiger teilzeitbeschäftigt als Männer. Die Daten der Beschäftigungsstatistik stammen aus dem Meldeverfahren der Arbeitgeberinnen und Arbeitgeber an die Sozialversicherung. Der betrachtete Stichtag ist jeweils der Monatsletzte.
A32: Merkmale | D32: Frauen | H32: Männer
D33: Bestand | E33: Anteil an Merkmals- gruppe in % | F33: Verände- rung zum Vorjahr in % | G33: Anteil Frauen an allen Personen in % | H33: Bestand | I33: Anteil an Merkmals- gruppe in % | J33: Verände- rung zum Vorjahr in %
D34: 1 | E34: 2 | F34: 3 | G34: 4 | H34: 5 | I34: 6 | J34: 7
A35: Beschäftigte insgesamt 1) | D35: 34091 | E35: 100 | F35: -1.059322 | G35: 44.366216 | H35: 42749 | I35: 100 | J35: -1.0141941
A36: dar.: | B36: sozialversicherungspflichtig Beschäftigte | D36: 29537 | E36: 86.641636 | F36: -0.20272325 | G36: 43.071292 | H36: 39040 | I36: 91.323774 | J36: -0.79032299
B37: nach Alter
B38: dav.: | C38: unter 25 Jahre | D38: 2935 | E38: 8.6093104 | F38: -2.6211015 | G38: 39.411844 | H38: 4512 | I38: 10.554633 | J38: -2.5485961
C39: 25 bis unter 55 Jahre | D39: 19348 | E39: 56.753982 | F39: -0.092946401 | G39: 43.172081 | H39: 25468 | I39: 59.575663 | J39: -1.0797794
C40: 55 Jahre und älter | D40: 7254 | E40: 21.278343 | F40: 0.5126784 | G40: 44.464877 | H40: 9060 | I40: 21.193478 | J40: 0.94707521
B41: nach Arbeitszeit
B42: dar.: | C42: Vollzeit | D42: 16385 | E42: 48.062538 | F42: -1.5442855 | G42: 31.019272 | H42: 36437 | I42: 85.234742 | J42: -1.1180765
C43: Teilzeit | D43: 13152 | E43: 38.579097 | F43: 1.5206484 | G43: 83.478261 | H43: 2603 | I43: 6.0890313 | J43: 4.0367706
B44: nach Anforderungsniveau
B45: dav.: | C45: Helfer | D45: 6680 | E45: 19.594614 | F45: -0.71343639 | G45: 54.86653 | H45: 5495 | I45: 12.854102 | J45: -0.5249819
C46: Fachkraft | D46: 16021 | E46: 46.994808 | F46: -1.2755731 | G46: 42.290737 | H46: 21862 | I46: 51.140378 | J46: -0.955919
C47: Spezialist/Experte | D47: 6740 | E47: 19.770614 | F47: 2.9636419 | G47: 36.828589 | H47: 11561 | I47: 27.043907 | J47: -0.56764428
C48: ohne Angabe | D48: 96 | E48: 0.28159925 | F48: 1.0526316 | G48: 44.036697 | H48: 122 | I48: 0.28538679 | J48: -3.9370079
B49: nach ausgewählten Merkmalen
B50: dar.: | C50: Ausländer | D50: 5575 | E50: 16.35329 | F50: 3.2789922 | G50: 38.140521 | H50: 9042 | I50: 21.151372 | J50: 0.62319163
C51: MINT-Berufe 2) | D51: 4682 | E51: 13.73383 | F51: -1.348504 | G51: 19.027879 | H51: 19924 | I51: 46.606938 | J51: -1.7457343
C52: Arbeitnehmerüberlassung (ANÜ) 3) | D52: 263 | E52: 0.77146461 | F52: 1.5444015 | G52: 36.027397 | H52: 467 | I52: 1.0924232 | J52: 3.5476718
A53: geringfügig Beschäftigte | D53: 8718 | E53: 25.572732 | F53: -3.5085778 | G53: 53.665743 | H53: 7527 | I53: 17.607429 | J53: -3.1523417
A54: dar: | B54: geringfügig entlohnte Beschäftigte | D54: 8480 | E54: 24.8746 | F54: -2.8191611 | G54: 54.071287 | H54: 7203 | I54: 16.849517 | J54: -1.7326057
B55: dav.: | C55: ausschließlich | D55: 4355 | E55: 12.774633 | F55: -5.6133507 | G55: 55.998457 | H55: 3422 | I55: 8.0048656 | J55: -1.0696733
C56: im Nebenjob | D56: 4125 | E56: 12.099968 | F56: 0.31614786 | G56: 52.175563 | H56: 3781 | I56: 8.8446513 | J56: -2.3249806
J57: © Statistik der Bundesagentur für Arbeit
A59: 1) Summe der sozialversicherungspflichtig und ausschließlich geringfügig Beschäftigten
A60: 2) Weiterführende Hinweise zu Berufsaggregaten
A61: 3) Die Arbeitnehmerüberlassung wird aus den Wirtschaftgruppen (WZ 2008) 782 und 783 ermittelt.

Sheet Tab 5
A1: Frauen und Männer
A3: 5 Gemeldete Bewerber für Berufsausbildungsstellen und gemeldete Berufsausbildungsstellen
A4: JC Tuttlingen (Gebietsstand: Juli 2026), SGB II-Vergleichstyp Ic
A5: Juli 2026, Berichtsjahr 2025/26
A23: Als Bewerber für Berufsausbildungsstellen zählen Personen, die im Berichtsjahr eine individuelle Vermittlung in eine Berufsausbildungsstelle in einem anerkannten Ausbildungsberuf nach dem Berufsausbildungsgesetz (BBiG) wünschen und deren Eignung dafür geklärt wurde. Als Berufsausbildungsstellen zählen alle im Berichtsjahr zu besetzenden Berufsausbildungsstellen für anerkannte Ausbildungsberufe nach dem BBiG. Das Berichtsjahr beginnt jeweils am 1. Oktober und endet am 30. September des Folgejahres. Sowohl die Bewerber als auch die Berufsausbildungsstellen, die während des Berichtsjahres gemeldet werden, werden dabei kumuliert ausgewiesen. Die Ausbildungsmarktstatistik der Bundesagentur für Arbeit bildet zeitnah den Großteil des Ausbildungsmarktgeschehens ab. Es handelt sich aber trotzdem nur um einen Marktausschnitt. Laut Bundesinstitut für Berufsbildung (BIBB) melden drei von vier Betrieben der BA ihre Ausbildungsstellen. Rund 70 Prozent der ausbildungsinteressierten Jugendlichen sind als Bewerber gemeldet.
A38: Merkmale | D38: Frauen | H38: Männer
D39: Anzahl | E39: Anteil an Merkmals- gruppe in % | F39: Verände- rung zum Vorjahr in % | G39: Anteil Frauen an allen Personen in % | H39: Anzahl | I39: Anteil an Merkmals- gruppe in % | J39: Verände- rung zum Vorjahr in %
D40: 1 | E40: 2 | F40: 3 | G40: 4 | H40: 5 | I40: 6 | J40: 7
A41: seit Beginn des Berichtsjahres | D41: X | E41: X | F41: X | G41: X | H41: X | I41: X | J41: X
A42: dar.: | B42: zum 30.09. unversorgt | D42: X | E42: X | F42: X | G42: X | H42: X | I42: X | J42: X
A43: dar.: | B43: unter 20 Jahre | D43: X | E43: X | F43: X | G43: X | H43: X | I43: X | J43: X
B44: unter 25 Jahre | D44: X | E44: X | F44: X | G44: X | H44: X | I44: X | J44: X
B45: MINT-Berufe | D45: X | E45: X | F45: X | G45: X | H45: X | I45: X | J45: X
A46: dar.: | B46: Deutsche | D46: X | E46: X | F46: X | G46: X | H46: X | I46: X | J46: X
B47: Ausländer | D47: X | E47: X | F47: X | G47: X | H47: X | I47: X | J47: X
J48: © Statistik der Bundesagentur für Arbeit
A49: Hinweis Grafik Die Angaben zu den Berufsausbildungsstellen enthalten keine Daten von den zugelassenen kommunalen Trägern (zkT). Nach Einschätzung der Statistik der BA dürften bei den zkT nur wenige ungeförderte Ausbildungsstellen nach dem Berufsausbildungsgesetz (BBiG) gemeldet sein, die nicht gleichzeitig bei den Agenturen für Arbeit oder den gemeinsamen Einrichtungen (gE) erfasst sind.
A50: Hinweis Daten
A51: 1) Diese Auswertung enthält revidierte Daten zu den Ausbildungsstellen für den Zeitraum April 2025 bis Juni 2026. Es können Abweichungen gegenüber Auswertungen mit früherem Erstellungsdatum auftreten. Weitere Informationen enthält der Methodische Hinweis "Ausbildungsmarkt" und sind im Internetangebot der BA-Statistik zu finden. 2) Im Berichtsjahr 2025/26 sind die gemeldeten betrieblichen Berufsausbildungsstellen bundesweit überzeichnet. Eine genaue Quantifizierung ist nicht möglich. Schätzungsweise sind bis zu 7.500 Stellen betroffen. Auch die Abgangsgründe "besetzt" und "storniert" sind bundesweit überzeichnet: "besetzt" um schätzungsweise bis zu 4.100 und "storniert" um schätzungsweise bis zu 3.400 Stellen. Der Grund dafür sind Probleme bei der Übermittlung von Ausbildungsstellenangeboten durch einen großen Arbeitgeber im Bereich Einzelhandel. Es ist davon auszugehen, dass die Überzeichnung regional unterschiedlich stark ausfällt.

Sheet Tab 6
A1: Frauen und Männer
A3: 6 Leistungsbeziehende von Arbeitslosengeld und Nichtleistungsberechtigte im Rechtskreis SGB III
A4: JC Tuttlingen (Gebietsstand: Juli 2026), SGB II-Vergleichstyp Ic
A5: Statistik über Arbeitslosengeld nach dem SGB III, Mai 2026, Daten mit einer Wartezeit von 2 Monaten
A6: Arbeitslosenstatistik April 2026, Daten mit einer Wartezeit von 3 Monaten
A23: Arbeitslosigkeit und Leistungsbezug gehen nicht immer miteinander einher. So gibt es Arbeitslose, die im Rechtskreis SGB III geführt werden, aber keine Leistungen aus der Arbeitslosenversicherung erhalten (sogenannte Nichtleistungsberechtigte). Daneben können auch Leistungsbeziehende von Arbeitslosengeld zusätzlich zum Arbeitslosengeld nach dem SGB III auch Bürgergeld für erwerbsfähige Leistungsberechtigte (ELB) beziehen. Dabei handelt es sich um Leistungsbeziehende, deren Arbeitslosengeld nicht ausreicht, um den Bedarf zum Lebensunterhalt zu decken. Das Arbeitslosengeld wird um die entsprechenden Ansprüche auf Leistungen nach dem SGB II „aufgestockt“.
A34: Merkmale | D34: Frauen | H34: Männer
D35: Bestand | E35: Anteil an Merkmals- gruppe in % | F35: Verände- rung zum Vorjahr in % | G35: Anteil Frauen an allen Personen in % | H35: Bestand | I35: Anteil an Merkmals- gruppe in % | J35: Verände- rung zum Vorjahr in %
D36: 1 | E36: 2 | F36: 3 | G36: 4 | H36: 5 | I36: 6 | J36: 7
A37: Berichtsmonat Mai 2026
A38: Leistungsbeziehende von Arbeitslosengeld | D38: 852 | E38: 100 | F38: 8.3969466 | G38: 42.261905 | H38: 1164 | I38: 100 | J38: 6.3985375
A39: dav.: | B39: bei Arbeitslosigkeit | D39: 792 | E39: 92.957746 | F39: 8.7912088 | G39: 41.838352 | H39: 1101 | I39: 94.587629 | J39: 7.8354554
B40: bei Weiterbildung | D40: 60 | E40: 7.0422535 | F40: 3.4482759 | G40: 48.780488 | H40: 63 | I40: 5.4123711 | J40: -13.69863
A41: Berichtsmonat April 2026
A42: Arbeitslose Nichtleistungsberechtigte | D42: 159 | E42: 100 | F42: 7.4324324 | G42: 45.042493 | H42: 194 | I42: 100 | J42: -8.490566
A43: nach der Dauer der Arbeitslosigkeit
A44: dav.: | B44: unter 1 Jahr | D44: 120 | E44: 75.471698 | F44: -4 | G44: 42.857143 | H44: 160 | I44: 82.474227 | J44: -18.367347
B45: 1 Jahr und länger | D45: 39 | E45: 24.528302 | F45: 69.565217 | G45: 53.424658 | H45: 34 | I45: 17.525773 | J45: 112.5
B46: dar.: | C46: 2 Jahre und länger | D46: 11 | E46: 6.918239 | F46: .X | G46: X | H46: * | I46: X | J46: X
J47: © Statistik der Bundesagentur für Arbeit

Sheet Tab 7.1
A1: Frauen und Männer
A3: 7.1 Grundsicherung für Arbeitsuchende
A4: JC Tuttlingen (Gebietsstand: Juli 2026), SGB II-Vergleichstyp Ic
A5: April 2026, Daten mit einer Wartezeit von 3 Monaten
A23: Regelleistungsberechtigte (RLB) sind Personen mit Anspruch auf Bürgergeld. Dazu zählen Personen, die Anspruch auf Regelbedarf, Mehrbedarf, Kosten der Unterkunft oder den Zuschlag nach Bezug von Arbeitslosengeld haben. RLB sind untergliedert in erwerbsfähige Leistungsberechtigte (ELB) und nicht erwerbsfähige Leistungsberechtigte (NEF). Als ELB gelten Personen, die das 15. Lebensjahr vollendet und die Regelaltersgrenze noch nicht erreicht haben, die erwerbsfähig und hilfebedürftig sind und ihren gewöhnlichen Aufenthalt in der Bundesrepublik Deutschland haben. Innerhalb der Grundsicherungsstatistik SGB II werden Personen nur dann als ELB ausgewiesen, wenn sie Bürgergeld für ELB beziehen.
A35: Merkmale | D35: Frauen | H35: Männer
D36: Bestand | E36: Anteil an Merkmals- gruppe in % | F36: Verände- rung zum Vorjahr in % | G36: Anteil Frauen an allen Personen in % | H36: Bestand | I36: Anteil an Merkmals- gruppe in % | J36: Verände- rung zum Vorjahr in %
D37: 1 | E37: 2 | F37: 3 | G37: 4 | H37: 5 | I37: 6 | J37: 7
A38: Bestand
A39: Regelleistungsberechtigte (RLB) | D39: . | E39: X | F39: X | G39: X | H39: . | I39: X | J39: X
A40: Erwerbsfähige Leistungsberechtigte (ELB) | D40: . | E40: X | F40: X | G40: X | H40: . | I40: X | J40: X
A41: dav.: | B41: unter 25 Jahre | D41: . | E41: X | F41: X | G41: X | H41: . | I41: X | J41: X
B42: 25 bis unter 55 Jahre | D42: . | E42: X | F42: X | G42: X | H42: . | I42: X | J42: X
B43: 55 Jahre und älter | D43: . | E43: X | F43: X | G43: X | H43: . | I43: X | J43: X
A44: dar.: | B44: Alleinerziehende | D44: . | E44: X | F44: X | G44: X | H44: . | I44: X | J44: X
B45: Aufstocker | D45: . | E45: X | F45: X | G45: X | H45: . | I45: X | J45: X
B46: Langzeitleistungsbeziehende (LZB) | D46: . | E46: X | F46: X | G46: X | H46: . | I46: X | J46: X
A47: dar.: | B47: Deutsche | D47: . | E47: X | F47: X | G47: X | H47: . | I47: X | J47: X
B48: Ausländer | D48: . | E48: X | F48: X | G48: X | H48: . | I48: X | J48: X
A49: Zugang in Regelleistungsbezug
A50: ELB | D50: . | E50: X | F50: X | G50: X | H50: . | I50: X | J50: X
A51: dar.: | B51: mit vorherigem Regelleistungsbezug innerhalb der letzten 3 Monate | D51: . | E51: X | F51: X | G51: X | H51: . | I51: X | J51: X
B52: Vorbezug Arbeitslosengeld (ALG) nach SGB III innerhalb der letzten 3 Monate | D52: . | E52: X | F52: X | G52: X | H52: . | I52: X | J52: X
A53: Abgang aus Regelleistungsbezug
A54: ELB | D54: . | E54: X | F54: X | G54: X | H54: . | I54: X | J54: X
A55: dar.: | B55: mit erneutem Regelleistungsbezug innerhalb der folgenden 3 Monate | D55: . | E55: X | F55: X | G55: X | H55: . | I55: X | J55: X
J56: © Statistik der Bundesagentur für Arbeit

Sheet Tab 7.2
A1: Frauen und Männer
A3: 7.2 Erwerbstätige erwerbsfähige Leistungsberechtigte (ELB)
A4: JC Tuttlingen (Gebietsstand: Juli 2026), SGB II-Vergleichstyp Ic
A5: April 2026, Daten mit einer Wartezeit von 3 Monaten
A26: Erwerbstätige erwerbsfähige Leistungsberechtigte (ELB) sind erwerbsfähige Regelleistungsberechtigte in der Grundsicherung für Arbeitsuchende, die Bürgergeld für ELB beziehen und zugleich über zu berücksichtigendes Einkommen aus abhängiger Erwerbstätigkeit (=Bruttoeinkommen) und/oder über verfügbares Einkommen aus selbständiger Tätigkeit (=Betriebsgewinn) verfügen.
A36: Merkmale | F36: Frauen | J36: Männer
F37: Bestand | G37: Anteil an Merkmals- gruppe in % | H37: Verände- rung zum Vorjahr in % | I37: Anteil Frauen an allen Personen in % | J37: Bestand | K37: Anteil an Merkmals- gruppe in % | L37: Verände- rung zum Vorjahr in %
F38: 1 | G38: 2 | H38: 3 | I38: 4 | J38: 5 | K38: 6 | L38: 7
A39: Erwerbsfähige Leistungsberechtigte (ELB) | F39: . | G39: X | H39: X | I39: X | J39: . | K39: X | L39: X
A40: dar.: | B40: erwerbstätige ELB | F40: . | G40: X | H40: X | I40: X | J40: . | K40: X | L40: X
B41: dar.: | C41: abhängig erwerbstätig | F41: . | G41: X | H41: X | I41: X | J41: . | K41: X | L41: X
C42: dav.: | D42: bis zur Geringfügigkeitsgrenze 1) | F42: . | G42: X | H42: X | I42: X | J42: . | K42: X | L42: X
D43: im Übergangsbereich 1) | F43: . | G43: X | H43: X | I43: X | J43: . | K43: X | L43: X
D44: über dem Übergangbereich 1) | F44: . | G44: X | H44: X | I44: X | J44: . | K44: X | L44: X
C45: selbständig erwerbstätig | F45: . | G45: X | H45: X | I45: X | J45: . | K45: X | L45: X
L46: © Statistik der Bundesagentur für Arbeit
A48: 1) Die Verdienstgrenzen wurden im Laufe der Zeit angepasst - siehe methodische Hinweise.

Sheet Tab 8.1_roh
C1: TabSpalten | BI1: XXX
C2: Hilfsspalten
C3: Überschrift | D3: 8.1 Bestand in ausgewählten arbeitsmarktpolitischen Instrumenten
C4: Gebiet | D4: JC Tuttlingen (Gebietsstand: Juli 2026), SGB II-Vergleichstyp Ic
C5: BM | D5: April 2026, Daten mit einer Wartezeit von 3 Monaten
C7: ZRPlausi | D7: 1
C9: Frauen | D9: Frauen | E9: Frauen | F9: Frauen | G9: Frauen | H9: Frauen | I9: Männer | J9: Männer | K9: Männer | L9: Männer | M9: Frauen | N9: Frauen | O9: Frauen | P9: Frauen | Q9: Frauen | R9: Frauen | S9: Männer | T9: Männer | U9: Männer | V9: Männer | W9: Frauen | X9: Frauen | Y9: Frauen | Z9: Frauen | AA9: Frauen | AB9: Frauen | AC9: Männer | AD9: Männer | AE9: Männer | AF9: Männer | AH9: Frauen | AI9: Frauen | AJ9: Frauen | AK9: Männer | AL9: Männer | AM9: Frauen | AN9: Frauen | AO9: Frauen | AP9: Männer | AQ9: Männer | AR9: Frauen | AS9: Frauen | AT9: Frauen | AU9: Männer | AV9: Männer
B10: Tab/DS | C10: Insgesamt | D10: VJM | E10: Anteil an Summe der Instrumente in % | F10: Verände- rung zum Vorjahr in % | G10: Gesamt | H10: Anteil an allen Personen in % | I10: Insgesamt | J10: VJM | K10: Anteil an Summe der Instrumente in % | L10: Verände- rung zum Vorjahr in % | M10: Insgesamt | N10: VJM | O10: Anteil an Summe der Instrumente in % | P10: Verände- rung zum Vorjahr in % | Q10: Gesamt | R10: Anteil an allen Personen in % | S10: Insgesamt | T10: VJM | U10: Anteil an Summe der Instrumente in % | V10: Verände- rung zum Vorjahr in % | W10: Insgesamt | X10: VJM | Y10: Anteil an Summe der Instrumente in % | Z10: Verände- rung zum Vorjahr in % | AA10: Gesamt | AB10: Anteil an allen Personen in % | AC10: Insgesamt | AD10: VJM | AE10: Anteil an Summe der Instrumente in % | AF10: Verände- rung zum Vorjahr in % | AH10: Anteil an Summe der Instrumente in % | AI10: Verände- rung zum Vorjahr in % | AJ10: Anteil an allen Personen in % | AK10: Anteil an Summe der Instrumente in % | AL10: Verände- rung zum Vorjahr in % | AM10: Anteil an Summe der Instrumente in % | AN10: Verände- rung zum Vorjahr in % | AO10: Anteil an allen Personen in % | AP10: Anteil an Summe der Instrumente in % | AQ10: Verände- rung zum Vorjahr in % | AR10: Anteil an Summe der Instrumente in % | AS10: Verände- rung zum Vorjahr in % | AT10: Anteil an allen Personen in % | AU10: Anteil an Summe der Instrumente in % | AV10: Verände- rung zum Vorjahr in %
C11: 1 | D11: 0 | E11: 2 | F11: 3 | G11: 0 | H11: 4 | I11: 5 | J11: 0 | K11: 6 | L11: 7 | M11: 1 | N11: 0 | O11: 2 | P11: 3 | Q11: 0 | R11: 4 | S11: 5 | T11: 0 | U11: 6 | V11: 7 | W11: 1 | X11: 0 | Y11: 2 | Z11: 3 | AA11: 0 | AB11: 4 | AC11: 5 | AD11: 0 | AE11: 6 | AF11: 7 | AH11: 2 | AI11: 3 | AJ11: 4 | AK11: 6 | AL11: 7 | AM11: 2 | AN11: 3 | AO11: 4 | AP11: 6 | AQ11: 7 | AR11: 2 | AS11: 3 | AT11: 4 | AU11: 6 | AV11: 7
C12: 1 | D12: 2 | E12: 3 | F12: 4 | G12: 5 | H12: 6 | I12: 7 | J12: 8 | K12: 9 | L12: 10 | M12: 1 | N12: 2 | O12: 3 | P12: 4 | Q12: 5 | R12: 6 | S12: 7 | T12: 8 | U12: 9 | V12: 10 | W12: 1 | X12: 2 | Y12: 3 | Z12: 4 | AA12: 5 | AB12: 6 | AC12: 7 | AD12: 8 | AE12: 9 | AF12: 10 | AH12: 3 | AI12: 4 | AJ12: 6 | AK12: 9 | AL12: 10 | AM12: 3 | AN12: 4 | AO12: 6 | AP12: 9 | AQ12: 10 | AR12: 3 | AS12: 4 | AT12: 6 | AU12: 9 | AV12: 10
C13: 1Insgesamt | D13: 2Insgesamt | G13: 5Insgesamt | I13: 7Insgesamt | J13: 8Insgesamt | M13: 1SGB III | N13: 2SGB III | Q13: 5SGB III | S13: 7SGB III | T13: 8SGB III | W13: 1SGB II | X13: 2SGB II | AA13: 5SGB II | AC13: 7SGB II | AD13: 8SGB II | AH13: 3Insgesamt | AI13: 4Insgesamt | AJ13: 6Insgesamt | AK13: 9Insgesamt | AL13: 10Insgesamt | AM13: 3SGB III | AN13: 4SGB III | AO13: 6SGB III | AP13: 9SGB III | AQ13: 10SGB III | AR13: 3SGB II | AS13: 4SGB II | AT13: 6SGB II | AU13: 9SGB II | AV13: 10SGB II
B15: ID für Auswahl | C15: Insgesamt | M15: SGB III | W15: SGB II
B16: Summe der Instrumente mit Einmalleistungen | C16: . | D16: 397 | G16: . | I16: . | J16: 496 | M16: . | N16: 309 | Q16: . | S16: . | T16: 413 | W16: . | X16: 88 | AA16: . | AC16: . | AD16: 83 | AH16: X | AI16: X | AJ16: X | AK16: X | AL16: X | AM16: X | AN16: X | AO16: X | AP16: X | AQ16: X | AR16: X | AS16: X | AT16: X | AU16: X | AV16: X
B17: Aktivierung und berufliche Eingliederung, darunter | C17: . | D17: 46 | G17: . | I17: . | J17: 38 | M17: . | N17: 15 | Q17: . | S17: . | T17: 23 | W17: . | X17: 31 | AA17: . | AC17: . | AD17: 15 | AH17: X | AI17: X | AJ17: X | AK17: X | AL17: X | AM17: X | AN17: X | AO17: X | AP17: X | AQ17: X | AR17: X | AS17: X | AT17: X | AU17: X | AV17: X
B18: Maßnahmen zur Aktivierung und beruflichen Eingliederung | C18: . | D18: 46 | G18: . | I18: . | J18: 38 | M18: . | N18: 15 | Q18: . | S18: . | T18: 23 | W18: . | X18: 31 | AA18: . | AC18: . | AD18: 15 | AH18: X | AI18: X | AJ18: X | AK18: X | AL18: X | AM18: X | AN18: X | AO18: X | AP18: X | AQ18: X | AR18: X | AS18: X | AT18: X | AU18: X | AV18: X
B19: Vermittlungsbudget | C19: X | D19: X | G19: X | I19: X | J19: X | M19: X | N19: X | Q19: X | S19: X | T19: X | W19: X | X19: X | AA19: X | AC19: X | AD19: X | AH19: X | AI19: X | AJ19: X | AK19: X | AL19: X | AM19: X | AN19: X | AO19: X | AP19: X | AQ19: X | AR19: X | AS19: X | AT19: X | AU19: X | AV19: X
B20: Berufswahl und Berufsausbildung, darunter | C20: . | D20: 68 | G20: . | I20: . | J20: 131 | M20: . | N20: 68 | Q20: . | S20: . | T20: 131 | W20: . | X20: 0 | AA20: . | AC20: . | AD20: 0 | AH20: X | AI20: X | AJ20: X | AK20: X | AL20: X | AM20: X | AN20: X | AO20: X | AP20: X | AQ20: X | AR20: X | AS20: X | AT20: X | AU20: X | AV20: X
B21: Berufseinstiegsbegleitung | C21: . | D21: 0 | G21: . | I21: . | J21: 0 | M21: . | N21: 0 | Q21: . | S21: . | T21: 0 | W21: X | X21: X | AA21: X | AC21: X | AD21: X | AH21: X | AI21: X | AJ21: X | AK21: X | AL21: X | AM21: X | AN21: X | AO21: X | AP21: X | AQ21: X | AR21: X | AS21: X | AT21: X | AU21: X | AV21: X
B22: Assistierte Ausbildung | C22: . | D22: 45 | G22: . | I22: . | J22: 94 | M22: . | N22: 45 | Q22: . | S22: . | T22: 94 | W22: . | X22: 0 | AA22: . | AC22: . | AD22: 0 | AH22: X | AI22: X | AJ22: X | AK22: X | AL22: X | AM22: X | AN22: X | AO22: X | AP22: X | AQ22: X | AR22: X | AS22: X | AT22: X | AU22: X | AV22: X
B23: Berufsvorbereitende Bildungsmaßnahmen | C23: . | D23: * | G23: . | I23: . | J23: 28 | M23: . | N23: * | Q23: . | S23: . | T23: 28 | W23: X | X23: X | AA23: X | AC23: X | AD23: X | AH23: X | AI23: X | AJ23: X | AK23: X | AL23: X | AM23: X | AN23: X | AO23: X | AP23: X | AQ23: X | AR23: X | AS23: X | AT23: X | AU23: X | AV23: X
A24: 13 | B24: Einstiegsqualifizierung | C24: . | D24: * | G24: . | I24: . | J24: 4 | M24: . | N24: * | Q24: . | S24: . | T24: 4 | W24: . | X24: 0 | AA24: . | AC24: . | AD24: 0 | AH24: X | AI24: X | AJ24: X | AK24: X | AL24: X | AM24: X | AN24: X | AO24: X | AP24: X | AQ24: X | AR24: X | AS24: X | AT24: X | AU24: X | AV24: X
B25: Ausbildungsbegleitende Hilfen | C25: . | D25: 0 | G25: . | I25: . | J25: 0 | M25: . | N25: 0 | Q25: . | S25: . | T25: 0 | W25: . | X25: 0 | AA25: . | AC25: . | AD25: 0 | AH25: X | AI25: X | AJ25: X | AK25: X | AL25: X | AM25: X | AN25: X | AO25: X | AP25: X | AQ25: X | AR25: X | AS25: X | AT25: X | AU25: X | AV25: X
B26: Berufliche Weiterbildung, darunter | C26: . | D26: 202 | G26: . | I26: . | J26: 179 | M26: . | N26: 188 | Q26: . | S26: . | T26: 168 | W26: . | X26: 14 | AA26: . | AC26: . | AD26: 11 | AH26: X | AI26: X | AJ26: X | AK26: X | AL26: X | AM26: X | AN26: X | AO26: X | AP26: X | AQ26: X | AR26: X | AS26: X | AT26: X | AU26: X | AV26: X
B27: Förderung der beruflichen Weiterbildung | C27: . | D27: 151 | G27: . | I27: . | J27: 154 | M27: . | N27: 137 | Q27: . | S27: . | T27: 143 | W27: . | X27: 14 | AA27: . | AC27: . | AD27: 11 | AH27: X | AI27: X | AJ27: X | AK27: X | AL27: X | AM27: X | AN27: X | AO27: X | AP27: X | AQ27: X | AR27: X | AS27: X | AT27: X | AU27: X | AV27: X
B28: Arbeitsentgeltzuschuss zur beruflichen Weiterbildung Beschäftigter | C28: . | D28: 51 | G28: . | I28: . | J28: 25 | M28: . | N28: 51 | Q28: . | S28: . | T28: 25 | W28: . | X28: 0 | AA28: . | AC28: . | AD28: 0 | AH28: X | AI28: X | AJ28: X | AK28: X | AL28: X | AM28: X | AN28: X | AO28: X | AP28: X | AQ28: X | AR28: X | AS28: X | AT28: X | AU28: X | AV28: X
B29: Aufnahme einer Erwerbstätigkeit, darunter | C29: . | D29: 29 | G29: . | I29: . | J29: 69 | M29: . | N29: 19 | Q29: . | S29: . | T29: 36 | W29: . | X29: 10 | AA29: . | AC29: . | AD29: 33 | AH29: X | AI29: X | AJ29: X | AK29: X | AL29: X | AM29: X | AN29: X | AO29: X | AP29: X | AQ29: X | AR29: X | AS29: X | AT29: X | AU29: X | AV29: X
B30: Förderung abhängiger Beschäftigung | C30: . | D30: 17 | G30: . | I30: . | J30: 49 | M30: . | N30: 7 | Q30: . | S30: . | T30: 16 | W30: . | X30: 10 | AA30: . | AC30: . | AD30: 33 | AH30: X | AI30: X | AJ30: X | AK30: X | AL30: X | AM30: X | AN30: X | AO30: X | AP30: X | AQ30: X | AR30: X | AS30: X | AT30: X | AU30: X | AV30: X
B31: Eingliederungszuschuss | C31: . | D31: 11 | G31: . | I31: . | J31: 35 | M31: . | N31: 4 | Q31: . | S31: . | T31: 5 | W31: . | X31: 7 | AA31: . | AC31: . | AD31: 30 | AH31: X | AI31: X | AJ31: X | AK31: X | AL31: X | AM31: X | AN31: X | AO31: X | AP31: X | AQ31: X | AR31: X | AS31: X | AT31: X | AU31: X | AV31: X
A32: 12 | B32: Eingliederung von Langzeitarbeitslosen | C32: . | D32: 3 | G32: . | I32: . | J32: 3 | M32: X | N32: X | Q32: X | S32: X | T32: X | W32: . | X32: 3 | AA32: . | AC32: . | AD32: 3 | AH32: X | AI32: X | AJ32: X | AK32: X | AL32: X | AM32: X | AN32: X | AO32: X | AP32: X | AQ32: X | AR32: X | AS32: X | AT32: X | AU32: X | AV32: X
B33: Förderung der Selbständigkeit | C33: . | D33: 12 | G33: . | I33: . | J33: 20 | M33: . | N33: 12 | Q33: . | S33: . | T33: 20 | W33: . | X33: 0 | AA33: . | AC33: . | AD33: 0 | AH33: X | AI33: X | AJ33: X | AK33: X | AL33: X | AM33: X | AN33: X | AO33: X | AP33: X | AQ33: X | AR33: X | AS33: X | AT33: X | AU33: X | AV33: X
B34: Beschäftigung schaffende Maßnahmen, darunter | C34: . | D34: 32 | G34: . | I34: . | J34: 23 | M34: X | N34: X | Q34: X | S34: X | T34: X | W34: . | X34: 32 | AA34: . | AC34: . | AD34: 23 | AH34: X | AI34: X | AJ34: X | AK34: X | AL34: X | AM34: X | AN34: X | AO34: X | AP34: X | AQ34: X | AR34: X | AS34: X | AT34: X | AU34: X | AV34: X
B35: Arbeitsgelegenheiten | C35: . | D35: 19 | G35: . | I35: . | J35: 15 | M35: X | N35: X | Q35: X | S35: X | T35: X | W35: . | X35: 19 | AA35: . | AC35: . | AD35: 15 | AH35: X | AI35: X | AJ35: X | AK35: X | AL35: X | AM35: X | AN35: X | AO35: X | AP35: X | AQ35: X | AR35: X | AS35: X | AT35: X | AU35: X | AV35: X
A36: 11 | B36: Teilhabe am Arbeitsmarkt | C36: . | D36: 13 | G36: . | I36: . | J36: 8 | M36: X | N36: X | Q36: X | S36: X | T36: X | W36: . | X36: 13 | AA36: . | AC36: . | AD36: 8 | AH36: X | AI36: X | AJ36: X | AK36: X | AL36: X | AM36: X | AN36: X | AO36: X | AP36: X | AQ36: X | AR36: X | AS36: X | AT36: X | AU36: X | AV36: X
B37: angepasst
B39: DiaDatRoh | AH39: DiaDatRohDS
E41: ID | G41: 45383 | H41: Mai 2024 | I41: 45444 | J41: 45474 | K41: 45505 | L41: 45536 | M41: Okt 2024 | N41: 45597 | O41: Dez 2024 | P41: 45658 | Q41: 45689 | R41: 45717 | S41: 45748 | T41: Mai 2025 | U41: 45809 | V41: 45839 | W41: 45870 | X41: 45901 | Y41: Okt 2025 | Z41: 45962 | AA41: Dez 2025 | AB41: 46023 | AC41: 46054 | AD41: 46082 | AE41: 46113 | AJ41: 45383 | AK41: Mai 2024 | AL41: 45444 | AM41: 45474 | AN41: 45505 | AO41: 45536 | AP41: Okt 2024 | AQ41: 45597 | AR41: Dez 2024 | AS41: 45658 | AT41: 45689 | AU41: 45717 | AV41: 45748 | AW41: Mai 2025 | AX41: 45809 | AY41: 45839 | AZ41: 45870 | BA41: 45901 | BB41: Okt 2025 | BC41: 45962 | BD41: Dez 2025 | BE41: 46023 | BF41: 46054 | BG41: 46082 | BH41: 46113
B42: Summe der Instrumente mit Einmalleistungen | C42: Insgesamt | D42: G | G42: 755 | H42: 778 | I42: 793 | J42: 736 | K42: 661 | L42: 713 | M42: 822 | N42: 853 | O42: 840 | P42: 807 | Q42: 848 | R42: 851 | S42: 893 | T42: 899 | U42: 889 | V42: 854 | W42: 764 | X42: 800 | Y42: 868 | Z42: 878 | AA42: 873 | AB42: 821 | AC42: 859 | AD42: 849 | AE42: 861 | AH42: Insgesamt | AI42: G | AJ42: 755 | AK42: 778 | AL42: 793 | AM42: 736 | AN42: 661 | AO42: 713 | AP42: 822 | AQ42: 853 | AR42: 840 | AS42: 807 | AT42: 848 | AU42: 851 | AV42: 893 | AW42: 899 | AX42: 889 | AY42: 854 | AZ42: 764 | BA42: 800 | BB42: 868 | BC42: 878 | BD42: 873 | BE42: 821 | BF42: 859 | BG42: 849 | BH42: 861
B43: Summe der Instrumente mit Einmalleistungen | C43: SGB III | D43: G | G43: 608 | H43: 605 | I43: 612 | J43: 570 | K43: 513 | L43: 557 | M43: 649 | N43: 671 | O43: 658 | P43: 636 | Q43: 673 | R43: 690 | S43: 722 | T43: 720 | U43: 696 | V43: 670 | W43: 566 | X43: 601 | Y43: 675 | Z43: 689 | AA43: 689 | AB43: 659 | AC43: 694 | AD43: 689 | AE43: 705 | AH43: SGB III | AI43: G | AJ43: 608 | AK43: 605 | AL43: 612 | AM43: 570 | AN43: 513 | AO43: 557 | AP43: 649 | AQ43: 671 | AR43: 658 | AS43: 636 | AT43: 673 | AU43: 690 | AV43: 722 | AW43: 720 | AX43: 696 | AY43: 670 | AZ43: 566 | BA43: 601 | BB43: 675 | BC43: 689 | BD43: 689 | BE43: 659 | BF43: 694 | BG43: 689 | BH43: 705
B44: Summe der Instrumente mit Einmalleistungen | C44: SGB II | D44: G | G44: 147 | H44: 173 | I44: 181 | J44: 166 | K44: 148 | L44: 156 | M44: 173 | N44: 182 | O44: 182 | P44: 171 | Q44: 175 | R44: 161 | S44: 171 | T44: 179 | U44: 193 | V44: 184 | W44: 198 | X44: 199 | Y44: 193 | Z44: 189 | AA44: 184 | AB44: 162 | AC44: 165 | AD44: 160 | AE44: 156 | AH44: SGB II | AI44: G | AJ44: 147 | AK44: 173 | AL44: 181 | AM44: 166 | AN44: 148 | AO44: 156 | AP44: 173 | AQ44: 182 | AR44: 182 | AS44: 171 | AT44: 175 | AU44: 161 | AV44: 171 | AW44: 179 | AX44: 193 | AY44: 184 | AZ44: 198 | BA44: 199 | BB44: 193 | BC44: 189 | BD44: 184 | BE44: 162 | BF44: 165 | BG44: 160 | BH44: 156
B45: Summe der Instrumente mit Einmalleistungen | C45: Insgesamt | D45: F | E45: Summe der Instrumente mit EinmalleistungenInsgesamtF | G45: 338 | H45: 354 | I45: 375 | J45: 342 | K45: 301 | L45: 307 | M45: 370 | N45: 385 | O45: 374 | P45: 349 | Q45: 365 | R45: 366 | S45: 397 | T45: 406 | U45: 394 | V45: 383 | W45: 332 | X45: 353 | Y45: 389 | Z45: 390 | AA45: 383 | AB45: 370 | AC45: 367 | AD45: 375 | AE45: 379 | AH45: Summe der Instrumente mit EinmalleistungenInsgesamtF | AJ45: 338 | AK45: 354 | AL45: 375 | AM45: 342 | AN45: 301 | AO45: 307 | AP45: 370 | AQ45: 385 | AR45: 374 | AS45: 349 | AT45: 365 | AU45: 366 | AV45: 397 | AW45: 406 | AX45: 394 | AY45: 383 | AZ45: 332 | BA45: 353 | BB45: 389 | BC45: 390 | BD45: 383 | BE45: 370 | BF45: 367 | BG45: 375 | BH45: 379
B46: Summe der Instrumente mit Einmalleistungen | C46: SGB III | D46: F | E46: Summe der Instrumente mit EinmalleistungenSGB IIIF | G46: 248 | H46: 249 | I46: 265 | J46: 244 | K46: 216 | L46: 220 | M46: 270 | N46: 284 | O46: 277 | P46: 258 | Q46: 270 | R46: 277 | S46: 309 | T46: 316 | U46: 299 | V46: 293 | W46: 234 | X46: 256 | Y46: 293 | Z46: 298 | AA46: 293 | AB46: 291 | AC46: 293 | AD46: 300 | AE46: 302 | AH46: Summe der Instrumente mit EinmalleistungenSGB IIIF | AJ46: 248 | AK46: 249 | AL46: 265 | AM46: 244 | AN46: 216 | AO46: 220 | AP46: 270 | AQ46: 284 | AR46: 277 | AS46: 258 | AT46: 270 | AU46: 277 | AV46: 309 | AW46: 316 | AX46: 299 | AY46: 293 | AZ46: 234 | BA46: 256 | BB46: 293 | BC46: 298 | BD46: 293 | BE46: 291 | BF46: 293 | BG46: 300 | BH46: 302
B47: Summe der Instrumente mit Einmalleistungen | C47: SGB II | D47: F | E47: Summe der Instrumente mit EinmalleistungenSGB IIF | G47: 90 | H47: 105 | I47: 110 | J47: 98 | K47: 85 | L47: 87 | M47: 100 | N47: 101 | O47: 97 | P47: 91 | Q47: 95 | R47: 89 | S47: 88 | T47: 90 | U47: 95 | V47: 90 | W47: 98 | X47: 97 | Y47: 96 | Z47: 92 | AA47: 90 | AB47: 79 | AC47: 74 | AD47: 75 | AE47: 77 | AH47: Summe der Instrumente mit EinmalleistungenSGB IIF | AJ47: 90 | AK47: 105 | AL47: 110 | AM47: 98 | AN47: 85 | AO47: 87 | AP47: 100 | AQ47: 101 | AR47: 97 | AS47: 91 | AT47: 95 | AU47: 89 | AV47: 88 | AW47: 90 | AX47: 95 | AY47: 90 | AZ47: 98 | BA47: 97 | BB47: 96 | BC47: 92 | BD47: 90 | BE47: 79 | BF47: 74 | BG47: 75 | BH47: 77
B48: Summe der Instrumente mit Einmalleistungen | C48: Insgesamt | D48: M | E48: Summe der Instrumente mit EinmalleistungenInsgesamtM | G48: 417 | H48: 424 | I48: 418 | J48: 394 | K48: 360 | L48: 406 | M48: 452 | N48: 468 | O48: 466 | P48: 458 | Q48: 483 | R48: 485 | S48: 496 | T48: 493 | U48: 495 | V48: 471 | W48: 432 | X48: 447 | Y48: 479 | Z48: 488 | AA48: 490 | AB48: 451 | AC48: 492 | AD48: 474 | AE48: 482 | AH48: Summe der Instrumente mit EinmalleistungenInsgesamtM | AJ48: 417 | AK48: 424 | AL48: 418 | AM48: 394 | AN48: 360 | AO48: 406 | AP48: 452 | AQ48: 468 | AR48: 466 | AS48: 458 | AT48: 483 | AU48: 485 | AV48: 496 | AW48: 493 | AX48: 495 | AY48: 471 | AZ48: 432 | BA48: 447 | BB48: 479 | BC48: 488 | BD48: 490 | BE48: 451 | BF48: 492 | BG48: 474 | BH48: 482
B49: Summe der Instrumente mit Einmalleistungen | C49: SGB III | D49: M | E49: Summe der Instrumente mit EinmalleistungenSGB IIIM | G49: 360 | H49: 356 | I49: 347 | J49: 326 | K49: 297 | L49: 337 | M49: 379 | N49: 387 | O49: 381 | P49: 378 | Q49: 403 | R49: 413 | S49: 413 | T49: 404 | U49: 397 | V49: 377 | W49: 332 | X49: 345 | Y49: 382 | Z49: 391 | AA49: 396 | AB49: 368 | AC49: 401 | AD49: 389 | AE49: 403 | AH49: Summe der Instrumente mit EinmalleistungenSGB IIIM | AJ49: 360 | AK49: 356 | AL49: 347 | AM49: 326 | AN49: 297 | AO49: 337 | AP49: 379 | AQ49: 387 | AR49: 381 | AS49: 378 | AT49: 403 | AU49: 413 | AV49: 413 | AW49: 404 | AX49: 397 | AY49: 377 | AZ49: 332 | BA49: 345 | BB49: 382 | BC49: 391 | BD49: 396 | BE49: 368 | BF49: 401 | BG49: 389 | BH49: 403
B50: Summe der Instrumente mit Einmalleistungen | C50: SGB II | D50: M | E50: Summe der Instrumente mit EinmalleistungenSGB IIM | G50: 57 | H50: 68 | I50: 71 | J50: 68 | K50: 63 | L50: 69 | M50: 73 | N50: 81 | O50: 85 | P50: 80 | Q50: 80 | R50: 72 | S50: 83 | T50: 89 | U50: 98 | V50: 94 | W50: 100 | X50: 102 | Y50: 97 | Z50: 97 | AA50: 94 | AB50: 83 | AC50: 91 | AD50: 85 | AE50: 79 | AH50: Summe der Instrumente mit EinmalleistungenSGB IIM | AJ50: 57 | AK50: 68 | AL50: 71 | AM50: 68 | AN50: 63 | AO50: 69 | AP50: 73 | AQ50: 81 | AR50: 85 | AS50: 80 | AT50: 80 | AU50: 72 | AV50: 83 | AW50: 89 | AX50: 98 | AY50: 94 | AZ50: 100 | BA50: 102 | BB50: 97 | BC50: 97 | BD50: 94 | BE50: 83 | BF50: 91 | BG50: 85 | BH50: 79
C54: Frauen | D54: Frauen | E54: Frauen | F54: Frauen | G54: Männer | H54: Männer | I54: Männer
B55: Tab | C55: Insgesamt | D55: Anteil der Merkmals- gruppe an Insgesamt in % | E55: Verände- rung zum Vorjahr in % | F55: Anteil an allen Personen in % | G55: Insgesamt | H55: Anteil der Merkmals- gruppe an Insgesamt in % | I55: Verände- rung zum Vorjahr in %
C56: 1 | D56: 2 | E56: 3 | F56: 4 | G56: 5 | H56: 6 | I56: 7
B57: =Auswahl!A2 -> Insgesamt | C57: 1 | D57: 3 | E57: 4 | F57: 6 | G57: 7 | H57: 9 | I57: 10 | J57: Spalte in der Tabelle Tab/DS für Insgesamt
C58: =MATCH(C57&$B$57,$C$13:$AV$13,0) -> 1 | D58: =MATCH(D57&$B$57,$C$13:$AV$13,0) -> 32 | E58: =MATCH(E57&$B$57,$C$13:$AV$13,0) -> 33 | F58: =MATCH(F57&$B$57,$C$13:$AV$13,0) -> 34 | G58: =MATCH(G57&$B$57,$C$13:$AV$13,0) -> 7 | H58: =MATCH(H57&$B$57,$C$13:$AV$13,0) -> 35 | I58: =MATCH(I57&$B$57,$C$13:$AV$13,0) -> 36 | J58: Berechnete Spalte in Tab/DS (Merkmalsspalte+Auftreten der Merkmalsauswahl
A59: 1 | B59: Summe der Instrumente mit Einmalleistungen | C59: =INDEX($C$16:$AV$36,$A59,C$58) -> . | D59: =INDEX($C$16:$AV$36,$A59,D$58) -> X | E59: =INDEX($C$16:$AV$36,$A59,E$58) -> X | F59: =INDEX($C$16:$AV$36,$A59,F$58) -> X | G59: =INDEX($C$16:$AV$36,$A59,G$58) -> . | H59: =INDEX($C$16:$AV$36,$A59,H$58) -> X | I59: =INDEX($C$16:$AV$36,$A59,I$58) -> X
A60: 2 | B60: Aktivierung und berufliche Eingliederung, darunter | C60: =INDEX($C$16:$AV$36,$A60,C$58) -> . | D60: =INDEX($C$16:$AV$36,$A60,D$58) -> X | E60: =INDEX($C$16:$AV$36,$A60,E$58) -> X | F60: =INDEX($C$16:$AV$36,$A60,F$58) -> X | G60: =INDEX($C$16:$AV$36,$A60,G$58) -> . | H60: =INDEX($C$16:$AV$36,$A60,H$58) -> X | I60: =INDEX($C$16:$AV$36,$A60,I$58) -> X
A61: 3 | B61: Maßnahmen zur Aktivierung und beruflichen Eingliederung | C61: =INDEX($C$16:$AV$36,$A61,C$58) -> . | D61: =INDEX($C$16:$AV$36,$A61,D$58) -> X | E61: =INDEX($C$16:$AV$36,$A61,E$58) -> X | F61: =INDEX($C$16:$AV$36,$A61,F$58) -> X | G61: =INDEX($C$16:$AV$36,$A61,G$58) -> . | H61: =INDEX($C$16:$AV$36,$A61,H$58) -> X | I61: =INDEX($C$16:$AV$36,$A61,I$58) -> X
A62: 4 | B62: Vermittlungsbudget | C62: =INDEX($C$16:$AV$36,$A62,C$58) -> X | D62: =INDEX($C$16:$AV$36,$A62,D$58) -> X | E62: =INDEX($C$16:$AV$36,$A62,E$58) -> X | F62: =INDEX($C$16:$AV$36,$A62,F$58) -> X | G62: =INDEX($C$16:$AV$36,$A62,G$58) -> X | H62: =INDEX($C$16:$AV$36,$A62,H$58) -> X | I62: =INDEX($C$16:$AV$36,$A62,I$58) -> X
A63: 5 | B63: Berufswahl und Berufsausbildung, darunter | C63: =INDEX($C$16:$AV$36,$A63,C$58) -> . | D63: =INDEX($C$16:$AV$36,$A63,D$58) -> X | E63: =INDEX($C$16:$AV$36,$A63,E$58) -> X | F63: =INDEX($C$16:$AV$36,$A63,F$58) -> X | G63: =INDEX($C$16:$AV$36,$A63,G$58) -> . | H63: =INDEX($C$16:$AV$36,$A63,H$58) -> X | I63: =INDEX($C$16:$AV$36,$A63,I$58) -> X
A64: 6 | B64: Berufseinstiegsbegleitung | C64: =INDEX($C$16:$AV$36,$A64,C$58) -> . | D64: =INDEX($C$16:$AV$36,$A64,D$58) -> X | E64: =INDEX($C$16:$AV$36,$A64,E$58) -> X | F64: =INDEX($C$16:$AV$36,$A64,F$58) -> X | G64: =INDEX($C$16:$AV$36,$A64,G$58) -> . | H64: =INDEX($C$16:$AV$36,$A64,H$58) -> X | I64: =INDEX($C$16:$AV$36,$A64,I$58) -> X
A65: 7 | B65: Assistierte Ausbildung | C65: =INDEX($C$16:$AV$36,$A65,C$58) -> . | D65: =INDEX($C$16:$AV$36,$A65,D$58) -> X | E65: =INDEX($C$16:$AV$36,$A65,E$58) -> X | F65: =INDEX($C$16:$AV$36,$A65,F$58) -> X | G65: =INDEX($C$16:$AV$36,$A65,G$58) -> . | H65: =INDEX($C$16:$AV$36,$A65,H$58) -> X | I65: =INDEX($C$16:$AV$36,$A65,I$58) -> X
A66: 8 | B66: Berufsvorbereitende Bildungsmaßnahmen | C66: =INDEX($C$16:$AV$36,$A66,C$58) -> . | D66: =INDEX($C$16:$AV$36,$A66,D$58) -> X | E66: =INDEX($C$16:$AV$36,$A66,E$58) -> X | F66: =INDEX($C$16:$AV$36,$A66,F$58) -> X | G66: =INDEX($C$16:$AV$36,$A66,G$58) -> . | H66: =INDEX($C$16:$AV$36,$A66,H$58) -> X | I66: =INDEX($C$16:$AV$36,$A66,I$58) -> X
A67: 9 | B67: Einstiegsqualifizierung | C67: =INDEX($C$16:$AV$36,$A67,C$58) -> . | D67: =INDEX($C$16:$AV$36,$A67,D$58) -> X | E67: =INDEX($C$16:$AV$36,$A67,E$58) -> X | F67: =INDEX($C$16:$AV$36,$A67,F$58) -> X | G67: =INDEX($C$16:$AV$36,$A67,G$58) -> . | H67: =INDEX($C$16:$AV$36,$A67,H$58) -> X | I67: =INDEX($C$16:$AV$36,$A67,I$58) -> X
A68: 10 | B68: Ausbildungsbegleitende Hilfen | C68: =INDEX($C$16:$AV$36,$A68,C$58) -> . | D68: =INDEX($C$16:$AV$36,$A68,D$58) -> X | E68: =INDEX($C$16:$AV$36,$A68,E$58) -> X | F68: =INDEX($C$16:$AV$36,$A68,F$58) -> X | G68: =INDEX($C$16:$AV$36,$A68,G$58) -> . | H68: =INDEX($C$16:$AV$36,$A68,H$58) -> X | I68: =INDEX($C$16:$AV$36,$A68,I$58) -> X
A69: 11 | B69: Berufliche Weiterbildung, darunter | C69: =INDEX($C$16:$AV$36,$A69,C$58) -> . | D69: =INDEX($C$16:$AV$36,$A69,D$58) -> X | E69: =INDEX($C$16:$AV$36,$A69,E$58) -> X | F69: =INDEX($C$16:$AV$36,$A69,F$58) -> X | G69: =INDEX($C$16:$AV$36,$A69,G$58) -> . | H69: =INDEX($C$16:$AV$36,$A69,H$58) -> X | I69: =INDEX($C$16:$AV$36,$A69,I$58) -> X
A70: 12 | B70: Förderung der beruflichen Weiterbildung | C70: =INDEX($C$16:$AV$36,$A70,C$58) -> . | D70: =INDEX($C$16:$AV$36,$A70,D$58) -> X | E70: =INDEX($C$16:$AV$36,$A70,E$58) -> X | F70: =INDEX($C$16:$AV$36,$A70,F$58) -> X | G70: =INDEX($C$16:$AV$36,$A70,G$58) -> . | H70: =INDEX($C$16:$AV$36,$A70,H$58) -> X | I70: =INDEX($C$16:$AV$36,$A70,I$58) -> X
... A79: 21 | B79: Teilhabe am Arbeitsmarkt | C79: =INDEX($C$16:$AV$36,$A79,C$58) -> . | D79: =INDEX($C$16:$AV$36,$A79,D$58) -> X | E79: =INDEX($C$16:$AV$36,$A79,E$58) -> X | F79: =INDEX($C$16:$AV$36,$A79,F$58) -> X | G79: =INDEX($C$16:$AV$36,$A79,G$58) -> . | H79: =INDEX($C$16:$AV$36,$A79,H$58) -> X | I79: =INDEX($C$16:$AV$36,$A79,I$58) -> X
B82: DiaDat
G83: 3 | H83: 4 | I83: 5 | J83: 6 | K83: 7 | L83: 8 | M83: 9 | N83: 10 | O83: 11 | P83: 12 | Q83: 13 | R83: 14 | S83: 15 | T83: 16 | U83: 17 | V83: 18 | W83: 19 | X83: 20 | Y83: 21 | Z83: 22 | AA83: 23 | AB83: 24 | AC83: 25 | AD83: 26 | AE83: 27
E84: ID | G84: =TEXT(G41,"MMM JJJJ") -> Apr 2024 | H84: =TEXT(H41,"MMM JJJJ") -> Mai 2024 | I84: =TEXT(I41,"MMM JJJJ") -> Jun 2024 | J84: =TEXT(J41,"MMM JJJJ") -> Jul 2024 | K84: =TEXT(K41,"MMM JJJJ") -> Aug 2024 | L84: =TEXT(L41,"MMM JJJJ") -> Sep 2024 | M84: =TEXT(M41,"MMM JJJJ") -> Okt 2024 | N84: =TEXT(N41,"MMM JJJJ") -> Nov 2024 | ... AE84: =TEXT(AE41,"MMM JJJJ") -> Apr 2026
B85: Summe der Instrumente mit Einmalleistungen | C85: =B57 -> Insgesamt | D85: F | E85: =B85&C85&D85 -> Summe der Instrumente mit EinmalleistungenInsgesamtF | F85: Frauen | G85: =VLOOKUP($E85,$E$45:$AE$50,G$83,0) -> 338 | H85: =VLOOKUP($E85,$E$45:$AE$50,H$83,0) -> 354 | I85: =VLOOKUP($E85,$E$45:$AE$50,I$83,0) -> 375 | J85: =VLOOKUP($E85,$E$45:$AE$50,J$83,0) -> 342 | K85: =VLOOKUP($E85,$E$45:$AE$50,K$83,0) -> 301 | L85: =VLOOKUP($E85,$E$45:$AE$50,L$83,0) -> 307 | M85: =VLOOKUP($E85,$E$45:$AE$50,M$83,0) -> 370 | N85: =VLOOKUP($E85,$E$45:$AE$50,N$83,0) -> 385 | ... AE85: =VLOOKUP($E85,$E$45:$AE$50,AE$83,0) -> 379
B86: Summe der Instrumente mit Einmalleistungen | C86: =C85 -> Insgesamt | D86: M | E86: =B86&C86&D86 -> Summe der Instrumente mit EinmalleistungenInsgesamtM | F86: Männer | G86: =VLOOKUP($E86,$E$45:$AE$50,G$83,0) -> 417 | H86: =VLOOKUP($E86,$E$45:$AE$50,H$83,0) -> 424 | I86: =VLOOKUP($E86,$E$45:$AE$50,I$83,0) -> 418 | J86: =VLOOKUP($E86,$E$45:$AE$50,J$83,0) -> 394 | K86: =VLOOKUP($E86,$E$45:$AE$50,K$83,0) -> 360 | L86: =VLOOKUP($E86,$E$45:$AE$50,L$83,0) -> 406 | M86: =VLOOKUP($E86,$E$45:$AE$50,M$83,0) -> 452 | N86: =VLOOKUP($E86,$E$45:$AE$50,N$83,0) -> 468 | ... AE86: =VLOOKUP($E86,$E$45:$AE$50,AE$83,0) -> 482
B88: DiaDatDS
G89: =G84 -> Apr 2024 | H89: =H84 -> Mai 2024 | I89: =I84 -> Jun 2024 | J89: =J84 -> Jul 2024 | K89: =K84 -> Aug 2024 | L89: =L84 -> Sep 2024 | M89: =M84 -> Okt 2024 | N89: =N84 -> Nov 2024 | ... AE89: =AE84 -> Apr 2026
F90: Frauen | G90: =VLOOKUP($E85,$AH$45:$BI$50,G$83,0) -> 338 | H90: =VLOOKUP($E85,$AH$45:$BI$50,H$83,0) -> 354 | I90: =VLOOKUP($E85,$AH$45:$BI$50,I$83,0) -> 375 | J90: =VLOOKUP($E85,$AH$45:$BI$50,J$83,0) -> 342 | K90: =VLOOKUP($E85,$AH$45:$BI$50,K$83,0) -> 301 | L90: =VLOOKUP($E85,$AH$45:$BI$50,L$83,0) -> 307 | M90: =VLOOKUP($E85,$AH$45:$BI$50,M$83,0) -> 370 | N90: =VLOOKUP($E85,$AH$45:$BI$50,N$83,0) -> 385 | ... AE90: =VLOOKUP($E85,$AH$45:$BI$50,AE$83,0) -> 379
F91: Männer | G91: =VLOOKUP($E86,$AH$45:$BI$50,G$83,0) -> 417 | H91: =VLOOKUP($E86,$AH$45:$BI$50,H$83,0) -> 424 | I91: =VLOOKUP($E86,$AH$45:$BI$50,I$83,0) -> 418 | J91: =VLOOKUP($E86,$AH$45:$BI$50,J$83,0) -> 394 | K91: =VLOOKUP($E86,$AH$45:$BI$50,K$83,0) -> 360 | L91: =VLOOKUP($E86,$AH$45:$BI$50,L$83,0) -> 406 | M91: =VLOOKUP($E86,$AH$45:$BI$50,M$83,0) -> 452 | N91: =VLOOKUP($E86,$AH$45:$BI$50,N$83,0) -> 468 | ... AE91: =VLOOKUP($E86,$AH$45:$BI$50,AE$83,0) -> 482
E92: Fallzahl | F92: 0 | G92: =COUNTIF($G$85:$AE$86,"<"&$F$92) -> 0 | H92: * | I92: =COUNTIF($G$90:$AE$91,"*") -> 0 | J92: Datenausfall | K92: =$D$7 -> 1
B94: DiaDatenreihen | G94: =G84 -> Apr 2024 | H94: =H84 -> Mai 2024 | I94: =I84 -> Jun 2024 | J94: =J84 -> Jul 2024 | K94: =K84 -> Aug 2024 | L94: =L84 -> Sep 2024 | M94: =M84 -> Okt 2024 | N94: =N84 -> Nov 2024 | ... AE94: =AE84 -> Apr 2026
F95: Frauen | G95: =IF(($G$92+$I$92+$K$92)>0,NA(),G85) -> #N/A | H95: =IF(($G$92+$I$92+$K$92)>0,NA(),H85) -> #N/A | I95: =IF(($G$92+$I$92+$K$92)>0,NA(),I85) -> #N/A | J95: =IF(($G$92+$I$92+$K$92)>0,NA(),J85) -> #N/A | K95: =IF(($G$92+$I$92+$K$92)>0,NA(),K85) -> #N/A | L95: =IF(($G$92+$I$92+$K$92)>0,NA(),L85) -> #N/A | M95: =IF(($G$92+$I$92+$K$92)>0,NA(),M85) -> #N/A | N95: =IF(($G$92+$I$92+$K$92)>0,NA(),N85) -> #N/A | ... AE95: =IF(($G$92+$I$92+$K$92)>0,NA(),AE85) -> #N/A
F96: Männer | G96: =IF(($G$92+$I$92+$K$92)>0,NA(),G86) -> #N/A | H96: =IF(($G$92+$I$92+$K$92)>0,NA(),H86) -> #N/A | I96: =IF(($G$92+$I$92+$K$92)>0,NA(),I86) -> #N/A | J96: =IF(($G$92+$I$92+$K$92)>0,NA(),J86) -> #N/A | K96: =IF(($G$92+$I$92+$K$92)>0,NA(),K86) -> #N/A | L96: =IF(($G$92+$I$92+$K$92)>0,NA(),L86) -> #N/A | M96: =IF(($G$92+$I$92+$K$92)>0,NA(),M86) -> #N/A | N96: =IF(($G$92+$I$92+$K$92)>0,NA(),N86) -> #N/A | ... AE96: =IF(($G$92+$I$92+$K$92)>0,NA(),AE86) -> #N/A
B98: DiaDS, DatenBeschriftungen
G99: =TEXT(G84,"MMM JJJJ") -> Apr 2024 | J99: =TEXT(J84,"MMM JJJJ") -> Jul 2024 | M99: =TEXT(M84,"MMM JJJJ") -> Okt 2024 | P99: =TEXT(P84,"MMM JJJJ") -> Jan 2025 | S99: =TEXT(S84,"MMM JJJJ") -> Apr 2025 | V99: =TEXT(V84,"MMM JJJJ") -> Jul 2025 | Y99: =TEXT(Y84,"MMM JJJJ") -> Okt 2025 | AB99: =TEXT(AB84,"MMM JJJJ") -> Jan 2026 | AE99: =TEXT(AE84,"MMM JJJJ") -> Apr 2026
F100: Frauen | G100: =IF(($G$92+$I$92+$K$92)>0,"",TEXT(G85,"###.###")) | J100: =IF(($G$92+$I$92+$K$92)>0,"",TEXT(J85,"###.###")) | M100: =IF(($G$92+$I$92+$K$92)>0,"",TEXT(M85,"###.###")) | P100: =IF(($G$92+$I$92+$K$92)>0,"",TEXT(P85,"###.###")) | S100: =IF(($G$92+$I$92+$K$92)>0,"",TEXT(S85,"###.###")) | V100: =IF(($G$92+$I$92+$K$92)>0,"",TEXT(V85,"###.###")) | Y100: =IF(($G$92+$I$92+$K$92)>0,"",TEXT(Y85,"###.###")) | AB100: =IF(($G$92+$I$92+$K$92)>0,"",TEXT(AB85,"###.###")) | AE100: =IF(($G$92+$I$92+$K$92)>0,"",TEXT(AE85,"###.###"))
F101: Männer | G101: =IF(($G$92+$I$92+$K$92)>0,"",TEXT(G86,"###.###")) | J101: =IF(($G$92+$I$92+$K$92)>0,"",TEXT(J86,"###.###")) | M101: =IF(($G$92+$I$92+$K$92)>0,"",TEXT(M86,"###.###")) | P101: =IF(($G$92+$I$92+$K$92)>0,"",TEXT(P86,"###.###")) | S101: =IF(($G$92+$I$92+$K$92)>0,"",TEXT(S86,"###.###")) | V101: =IF(($G$92+$I$92+$K$92)>0,"",TEXT(V86,"###.###")) | Y101: =IF(($G$92+$I$92+$K$92)>0,"",TEXT(Y86,"###.###")) | AB101: =IF(($G$92+$I$92+$K$92)>0,"",TEXT(AB86,"###.###")) | AE101: =IF(($G$92+$I$92+$K$92)>0,"",TEXT(AE86,"###.###"))
H105: Prio Anzeige und Prüfung
B106: =MID(Auswahl!F5,5,1000)& " (Summe der Instrumente) "&CHAR(10)&TEXT($G$84,"MMMM JJJJ") &" - " &TEXT($AE$84,"MMMM JJJJ") -> Bestand in ausgewählten arbeitsmarktpolitischen Instrumenten (Summe der Instrumente) April 2024 - April 2026
A108: FZ | B108: Auf Grund der zu geringen Fallzahlen in einigen Berichtsmonaten wird auf die grafische Darstellung verzichtet. | H108: 4 | J108: nicht eingeschlossen
A109: NV | B109: Daten für die Maßnahmeart- und Rechtskreisauswahl stehen nicht zur Verfügung | H109: 2
A110: * | B110: Auf Grund von primären oder sekundärem Datenschutz kann keine Grafik dargestellt werden. | H110: 3
A111: ZR | B111: Auf Grund von unvollständigen Datenlieferungen im Berichtszeitraum kann keine Grafik dargestellt werden. | H111: 1
B112: =IF($K$92>0,$B$111,IF(ISNA($G$85),$B$109,IF($I$92>0,$B$110,IF($G$92>0,$B$108,"")))) -> Auf Grund von unvollständigen Datenlieferungen im Berichtszeitraum kann keine Grafik dargestellt werden.
B113: Text bei sinnloser Kombi

Sheet Tab 8.1
A1: Frauen und Männer
A3: =Auswahl!F5 -> 8.1 Bestand in ausgewählten arbeitsmarktpolitischen Instrumenten
A4: ='Tab 8.1_roh'!D4 -> JC Tuttlingen (Gebietsstand: Juli 2026), SGB II-Vergleichstyp Ic
A5: ='Tab 8.1_roh'!D5 -> April 2026, Daten mit einer Wartezeit von 3 Monaten
A23: Die Förderstatistik berichtet über Förderungen bzw. Teilnahmen von Personen an Maßnahmen der aktiven Arbeitsmarktförderung nach dem SGB III und Leistungen zur Eingliederung des Bundes nach dem SGB II. Es erfolgt eine Zählung von Förderfällen bzw. Teilnahmen, nicht von Personen. Folglich wird eine Person, die in einem Zeitraum oder an einem Zeitpunkt mehrere Förderleistungen erhält, mehrfach gezählt.
A33: Ausgewählte Instrumente der Arbeitsmarktpolitik | D33: Frauen | H33: Männer
D34: Bestand | E34: Anteil an Summe der Instrumente in % | F34: Verände- rung zum Vorjahr in % | G34: Anteil Frauen an allen Personen in % | H34: Bestand | I34: Anteil an Summe der Instrumente in % | J34: Verände- rung zum Vorjahr in %
D35: 1 | E35: 2 | F35: 3 | G35: 4 | H35: 5 | I35: 6 | J35: 7
A36: Summe der Instrumente | D36: ='Tab 8.1_roh'!C59 -> . | E36: ='Tab 8.1_roh'!D59 -> X | F36: ='Tab 8.1_roh'!E59 -> X | G36: ='Tab 8.1_roh'!F59 -> X | H36: ='Tab 8.1_roh'!G59 -> . | I36: ='Tab 8.1_roh'!H59 -> X | J36: ='Tab 8.1_roh'!I59 -> X
A37: Aktivierung und berufliche Eingliederung | D37: ='Tab 8.1_roh'!C60 -> . | E37: ='Tab 8.1_roh'!D60 -> X | F37: ='Tab 8.1_roh'!E60 -> X | G37: ='Tab 8.1_roh'!F60 -> X | H37: ='Tab 8.1_roh'!G60 -> . | I37: ='Tab 8.1_roh'!H60 -> X | J37: ='Tab 8.1_roh'!I60 -> X
A38: dar.: | B38: Maßnahmen zur Aktivierung und beruflichen Eingliederung | D38: ='Tab 8.1_roh'!C61 -> . | E38: ='Tab 8.1_roh'!D61 -> X | F38: ='Tab 8.1_roh'!E61 -> X | G38: ='Tab 8.1_roh'!F61 -> X | H38: ='Tab 8.1_roh'!G61 -> . | I38: ='Tab 8.1_roh'!H61 -> X | J38: ='Tab 8.1_roh'!I61 -> X
B39: Vermittlungsbudget | D39: ='Tab 8.1_roh'!C62 -> X | E39: ='Tab 8.1_roh'!D62 -> X | F39: ='Tab 8.1_roh'!E62 -> X | G39: ='Tab 8.1_roh'!F62 -> X | H39: ='Tab 8.1_roh'!G62 -> X | I39: ='Tab 8.1_roh'!H62 -> X | J39: ='Tab 8.1_roh'!I62 -> X
A40: Berufswahl und Berufsausbildung 1) | D40: ='Tab 8.1_roh'!C63 -> . | E40: ='Tab 8.1_roh'!D63 -> X | F40: ='Tab 8.1_roh'!E63 -> X | G40: ='Tab 8.1_roh'!F63 -> X | H40: ='Tab 8.1_roh'!G63 -> . | I40: ='Tab 8.1_roh'!H63 -> X | J40: ='Tab 8.1_roh'!I63 -> X
A41: dar.: | B41: Berufseinstiegsbegleitung | D41: ='Tab 8.1_roh'!C64 -> . | E41: ='Tab 8.1_roh'!D64 -> X | F41: ='Tab 8.1_roh'!E64 -> X | G41: ='Tab 8.1_roh'!F64 -> X | H41: ='Tab 8.1_roh'!G64 -> . | I41: ='Tab 8.1_roh'!H64 -> X | J41: ='Tab 8.1_roh'!I64 -> X
B42: Assistierte Ausbildung | D42: ='Tab 8.1_roh'!C65 -> . | E42: ='Tab 8.1_roh'!D65 -> X | F42: ='Tab 8.1_roh'!E65 -> X | G42: ='Tab 8.1_roh'!F65 -> X | H42: ='Tab 8.1_roh'!G65 -> . | I42: ='Tab 8.1_roh'!H65 -> X | J42: ='Tab 8.1_roh'!I65 -> X
B43: Berufsvorbereitende Bildungsmaßnahmen | D43: ='Tab 8.1_roh'!C66 -> . | E43: ='Tab 8.1_roh'!D66 -> X | F43: ='Tab 8.1_roh'!E66 -> X | G43: ='Tab 8.1_roh'!F66 -> X | H43: ='Tab 8.1_roh'!G66 -> . | I43: ='Tab 8.1_roh'!H66 -> X | J43: ='Tab 8.1_roh'!I66 -> X
B44: Einstiegsqualifizierung | D44: ='Tab 8.1_roh'!C67 -> . | E44: ='Tab 8.1_roh'!D67 -> X | F44: ='Tab 8.1_roh'!E67 -> X | G44: ='Tab 8.1_roh'!F67 -> X | H44: ='Tab 8.1_roh'!G67 -> . | I44: ='Tab 8.1_roh'!H67 -> X | J44: ='Tab 8.1_roh'!I67 -> X
B45: Ausbildungsbegleitende Hilfen | D45: ='Tab 8.1_roh'!C68 -> . | E45: ='Tab 8.1_roh'!D68 -> X | F45: ='Tab 8.1_roh'!E68 -> X | G45: ='Tab 8.1_roh'!F68 -> X | H45: ='Tab 8.1_roh'!G68 -> . | I45: ='Tab 8.1_roh'!H68 -> X | J45: ='Tab 8.1_roh'!I68 -> X
A46: Berufliche Weiterbildung | D46: ='Tab 8.1_roh'!C69 -> . | E46: ='Tab 8.1_roh'!D69 -> X | F46: ='Tab 8.1_roh'!E69 -> X | G46: ='Tab 8.1_roh'!F69 -> X | H46: ='Tab 8.1_roh'!G69 -> . | I46: ='Tab 8.1_roh'!H69 -> X | J46: ='Tab 8.1_roh'!I69 -> X
A47: dar.: | B47: Förderung der berufl. Weiterbildung | D47: ='Tab 8.1_roh'!C70 -> . | E47: ='Tab 8.1_roh'!D70 -> X | F47: ='Tab 8.1_roh'!E70 -> X | G47: ='Tab 8.1_roh'!F70 -> X | H47: ='Tab 8.1_roh'!G70 -> . | I47: ='Tab 8.1_roh'!H70 -> X | J47: ='Tab 8.1_roh'!I70 -> X
B48: Arbeitsentgeltzuschuss zur berufl. Weiterbildung Beschäftigter | D48: ='Tab 8.1_roh'!C71 -> . | E48: ='Tab 8.1_roh'!D71 -> X | F48: ='Tab 8.1_roh'!E71 -> X | G48: ='Tab 8.1_roh'!F71 -> X | H48: ='Tab 8.1_roh'!G71 -> . | I48: ='Tab 8.1_roh'!H71 -> X | J48: ='Tab 8.1_roh'!I71 -> X
A49: Aufnahme einer Erwerbstätigkeit | D49: ='Tab 8.1_roh'!C72 -> . | E49: ='Tab 8.1_roh'!D72 -> X | F49: ='Tab 8.1_roh'!E72 -> X | G49: ='Tab 8.1_roh'!F72 -> X | H49: ='Tab 8.1_roh'!G72 -> . | I49: ='Tab 8.1_roh'!H72 -> X | J49: ='Tab 8.1_roh'!I72 -> X
A50: dar.: | B50: Förderung abhängiger Beschäftigung | D50: ='Tab 8.1_roh'!C73 -> . | E50: ='Tab 8.1_roh'!D73 -> X | F50: ='Tab 8.1_roh'!E73 -> X | G50: ='Tab 8.1_roh'!F73 -> X | H50: ='Tab 8.1_roh'!G73 -> . | I50: ='Tab 8.1_roh'!H73 -> X | J50: ='Tab 8.1_roh'!I73 -> X
B51: dar.: | C51: Eingliederungszuschuss | D51: ='Tab 8.1_roh'!C74 -> . | E51: ='Tab 8.1_roh'!D74 -> X | F51: ='Tab 8.1_roh'!E74 -> X | G51: ='Tab 8.1_roh'!F74 -> X | H51: ='Tab 8.1_roh'!G74 -> . | I51: ='Tab 8.1_roh'!H74 -> X | J51: ='Tab 8.1_roh'!I74 -> X
C52: Eingliederung von Langzeitarbeitslosen | D52: ='Tab 8.1_roh'!C75 -> . | E52: ='Tab 8.1_roh'!D75 -> X | F52: ='Tab 8.1_roh'!E75 -> X | G52: ='Tab 8.1_roh'!F75 -> X | H52: ='Tab 8.1_roh'!G75 -> . | I52: ='Tab 8.1_roh'!H75 -> X | J52: ='Tab 8.1_roh'!I75 -> X
B53: Förderung der Selbständigkeit | D53: ='Tab 8.1_roh'!C76 -> . | E53: ='Tab 8.1_roh'!D76 -> X | F53: ='Tab 8.1_roh'!E76 -> X | G53: ='Tab 8.1_roh'!F76 -> X | H53: ='Tab 8.1_roh'!G76 -> . | I53: ='Tab 8.1_roh'!H76 -> X | J53: ='Tab 8.1_roh'!I76 -> X
A54: Beschäftigung schaffende Maßnahmen | D54: ='Tab 8.1_roh'!C77 -> . | E54: ='Tab 8.1_roh'!D77 -> X | F54: ='Tab 8.1_roh'!E77 -> X | G54: ='Tab 8.1_roh'!F77 -> X | H54: ='Tab 8.1_roh'!G77 -> . | I54: ='Tab 8.1_roh'!H77 -> X | J54: ='Tab 8.1_roh'!I77 -> X
A55: dar.: | B55: Arbeitsgelegenheiten | D55: ='Tab 8.1_roh'!C78 -> . | E55: ='Tab 8.1_roh'!D78 -> X | F55: ='Tab 8.1_roh'!E78 -> X | G55: ='Tab 8.1_roh'!F78 -> X | H55: ='Tab 8.1_roh'!G78 -> . | I55: ='Tab 8.1_roh'!H78 -> X | J55: ='Tab 8.1_roh'!I78 -> X
B56: Teilhabe am Arbeitsmarkt 2) | D56: ='Tab 8.1_roh'!C79 -> . | E56: ='Tab 8.1_roh'!D79 -> X | F56: ='Tab 8.1_roh'!E79 -> X | G56: ='Tab 8.1_roh'!F79 -> X | H56: ='Tab 8.1_roh'!G79 -> . | I56: ='Tab 8.1_roh'!H79 -> X | J56: ='Tab 8.1_roh'!I79 -> X
J57: © Statistik der Bundesagentur für Arbeit
A59: 1) Ohne Ergebnisse zu Teilnahmen an Berufsorientierungsmaßnahmen.
A60: 2) Die Förderungen zur Teilhabe am Arbeitsmarkt sind insgesamt bundesweit übererfasst. Für einzelne Jobcenter fällt die Übererfassung deutlich höher aus. Näheres siehe unter folgendem Link:
A61: Förderung zur Teilhabe am Arbeitsmarkt - Übererfassung

Sheet Tab 8.2_roh
C1: TabSpalten | BI1: XXX
C2: Hilfsspalten
C3: Überschrift | D3: 8.2 Eintritte in ausgewählte arbeitsmarktpolitische Instrumente
C4: Gebiet | D4: JC Tuttlingen (Gebietsstand: Juli 2026), SGB II-Vergleichstyp Ic
C5: BM | D5: April 2026, Daten mit einer Wartezeit von 3 Monaten
C7: ZRPlausi | D7: 1
C9: Frauen | D9: Frauen | E9: Frauen | F9: Frauen | G9: Frauen | H9: Frauen | I9: Männer | J9: Männer | K9: Männer | L9: Männer | M9: Frauen | N9: Frauen | O9: Frauen | P9: Frauen | Q9: Frauen | R9: Frauen | S9: Männer | T9: Männer | U9: Männer | V9: Männer | W9: Frauen | X9: Frauen | Y9: Frauen | Z9: Frauen | AA9: Frauen | AB9: Frauen | AC9: Männer | AD9: Männer | AE9: Männer | AF9: Männer | AH9: Frauen | AI9: Frauen | AJ9: Frauen | AK9: Männer | AL9: Männer | AM9: Frauen | AN9: Frauen | AO9: Frauen | AP9: Männer | AQ9: Männer | AR9: Frauen | AS9: Frauen | AT9: Frauen | AU9: Männer | AV9: Männer
B10: Tab/DS | C10: Insgesamt | D10: VJM | E10: Anteil der Merkmals- gruppe an Insgesamt in % | F10: Verände- rung zum Vorjahr in % | G10: Gesamt | H10: Anteil an allen Personen in % | I10: Insgesamt | J10: VJM | K10: Anteil der Merkmals- gruppe an Insgesamt in % | L10: Verände- rung zum Vorjahr in % | M10: Insgesamt | N10: VJM | O10: Anteil der Merkmals- gruppe an Insgesamt in % | P10: Verände- rung zum Vorjahr in % | Q10: Gesamt | R10: Anteil an allen Personen in % | S10: Insgesamt | T10: VJM | U10: Anteil der Merkmals- gruppe an Insgesamt in % | V10: Verände- rung zum Vorjahr in % | W10: Insgesamt | X10: VJM | Y10: Anteil der Merkmals- gruppe an Insgesamt in % | Z10: Verände- rung zum Vorjahr in % | AA10: Gesamt | AB10: Anteil an allen Personen in % | AC10: Insgesamt | AD10: VJM | AE10: Anteil der Merkmals- gruppe an Insgesamt in % | AF10: Verände- rung zum Vorjahr in % | AH10: Anteil der Merkmals- gruppe an Insgesamt in % | AI10: Verände- rung zum Vorjahr in % | AJ10: Anteil an allen Personen in % | AK10: Anteil der Merkmals- gruppe an Insgesamt in % | AL10: Verände- rung zum Vorjahr in % | AM10: Anteil der Merkmals- gruppe an Insgesamt in % | AN10: Verände- rung zum Vorjahr in % | AO10: Anteil an allen Personen in % | AP10: Anteil der Merkmals- gruppe an Insgesamt in % | AQ10: Verände- rung zum Vorjahr in % | AR10: Anteil der Merkmals- gruppe an Insgesamt in % | AS10: Verände- rung zum Vorjahr in % | AT10: Anteil an allen Personen in % | AU10: Anteil der Merkmals- gruppe an Insgesamt in % | AV10: Verände- rung zum Vorjahr in %
C11: 1 | D11: 0 | E11: 2 | F11: 3 | G11: 0 | H11: 4 | I11: 5 | J11: 0 | K11: 6 | L11: 7 | M11: 1 | N11: 0 | O11: 2 | P11: 3 | Q11: 0 | R11: 4 | S11: 5 | T11: 0 | U11: 6 | V11: 7 | W11: 1 | X11: 0 | Y11: 2 | Z11: 3 | AA11: 0 | AB11: 4 | AC11: 5 | AD11: 0 | AE11: 6 | AF11: 7 | AH11: 2 | AI11: 3 | AJ11: 4 | AK11: 6 | AL11: 7 | AM11: 2 | AN11: 3 | AO11: 4 | AP11: 6 | AQ11: 7 | AR11: 2 | AS11: 3 | AT11: 4 | AU11: 6 | AV11: 7
C12: 1 | D12: 2 | E12: 3 | F12: 4 | G12: 5 | H12: 6 | I12: 7 | J12: 8 | K12: 9 | L12: 10 | M12: 1 | N12: 2 | O12: 3 | P12: 4 | Q12: 5 | R12: 6 | S12: 7 | T12: 8 | U12: 9 | V12: 10 | W12: 1 | X12: 2 | Y12: 3 | Z12: 4 | AA12: 5 | AB12: 6 | AC12: 7 | AD12: 8 | AE12: 9 | AF12: 10 | AH12: 3 | AI12: 4 | AJ12: 6 | AK12: 9 | AL12: 10 | AM12: 3 | AN12: 4 | AO12: 6 | AP12: 9 | AQ12: 10 | AR12: 3 | AS12: 4 | AT12: 6 | AU12: 9 | AV12: 10
C13: 1Insgesamt | D13: 2Insgesamt | G13: 5Insgesamt | I13: 7Insgesamt | J13: 8Insgesamt | M13: 1SGB III | N13: 2SGB III | Q13: 5SGB III | S13: 7SGB III | T13: 8SGB III | W13: 1SGB II | X13: 2SGB II | AA13: 5SGB II | AC13: 7SGB II | AD13: 8SGB II | AH13: 3Insgesamt | AI13: 4Insgesamt | AJ13: 6Insgesamt | AK13: 9Insgesamt | AL13: 10Insgesamt | AM13: 3SGB III | AN13: 4SGB III | AO13: 6SGB III | AP13: 9SGB III | AQ13: 10SGB III | AR13: 3SGB II | AS13: 4SGB II | AT13: 6SGB II | AU13: 9SGB II | AV13: 10SGB II
B15: ID für Auswahl | C15: Insgesamt | M15: SGB III | W15: SGB II
B16: Summe der Instrumente mit Einmalleistungen | C16: . | D16: 71 | G16: . | I16: . | J16: 105 | M16: . | N16: 59 | Q16: . | S16: . | T16: 75 | W16: . | X16: 12 | AA16: . | AC16: . | AD16: 30 | AH16: X | AI16: X | AJ16: X | AK16: X | AL16: X | AM16: X | AN16: X | AO16: X | AP16: X | AQ16: X | AR16: X | AS16: X | AT16: X | AU16: X | AV16: X
B17: Aktivierung und berufliche Eingliederung, darunter | C17: . | D17: 27 | G17: . | I17: . | J17: 47 | M17: . | N17: 18 | Q17: . | S17: . | T17: 29 | W17: . | X17: 9 | AA17: . | AC17: . | AD17: 18 | AH17: X | AI17: X | AJ17: X | AK17: X | AL17: X | AM17: X | AN17: X | AO17: X | AP17: X | AQ17: X | AR17: X | AS17: X | AT17: X | AU17: X | AV17: X
B18: Maßnahmen zur Aktivierung und beruflichen Eingliederung | C18: . | D18: 21 | G18: . | I18: . | J18: 31 | M18: . | N18: 18 | Q18: . | S18: . | T18: 26 | W18: . | X18: 3 | AA18: . | AC18: . | AD18: 5 | AH18: X | AI18: X | AJ18: X | AK18: X | AL18: X | AM18: X | AN18: X | AO18: X | AP18: X | AQ18: X | AR18: X | AS18: X | AT18: X | AU18: X | AV18: X
B19: Vermittlungsbudget | C19: . | D19: 6 | G19: . | I19: . | J19: 16 | M19: . | N19: 0 | Q19: . | S19: . | T19: 3 | W19: . | X19: 6 | AA19: . | AC19: . | AD19: 13 | AH19: X | AI19: X | AJ19: X | AK19: X | AL19: X | AM19: X | AN19: X | AO19: X | AP19: X | AQ19: X | AR19: X | AS19: X | AT19: X | AU19: X | AV19: X
B20: Berufswahl und Berufsausbildung, darunter | C20: . | D20: 11 | G20: . | I20: . | J20: 5 | M20: . | N20: 11 | Q20: . | S20: . | T20: 5 | W20: . | X20: 0 | AA20: . | AC20: . | AD20: 0 | AH20: X | AI20: X | AJ20: X | AK20: X | AL20: X | AM20: X | AN20: X | AO20: X | AP20: X | AQ20: X | AR20: X | AS20: X | AT20: X | AU20: X | AV20: X
B21: Berufseinstiegsbegleitung | C21: . | D21: 0 | G21: . | I21: . | J21: 0 | M21: . | N21: 0 | Q21: . | S21: . | T21: 0 | W21: X | X21: X | AA21: X | AC21: X | AD21: X | AH21: X | AI21: X | AJ21: X | AK21: X | AL21: X | AM21: X | AN21: X | AO21: X | AP21: X | AQ21: X | AR21: X | AS21: X | AT21: X | AU21: X | AV21: X
B22: Assistierte Ausbildung | C22: . | D22: * | G22: . | I22: . | J22: * | M22: . | N22: * | Q22: . | S22: . | T22: * | W22: . | X22: 0 | AA22: . | AC22: . | AD22: 0 | AH22: X | AI22: X | AJ22: X | AK22: X | AL22: X | AM22: X | AN22: X | AO22: X | AP22: X | AQ22: X | AR22: X | AS22: X | AT22: X | AU22: X | AV22: X
B23: Berufsvorbereitende Bildungsmaßnahmen | C23: . | D23: * | G23: . | I23: . | J23: * | M23: . | N23: * | Q23: . | S23: . | T23: * | W23: X | X23: X | AA23: X | AC23: X | AD23: X | AH23: X | AI23: X | AJ23: X | AK23: X | AL23: X | AM23: X | AN23: X | AO23: X | AP23: X | AQ23: X | AR23: X | AS23: X | AT23: X | AU23: X | AV23: X
A24: 13 | B24: Einstiegsqualifizierung | C24: . | D24: 0 | G24: . | I24: . | J24: 0 | M24: . | N24: 0 | Q24: . | S24: . | T24: 0 | W24: . | X24: 0 | AA24: . | AC24: . | AD24: 0 | AH24: X | AI24: X | AJ24: X | AK24: X | AL24: X | AM24: X | AN24: X | AO24: X | AP24: X | AQ24: X | AR24: X | AS24: X | AT24: X | AU24: X | AV24: X
B25: Ausbildungsbegleitende Hilfen | C25: . | D25: 0 | G25: . | I25: . | J25: 0 | M25: . | N25: 0 | Q25: . | S25: . | T25: 0 | W25: . | X25: 0 | AA25: . | AC25: . | AD25: 0 | AH25: X | AI25: X | AJ25: X | AK25: X | AL25: X | AM25: X | AN25: X | AO25: X | AP25: X | AQ25: X | AR25: X | AS25: X | AT25: X | AU25: X | AV25: X
B26: Berufliche Weiterbildung, darunter | C26: . | D26: 26 | G26: . | I26: . | J26: 37 | M26: . | N26: 26 | Q26: . | S26: . | T26: * | W26: . | X26: 0 | AA26: . | AC26: . | AD26: * | AH26: X | AI26: X | AJ26: X | AK26: X | AL26: X | AM26: X | AN26: X | AO26: X | AP26: X | AQ26: X | AR26: X | AS26: X | AT26: X | AU26: X | AV26: X
B27: Förderung der beruflichen Weiterbildung | C27: . | D27: * | G27: . | I27: . | J27: 34 | M27: . | N27: * | Q27: . | S27: . | T27: * | W27: . | X27: 0 | AA27: . | AC27: . | AD27: * | AH27: X | AI27: X | AJ27: X | AK27: X | AL27: X | AM27: X | AN27: X | AO27: X | AP27: X | AQ27: X | AR27: X | AS27: X | AT27: X | AU27: X | AV27: X
B28: Arbeitsentgeltzuschuss zur beruflichen Weiterbildung Beschäftigter | C28: . | D28: * | G28: . | I28: . | J28: 3 | M28: . | N28: * | Q28: . | S28: . | T28: 3 | W28: . | X28: 0 | AA28: . | AC28: . | AD28: 0 | AH28: X | AI28: X | AJ28: X | AK28: X | AL28: X | AM28: X | AN28: X | AO28: X | AP28: X | AQ28: X | AR28: X | AS28: X | AT28: X | AU28: X | AV28: X
B29: Aufnahme einer Erwerbstätigkeit, darunter | C29: . | D29: 3 | G29: . | I29: . | J29: 12 | M29: . | N29: 3 | Q29: . | S29: . | T29: * | W29: . | X29: 0 | AA29: . | AC29: . | AD29: * | AH29: X | AI29: X | AJ29: X | AK29: X | AL29: X | AM29: X | AN29: X | AO29: X | AP29: X | AQ29: X | AR29: X | AS29: X | AT29: X | AU29: X | AV29: X
B30: Förderung abhängiger Beschäftigung | C30: . | D30: * | G30: . | I30: . | J30: * | M30: . | N30: * | Q30: . | S30: . | T30: 3 | W30: . | X30: 0 | AA30: . | AC30: . | AD30: * | AH30: X | AI30: X | AJ30: X | AK30: X | AL30: X | AM30: X | AN30: X | AO30: X | AP30: X | AQ30: X | AR30: X | AS30: X | AT30: X | AU30: X | AV30: X
B31: Eingliederungszuschuss | C31: . | D31: * | G31: . | I31: . | J31: 9 | M31: . | N31: * | Q31: . | S31: . | T31: * | W31: . | X31: 0 | AA31: . | AC31: . | AD31: * | AH31: X | AI31: X | AJ31: X | AK31: X | AL31: X | AM31: X | AN31: X | AO31: X | AP31: X | AQ31: X | AR31: X | AS31: X | AT31: X | AU31: X | AV31: X
A32: 12 | B32: Eingliederung von Langzeitarbeitslosen | C32: . | D32: 0 | G32: . | I32: . | J32: 0 | M32: X | N32: X | Q32: X | S32: X | T32: X | W32: . | X32: 0 | AA32: . | AC32: . | AD32: 0 | AH32: X | AI32: X | AJ32: X | AK32: X | AL32: X | AM32: X | AN32: X | AO32: X | AP32: X | AQ32: X | AR32: X | AS32: X | AT32: X | AU32: X | AV32: X
B33: Förderung der Selbständigkeit | C33: . | D33: * | G33: . | I33: . | J33: * | M33: . | N33: * | Q33: . | S33: . | T33: * | W33: . | X33: 0 | AA33: . | AC33: . | AD33: 0 | AH33: X | AI33: X | AJ33: X | AK33: X | AL33: X | AM33: X | AN33: X | AO33: X | AP33: X | AQ33: X | AR33: X | AS33: X | AT33: X | AU33: X | AV33: X
B34: Beschäftigung schaffende Maßnahmen, darunter | C34: . | D34: * | G34: . | I34: . | J34: 4 | M34: X | N34: X | Q34: X | S34: X | T34: X | W34: . | X34: * | AA34: . | AC34: . | AD34: 4 | AH34: X | AI34: X | AJ34: X | AK34: X | AL34: X | AM34: X | AN34: X | AO34: X | AP34: X | AQ34: X | AR34: X | AS34: X | AT34: X | AU34: X | AV34: X
B35: Arbeitsgelegenheiten | C35: . | D35: * | G35: . | I35: . | J35: * | M35: X | N35: X | Q35: X | S35: X | T35: X | W35: . | X35: * | AA35: . | AC35: . | AD35: * | AH35: X | AI35: X | AJ35: X | AK35: X | AL35: X | AM35: X | AN35: X | AO35: X | AP35: X | AQ35: X | AR35: X | AS35: X | AT35: X | AU35: X | AV35: X
A36: 11 | B36: Teilhabe am Arbeitsmarkt | C36: . | D36: 0 | G36: . | I36: . | J36: * | M36: X | N36: X | Q36: X | S36: X | T36: X | W36: . | X36: 0 | AA36: . | AC36: . | AD36: * | AH36: X | AI36: X | AJ36: X | AK36: X | AL36: X | AM36: X | AN36: X | AO36: X | AP36: X | AQ36: X | AR36: X | AS36: X | AT36: X | AU36: X | AV36: X
B37: angepasst
B39: DiaDatRoh | AH39: DiaDatRohDS
E41: ID | G41: 45383 | H41: Mai 2024 | I41: 45444 | J41: 45474 | K41: 45505 | L41: 45536 | M41: Okt 2024 | N41: 45597 | O41: Dez 2024 | P41: 45658 | Q41: 45689 | R41: 45717 | S41: 45748 | T41: Mai 2025 | U41: 45809 | V41: 45839 | W41: 45870 | X41: 45901 | Y41: Okt 2025 | Z41: 45962 | AA41: Dez 2025 | AB41: 46023 | AC41: 46054 | AD41: 46082 | AE41: 46113 | AJ41: 45383 | AK41: Mai 2024 | AL41: 45444 | AM41: 45474 | AN41: 45505 | AO41: 45536 | AP41: Okt 2024 | AQ41: 45597 | AR41: Dez 2024 | AS41: 45658 | AT41: 45689 | AU41: 45717 | AV41: 45748 | AW41: Mai 2025 | AX41: 45809 | AY41: 45839 | AZ41: 45870 | BA41: 45901 | BB41: Okt 2025 | BC41: 45962 | BD41: Dez 2025 | BE41: 46023 | BF41: 46054 | BG41: 46082 | BH41: 46113
B42: Summe der Instrumente mit Einmalleistungen | C42: Insgesamt | D42: G | G42: 201 | H42: 198 | I42: 152 | J42: 193 | K42: 129 | L42: 346 | M42: 315 | N42: 184 | O42: 145 | P42: 166 | Q42: 181 | R42: 184 | S42: 176 | T42: 202 | U42: 186 | V42: 157 | W42: 160 | X42: 216 | Y42: 254 | Z42: 176 | AA42: 162 | AB42: 118 | AC42: 187 | AD42: 148 | AE42: 287 | AH42: Insgesamt | AI42: G | AJ42: 201 | AK42: 198 | AL42: 152 | AM42: 193 | AN42: 129 | AO42: 346 | AP42: 315 | AQ42: 184 | AR42: 145 | AS42: 166 | AT42: 181 | AU42: 184 | AV42: 176 | AW42: 202 | AX42: 186 | AY42: 157 | AZ42: 160 | BA42: 216 | BB42: 254 | BC42: 176 | BD42: 162 | BE42: 118 | BF42: 187 | BG42: 148 | BH42: 287
B43: Summe der Instrumente mit Einmalleistungen | C43: SGB III | D43: G | G43: 141 | H43: 98 | I43: 104 | J43: 126 | K43: 75 | L43: 281 | M43: 239 | N43: 123 | O43: 108 | P43: 109 | Q43: 134 | R43: 142 | S43: 134 | T43: 134 | U43: 119 | V43: 110 | W43: 88 | X43: 158 | Y43: 210 | Z43: 124 | AA43: 113 | AB43: 87 | AC43: 141 | AD43: 116 | AE43: 131 | AH43: SGB III | AI43: G | AJ43: 141 | AK43: 98 | AL43: 104 | AM43: 126 | AN43: 75 | AO43: 281 | AP43: 239 | AQ43: 123 | AR43: 108 | AS43: 109 | AT43: 134 | AU43: 142 | AV43: 134 | AW43: 134 | AX43: 119 | AY43: 110 | AZ43: 88 | BA43: 158 | BB43: 210 | BC43: 124 | BD43: 113 | BE43: 87 | BF43: 141 | BG43: 116 | BH43: 131
B44: Summe der Instrumente mit Einmalleistungen | C44: SGB II | D44: G | G44: 60 | H44: 100 | I44: 48 | J44: 67 | K44: 54 | L44: 65 | M44: 76 | N44: 61 | O44: 37 | P44: 57 | Q44: 47 | R44: 42 | S44: 42 | T44: 68 | U44: 67 | V44: 47 | W44: 72 | X44: 58 | Y44: 44 | Z44: 52 | AA44: 49 | AB44: 31 | AC44: 46 | AD44: 32 | AE44: 156 | AH44: SGB II | AI44: G | AJ44: 60 | AK44: 100 | AL44: 48 | AM44: 67 | AN44: 54 | AO44: 65 | AP44: 76 | AQ44: 61 | AR44: 37 | AS44: 57 | AT44: 47 | AU44: 42 | AV44: 42 | AW44: 68 | AX44: 67 | AY44: 47 | AZ44: 72 | BA44: 58 | BB44: 44 | BC44: 52 | BD44: 49 | BE44: 31 | BF44: 46 | BG44: 32 | BH44: 156
B45: Summe der Instrumente mit Einmalleistungen | C45: Insgesamt | D45: F | E45: Summe der Instrumente mit EinmalleistungenInsgesamtF | G45: 96 | H45: 95 | I45: 79 | J45: 83 | K45: 66 | L45: 127 | M45: 153 | N45: 76 | O45: 57 | P45: 59 | Q45: 69 | R45: 74 | S45: 71 | T45: 83 | U45: 80 | V45: 69 | W45: 67 | X45: 99 | Y45: 118 | Z45: 71 | AA45: 62 | AB45: 59 | AC45: 71 | AD45: 67 | AE45: 118 | AH45: Summe der Instrumente mit EinmalleistungenInsgesamtF | AJ45: 96 | AK45: 95 | AL45: 79 | AM45: 83 | AN45: 66 | AO45: 127 | AP45: 153 | AQ45: 76 | AR45: 57 | AS45: 59 | AT45: 69 | AU45: 74 | AV45: 71 | AW45: 83 | AX45: 80 | AY45: 69 | AZ45: 67 | BA45: 99 | BB45: 118 | BC45: 71 | BD45: 62 | BE45: 59 | BF45: 71 | BG45: 67 | BH45: 118
B46: Summe der Instrumente mit Einmalleistungen | C46: SGB III | D46: F | E46: Summe der Instrumente mit EinmalleistungenSGB IIIF | G46: 57 | H46: 41 | I46: 50 | J46: 48 | K46: 33 | L46: 94 | M46: 112 | N46: 50 | O46: 41 | P46: 27 | Q46: 45 | R46: 52 | S46: 59 | T46: 54 | U46: 46 | V46: 38 | W46: 33 | X46: 69 | Y46: 92 | Z46: 45 | AA46: 47 | AB46: 44 | AC46: 49 | AD46: 50 | AE46: 47 | AH46: Summe der Instrumente mit EinmalleistungenSGB IIIF | AJ46: 57 | AK46: 41 | AL46: 50 | AM46: 48 | AN46: 33 | AO46: 94 | AP46: 112 | AQ46: 50 | AR46: 41 | AS46: 27 | AT46: 45 | AU46: 52 | AV46: 59 | AW46: 54 | AX46: 46 | AY46: 38 | AZ46: 33 | BA46: 69 | BB46: 92 | BC46: 45 | BD46: 47 | BE46: 44 | BF46: 49 | BG46: 50 | BH46: 47
B47: Summe der Instrumente mit Einmalleistungen | C47: SGB II | D47: F | E47: Summe der Instrumente mit EinmalleistungenSGB IIF | G47: 39 | H47: 54 | I47: 29 | J47: 35 | K47: 33 | L47: 33 | M47: 41 | N47: 26 | O47: 16 | P47: 32 | Q47: 24 | R47: 22 | S47: 12 | T47: 29 | U47: 34 | V47: 31 | W47: 34 | X47: 30 | Y47: 26 | Z47: 26 | AA47: 15 | AB47: 15 | AC47: 22 | AD47: 17 | AE47: 71 | AH47: Summe der Instrumente mit EinmalleistungenSGB IIF | AJ47: 39 | AK47: 54 | AL47: 29 | AM47: 35 | AN47: 33 | AO47: 33 | AP47: 41 | AQ47: 26 | AR47: 16 | AS47: 32 | AT47: 24 | AU47: 22 | AV47: 12 | AW47: 29 | AX47: 34 | AY47: 31 | AZ47: 34 | BA47: 30 | BB47: 26 | BC47: 26 | BD47: 15 | BE47: 15 | BF47: 22 | BG47: 17 | BH47: 71
B48: Summe der Instrumente mit Einmalleistungen | C48: Insgesamt | D48: M | E48: Summe der Instrumente mit EinmalleistungenInsgesamtM | G48: 105 | H48: 103 | I48: 73 | J48: 110 | K48: 63 | L48: 219 | M48: 162 | N48: 108 | O48: 88 | P48: 107 | Q48: 112 | R48: 110 | S48: 105 | T48: 119 | U48: 106 | V48: 88 | W48: 93 | X48: 117 | Y48: 136 | Z48: 105 | AA48: 100 | AB48: 59 | AC48: 116 | AD48: 81 | AE48: 169 | AH48: Summe der Instrumente mit EinmalleistungenInsgesamtM | AJ48: 105 | AK48: 103 | AL48: 73 | AM48: 110 | AN48: 63 | AO48: 219 | AP48: 162 | AQ48: 108 | AR48: 88 | AS48: 107 | AT48: 112 | AU48: 110 | AV48: 105 | AW48: 119 | AX48: 106 | AY48: 88 | AZ48: 93 | BA48: 117 | BB48: 136 | BC48: 105 | BD48: 100 | BE48: 59 | BF48: 116 | BG48: 81 | BH48: 169
B49: Summe der Instrumente mit Einmalleistungen | C49: SGB III | D49: M | E49: Summe der Instrumente mit EinmalleistungenSGB IIIM | G49: 84 | H49: 57 | I49: 54 | J49: 78 | K49: 42 | L49: 187 | M49: 127 | N49: 73 | O49: 67 | P49: 82 | Q49: 89 | R49: 90 | S49: 75 | T49: 80 | U49: 73 | V49: 72 | W49: 55 | X49: 89 | Y49: 118 | Z49: 79 | AA49: 66 | AB49: 43 | AC49: 92 | AD49: 66 | AE49: 84 | AH49: Summe der Instrumente mit EinmalleistungenSGB IIIM | AJ49: 84 | AK49: 57 | AL49: 54 | AM49: 78 | AN49: 42 | AO49: 187 | AP49: 127 | AQ49: 73 | AR49: 67 | AS49: 82 | AT49: 89 | AU49: 90 | AV49: 75 | AW49: 80 | AX49: 73 | AY49: 72 | AZ49: 55 | BA49: 89 | BB49: 118 | BC49: 79 | BD49: 66 | BE49: 43 | BF49: 92 | BG49: 66 | BH49: 84
B50: Summe der Instrumente mit Einmalleistungen | C50: SGB II | D50: M | E50: Summe der Instrumente mit EinmalleistungenSGB IIM | G50: 21 | H50: 46 | I50: 19 | J50: 32 | K50: 21 | L50: 32 | M50: 35 | N50: 35 | O50: 21 | P50: 25 | Q50: 23 | R50: 20 | S50: 30 | T50: 39 | U50: 33 | V50: 16 | W50: 38 | X50: 28 | Y50: 18 | Z50: 26 | AA50: 34 | AB50: 16 | AC50: 24 | AD50: 15 | AE50: 85 | AH50: Summe der Instrumente mit EinmalleistungenSGB IIM | AJ50: 21 | AK50: 46 | AL50: 19 | AM50: 32 | AN50: 21 | AO50: 32 | AP50: 35 | AQ50: 35 | AR50: 21 | AS50: 25 | AT50: 23 | AU50: 20 | AV50: 30 | AW50: 39 | AX50: 33 | AY50: 16 | AZ50: 38 | BA50: 28 | BB50: 18 | BC50: 26 | BD50: 34 | BE50: 16 | BF50: 24 | BG50: 15 | BH50: 85
C54: Frauen | D54: Frauen | E54: Frauen | F54: Frauen | G54: Männer | H54: Männer | I54: Männer
B55: Tab | C55: Insgesamt | D55: Anteil der Merkmals- gruppe an Insgesamt in % | E55: Verände- rung zum Vorjahr in % | F55: Anteil an allen Personen in % | G55: Insgesamt | H55: Anteil der Merkmals- gruppe an Insgesamt in % | I55: Verände- rung zum Vorjahr in %
C56: 1 | D56: 2 | E56: 3 | F56: 4 | G56: 5 | H56: 6 | I56: 7
B57: =Auswahl!A2 -> Insgesamt | C57: 1 | D57: 3 | E57: 4 | F57: 6 | G57: 7 | H57: 9 | I57: 10 | J57: Spalte in der Tabelle Tab/DS für Insgesamt
C58: =MATCH(C57&$B$57,$C$13:$AV$13,0) -> 1 | D58: =MATCH(D57&$B$57,$C$13:$AV$13,0) -> 32 | E58: =MATCH(E57&$B$57,$C$13:$AV$13,0) -> 33 | F58: =MATCH(F57&$B$57,$C$13:$AV$13,0) -> 34 | G58: =MATCH(G57&$B$57,$C$13:$AV$13,0) -> 7 | H58: =MATCH(H57&$B$57,$C$13:$AV$13,0) -> 35 | I58: =MATCH(I57&$B$57,$C$13:$AV$13,0) -> 36 | J58: Berechnete Spalte in Tab/DS (Merkmalsspalte+Auftreten der Merkmalsauswahl
A59: 1 | B59: Summe der Instrumente mit Einmalleistungen | C59: =INDEX($C$16:$AV$36,$A59,C$58) -> . | D59: =INDEX($C$16:$AV$36,$A59,D$58) -> X | E59: =INDEX($C$16:$AV$36,$A59,E$58) -> X | F59: =INDEX($C$16:$AV$36,$A59,F$58) -> X | G59: =INDEX($C$16:$AV$36,$A59,G$58) -> . | H59: =INDEX($C$16:$AV$36,$A59,H$58) -> X | I59: =INDEX($C$16:$AV$36,$A59,I$58) -> X
A60: 2 | B60: Aktivierung und berufliche Eingliederung, darunter | C60: =INDEX($C$16:$AV$36,$A60,C$58) -> . | D60: =INDEX($C$16:$AV$36,$A60,D$58) -> X | E60: =INDEX($C$16:$AV$36,$A60,E$58) -> X | F60: =INDEX($C$16:$AV$36,$A60,F$58) -> X | G60: =INDEX($C$16:$AV$36,$A60,G$58) -> . | H60: =INDEX($C$16:$AV$36,$A60,H$58) -> X | I60: =INDEX($C$16:$AV$36,$A60,I$58) -> X
A61: 3 | B61: Maßnahmen zur Aktivierung und beruflichen Eingliederung | C61: =INDEX($C$16:$AV$36,$A61,C$58) -> . | D61: =INDEX($C$16:$AV$36,$A61,D$58) -> X | E61: =INDEX($C$16:$AV$36,$A61,E$58) -> X | F61: =INDEX($C$16:$AV$36,$A61,F$58) -> X | G61: =INDEX($C$16:$AV$36,$A61,G$58) -> . | H61: =INDEX($C$16:$AV$36,$A61,H$58) -> X | I61: =INDEX($C$16:$AV$36,$A61,I$58) -> X
A62: 4 | B62: Vermittlungsbudget | C62: =INDEX($C$16:$AV$36,$A62,C$58) -> . | D62: =INDEX($C$16:$AV$36,$A62,D$58) -> X | E62: =INDEX($C$16:$AV$36,$A62,E$58) -> X | F62: =INDEX($C$16:$AV$36,$A62,F$58) -> X | G62: =INDEX($C$16:$AV$36,$A62,G$58) -> . | H62: =INDEX($C$16:$AV$36,$A62,H$58) -> X | I62: =INDEX($C$16:$AV$36,$A62,I$58) -> X
A63: 5 | B63: Berufswahl und Berufsausbildung, darunter | C63: =INDEX($C$16:$AV$36,$A63,C$58) -> . | D63: =INDEX($C$16:$AV$36,$A63,D$58) -> X | E63: =INDEX($C$16:$AV$36,$A63,E$58) -> X | F63: =INDEX($C$16:$AV$36,$A63,F$58) -> X | G63: =INDEX($C$16:$AV$36,$A63,G$58) -> . | H63: =INDEX($C$16:$AV$36,$A63,H$58) -> X | I63: =INDEX($C$16:$AV$36,$A63,I$58) -> X
A64: 6 | B64: Berufseinstiegsbegleitung | C64: =INDEX($C$16:$AV$36,$A64,C$58) -> . | D64: =INDEX($C$16:$AV$36,$A64,D$58) -> X | E64: =INDEX($C$16:$AV$36,$A64,E$58) -> X | F64: =INDEX($C$16:$AV$36,$A64,F$58) -> X | G64: =INDEX($C$16:$AV$36,$A64,G$58) -> . | H64: =INDEX($C$16:$AV$36,$A64,H$58) -> X | I64: =INDEX($C$16:$AV$36,$A64,I$58) -> X
A65: 7 | B65: Assistierte Ausbildung | C65: =INDEX($C$16:$AV$36,$A65,C$58) -> . | D65: =INDEX($C$16:$AV$36,$A65,D$58) -> X | E65: =INDEX($C$16:$AV$36,$A65,E$58) -> X | F65: =INDEX($C$16:$AV$36,$A65,F$58) -> X | G65: =INDEX($C$16:$AV$36,$A65,G$58) -> . | H65: =INDEX($C$16:$AV$36,$A65,H$58) -> X | I65: =INDEX($C$16:$AV$36,$A65,I$58) -> X
A66: 8 | B66: Berufsvorbereitende Bildungsmaßnahmen | C66: =INDEX($C$16:$AV$36,$A66,C$58) -> . | D66: =INDEX($C$16:$AV$36,$A66,D$58) -> X | E66: =INDEX($C$16:$AV$36,$A66,E$58) -> X | F66: =INDEX($C$16:$AV$36,$A66,F$58) -> X | G66: =INDEX($C$16:$AV$36,$A66,G$58) -> . | H66: =INDEX($C$16:$AV$36,$A66,H$58) -> X | I66: =INDEX($C$16:$AV$36,$A66,I$58) -> X
A67: 9 | B67: Einstiegsqualifizierung | C67: =INDEX($C$16:$AV$36,$A67,C$58) -> . | D67: =INDEX($C$16:$AV$36,$A67,D$58) -> X | E67: =INDEX($C$16:$AV$36,$A67,E$58) -> X | F67: =INDEX($C$16:$AV$36,$A67,F$58) -> X | G67: =INDEX($C$16:$AV$36,$A67,G$58) -> . | H67: =INDEX($C$16:$AV$36,$A67,H$58) -> X | I67: =INDEX($C$16:$AV$36,$A67,I$58) -> X
A68: 10 | B68: Ausbildungsbegleitende Hilfen | C68: =INDEX($C$16:$AV$36,$A68,C$58) -> . | D68: =INDEX($C$16:$AV$36,$A68,D$58) -> X | E68: =INDEX($C$16:$AV$36,$A68,E$58) -> X | F68: =INDEX($C$16:$AV$36,$A68,F$58) -> X | G68: =INDEX($C$16:$AV$36,$A68,G$58) -> . | H68: =INDEX($C$16:$AV$36,$A68,H$58) -> X | I68: =INDEX($C$16:$AV$36,$A68,I$58) -> X
A69: 11 | B69: Berufliche Weiterbildung, darunter | C69: =INDEX($C$16:$AV$36,$A69,C$58) -> . | D69: =INDEX($C$16:$AV$36,$A69,D$58) -> X | E69: =INDEX($C$16:$AV$36,$A69,E$58) -> X | F69: =INDEX($C$16:$AV$36,$A69,F$58) -> X | G69: =INDEX($C$16:$AV$36,$A69,G$58) -> . | H69: =INDEX($C$16:$AV$36,$A69,H$58) -> X | I69: =INDEX($C$16:$AV$36,$A69,I$58) -> X
A70: 12 | B70: Förderung der beruflichen Weiterbildung | C70: =INDEX($C$16:$AV$36,$A70,C$58) -> . | D70: =INDEX($C$16:$AV$36,$A70,D$58) -> X | E70: =INDEX($C$16:$AV$36,$A70,E$58) -> X | F70: =INDEX($C$16:$AV$36,$A70,F$58) -> X | G70: =INDEX($C$16:$AV$36,$A70,G$58) -> . | H70: =INDEX($C$16:$AV$36,$A70,H$58) -> X | I70: =INDEX($C$16:$AV$36,$A70,I$58) -> X
... A79: 21 | B79: Teilhabe am Arbeitsmarkt | C79: =INDEX($C$16:$AV$36,$A79,C$58) -> . | D79: =INDEX($C$16:$AV$36,$A79,D$58) -> X | E79: =INDEX($C$16:$AV$36,$A79,E$58) -> X | F79: =INDEX($C$16:$AV$36,$A79,F$58) -> X | G79: =INDEX($C$16:$AV$36,$A79,G$58) -> . | H79: =INDEX($C$16:$AV$36,$A79,H$58) -> X | I79: =INDEX($C$16:$AV$36,$A79,I$58) -> X
B82: DiaDat
G83: 3 | H83: 4 | I83: 5 | J83: 6 | K83: 7 | L83: 8 | M83: 9 | N83: 10 | O83: 11 | P83: 12 | Q83: 13 | R83: 14 | S83: 15 | T83: 16 | U83: 17 | V83: 18 | W83: 19 | X83: 20 | Y83: 21 | Z83: 22 | AA83: 23 | AB83: 24 | AC83: 25 | AD83: 26 | AE83: 27
E84: ID | G84: =TEXT(G41,"MMM JJJJ") -> Apr 2024 | H84: =TEXT(H41,"MMM JJJJ") -> Mai 2024 | I84: =TEXT(I41,"MMM JJJJ") -> Jun 2024 | J84: =TEXT(J41,"MMM JJJJ") -> Jul 2024 | K84: =TEXT(K41,"MMM JJJJ") -> Aug 2024 | L84: =TEXT(L41,"MMM JJJJ") -> Sep 2024 | M84: =TEXT(M41,"MMM JJJJ") -> Okt 2024 | N84: =TEXT(N41,"MMM JJJJ") -> Nov 2024 | ... AE84: =TEXT(AE41,"MMM JJJJ") -> Apr 2026
B85: Summe der Instrumente mit Einmalleistungen | C85: =B57 -> Insgesamt | D85: F | E85: =B85&C85&D85 -> Summe der Instrumente mit EinmalleistungenInsgesamtF | F85: Frauen | G85: =VLOOKUP($E85,$E$45:$AE$50,G$83,0) -> 96 | H85: =VLOOKUP($E85,$E$45:$AE$50,H$83,0) -> 95 | I85: =VLOOKUP($E85,$E$45:$AE$50,I$83,0) -> 79 | J85: =VLOOKUP($E85,$E$45:$AE$50,J$83,0) -> 83 | K85: =VLOOKUP($E85,$E$45:$AE$50,K$83,0) -> 66 | L85: =VLOOKUP($E85,$E$45:$AE$50,L$83,0) -> 127 | M85: =VLOOKUP($E85,$E$45:$AE$50,M$83,0) -> 153 | N85: =VLOOKUP($E85,$E$45:$AE$50,N$83,0) -> 76 | ... AE85: =VLOOKUP($E85,$E$45:$AE$50,AE$83,0) -> 118
B86: Summe der Instrumente mit Einmalleistungen | C86: =C85 -> Insgesamt | D86: M | E86: =B86&C86&D86 -> Summe der Instrumente mit EinmalleistungenInsgesamtM | F86: Männer | G86: =VLOOKUP($E86,$E$45:$AE$50,G$83,0) -> 105 | H86: =VLOOKUP($E86,$E$45:$AE$50,H$83,0) -> 103 | I86: =VLOOKUP($E86,$E$45:$AE$50,I$83,0) -> 73 | J86: =VLOOKUP($E86,$E$45:$AE$50,J$83,0) -> 110 | K86: =VLOOKUP($E86,$E$45:$AE$50,K$83,0) -> 63 | L86: =VLOOKUP($E86,$E$45:$AE$50,L$83,0) -> 219 | M86: =VLOOKUP($E86,$E$45:$AE$50,M$83,0) -> 162 | N86: =VLOOKUP($E86,$E$45:$AE$50,N$83,0) -> 108 | ... AE86: =VLOOKUP($E86,$E$45:$AE$50,AE$83,0) -> 169
B88: DiaDatDS
G89: =G84 -> Apr 2024 | H89: =H84 -> Mai 2024 | I89: =I84 -> Jun 2024 | J89: =J84 -> Jul 2024 | K89: =K84 -> Aug 2024 | L89: =L84 -> Sep 2024 | M89: =M84 -> Okt 2024 | N89: =N84 -> Nov 2024 | ... AE89: =AE84 -> Apr 2026
F90: Frauen | G90: =VLOOKUP($E85,$AH$45:$BI$50,G$83,0) -> 96 | H90: =VLOOKUP($E85,$AH$45:$BI$50,H$83,0) -> 95 | I90: =VLOOKUP($E85,$AH$45:$BI$50,I$83,0) -> 79 | J90: =VLOOKUP($E85,$AH$45:$BI$50,J$83,0) -> 83 | K90: =VLOOKUP($E85,$AH$45:$BI$50,K$83,0) -> 66 | L90: =VLOOKUP($E85,$AH$45:$BI$50,L$83,0) -> 127 | M90: =VLOOKUP($E85,$AH$45:$BI$50,M$83,0) -> 153 | N90: =VLOOKUP($E85,$AH$45:$BI$50,N$83,0) -> 76 | ... AE90: =VLOOKUP($E85,$AH$45:$BI$50,AE$83,0) -> 118
F91: Männer | G91: =VLOOKUP($E86,$AH$45:$BI$50,G$83,0) -> 105 | H91: =VLOOKUP($E86,$AH$45:$BI$50,H$83,0) -> 103 | I91: =VLOOKUP($E86,$AH$45:$BI$50,I$83,0) -> 73 | J91: =VLOOKUP($E86,$AH$45:$BI$50,J$83,0) -> 110 | K91: =VLOOKUP($E86,$AH$45:$BI$50,K$83,0) -> 63 | L91: =VLOOKUP($E86,$AH$45:$BI$50,L$83,0) -> 219 | M91: =VLOOKUP($E86,$AH$45:$BI$50,M$83,0) -> 162 | N91: =VLOOKUP($E86,$AH$45:$BI$50,N$83,0) -> 108 | ... AE91: =VLOOKUP($E86,$AH$45:$BI$50,AE$83,0) -> 169
E92: Fallzahl | F92: 0 | G92: =COUNTIF($G$85:$AE$86,"<"&$F$92) -> 0 | H92: * | I92: =COUNTIF($G$90:$AE$91,"*") -> 0 | J92: Datenausfall | K92: =$D$7 -> 1
B94: DiaDatenreihen | G94: =G84 -> Apr 2024 | H94: =H84 -> Mai 2024 | I94: =I84 -> Jun 2024 | J94: =J84 -> Jul 2024 | K94: =K84 -> Aug 2024 | L94: =L84 -> Sep 2024 | M94: =M84 -> Okt 2024 | N94: =N84 -> Nov 2024 | ... AE94: =AE84 -> Apr 2026
F95: Frauen | G95: =IF(($G$92+$I$92+$K$92)>0,NA(),G85) -> #N/A | H95: =IF(($G$92+$I$92+$K$92)>0,NA(),H85) -> #N/A | I95: =IF(($G$92+$I$92+$K$92)>0,NA(),I85) -> #N/A | J95: =IF(($G$92+$I$92+$K$92)>0,NA(),J85) -> #N/A | K95: =IF(($G$92+$I$92+$K$92)>0,NA(),K85) -> #N/A | L95: =IF(($G$92+$I$92+$K$92)>0,NA(),L85) -> #N/A | M95: =IF(($G$92+$I$92+$K$92)>0,NA(),M85) -> #N/A | N95: =IF(($G$92+$I$92+$K$92)>0,NA(),N85) -> #N/A | ... AE95: =IF(($G$92+$I$92+$K$92)>0,NA(),AE85) -> #N/A
F96: Männer | G96: =IF(($G$92+$I$92+$K$92)>0,NA(),G86) -> #N/A | H96: =IF(($G$92+$I$92+$K$92)>0,NA(),H86) -> #N/A | I96: =IF(($G$92+$I$92+$K$92)>0,NA(),I86) -> #N/A | J96: =IF(($G$92+$I$92+$K$92)>0,NA(),J86) -> #N/A | K96: =IF(($G$92+$I$92+$K$92)>0,NA(),K86) -> #N/A | L96: =IF(($G$92+$I$92+$K$92)>0,NA(),L86) -> #N/A | M96: =IF(($G$92+$I$92+$K$92)>0,NA(),M86) -> #N/A | N96: =IF(($G$92+$I$92+$K$92)>0,NA(),N86) -> #N/A | ... AE96: =IF(($G$92+$I$92+$K$92)>0,NA(),AE86) -> #N/A
B98: DiaDS, DatenBeschriftungen
G99: =TEXT(G84,"MMM JJJJ") -> Apr 2024 | J99: =TEXT(J84,"MMM JJJJ") -> Jul 2024 | M99: =TEXT(M84,"MMM JJJJ") -> Okt 2024 | P99: =TEXT(P84,"MMM JJJJ") -> Jan 2025 | S99: =TEXT(S84,"MMM JJJJ") -> Apr 2025 | V99: =TEXT(V84,"MMM JJJJ") -> Jul 2025 | Y99: =TEXT(Y84,"MMM JJJJ") -> Okt 2025 | AB99: =TEXT(AB84,"MMM JJJJ") -> Jan 2026 | AE99: =TEXT(AE84,"MMM JJJJ") -> Apr 2026
F100: Frauen | G100: =IF(($G$92+$I$92+$K$92)>0,"",TEXT(G85,"###.###")) | J100: =IF(($G$92+$I$92+$K$92)>0,"",TEXT(J85,"###.###")) | M100: =IF(($G$92+$I$92+$K$92)>0,"",TEXT(M85,"###.###")) | P100: =IF(($G$92+$I$92+$K$92)>0,"",TEXT(P85,"###.###")) | S100: =IF(($G$92+$I$92+$K$92)>0,"",TEXT(S85,"###.###")) | V100: =IF(($G$92+$I$92+$K$92)>0,"",TEXT(V85,"###.###")) | Y100: =IF(($G$92+$I$92+$K$92)>0,"",TEXT(Y85,"###.###")) | AB100: =IF(($G$92+$I$92+$K$92)>0,"",TEXT(AB85,"###.###")) | AE100: =IF(($G$92+$I$92+$K$92)>0,"",TEXT(AE85,"###.###"))
F101: Männer | G101: =IF(($G$92+$I$92+$K$92)>0,"",TEXT(G86,"###.###")) | J101: =IF(($G$92+$I$92+$K$92)>0,"",TEXT(J86,"###.###")) | M101: =IF(($G$92+$I$92+$K$92)>0,"",TEXT(M86,"###.###")) | P101: =IF(($G$92+$I$92+$K$92)>0,"",TEXT(P86,"###.###")) | S101: =IF(($G$92+$I$92+$K$92)>0,"",TEXT(S86,"###.###")) | V101: =IF(($G$92+$I$92+$K$92)>0,"",TEXT(V86,"###.###")) | Y101: =IF(($G$92+$I$92+$K$92)>0,"",TEXT(Y86,"###.###")) | AB101: =IF(($G$92+$I$92+$K$92)>0,"",TEXT(AB86,"###.###")) | AE101: =IF(($G$92+$I$92+$K$92)>0,"",TEXT(AE86,"###.###"))
H105: Prio Anzeige und Prüfung
B106: =MID(Auswahl!F6,5,1000)& " (Summe der Instrumente) " &CHAR(10)& TEXT($G$84,"MMMM JJJJ") &" - " &TEXT($AE$84,"MMMM JJJJ") -> Eintritte in ausgewählte arbeitsmarktpolitische Instrumente (Summe der Instrumente) April 2024 - April 2026
A108: FZ | B108: Auf Grund der zu geringen Fallzahl in einigen Berichtsmonaten wird auf die grafische Darstellung verzichtet. | H108: 4
A109: NV | B109: Daten für die Maßnahmeart- und Rechtskreisauswahl stehen nicht zur Verfügung | H109: 2
A110: * | B110: Auf Grund von primären oder sekundärem Datenschutz kann keine Grafik dargestellt werden. | H110: 3
A111: ZR | B111: Auf Grund von unvollständigen Datenlieferungen im Berichtszeitraum kann keine Grafik dargestellt werden. | H111: 1
B112: =IF($K$92>0,$B$111,IF(ISNA($G$85),$B$109,IF($I$92>0,$B$110,IF($G$92>0,$B$108,"")))) -> Auf Grund von unvollständigen Datenlieferungen im Berichtszeitraum kann keine Grafik dargestellt werden.
B113: Text bei sinnloser Kombi

Sheet Tab 8.2
A1: Frauen und Männer
A3: =Auswahl!F6 -> 8.2 Eintritte in ausgewählte arbeitsmarktpolitische Instrumente
A4: ='Tab 8.2_roh'!D4 -> JC Tuttlingen (Gebietsstand: Juli 2026), SGB II-Vergleichstyp Ic
A5: ='Tab 8.2_roh'!D5 -> April 2026, Daten mit einer Wartezeit von 3 Monaten
A23: Einmalleistungen sind einmalig bewilligte oder ausgezahlte Förderleistungen. Dazu gehören beispielsweise Förderungen aus dem Vermittlungsbudget, Vermittlungsgutscheine oder auch Sachgüter im Rahmen von Leistungen zur Eingliederung von Selbständigen. Einmalleistungen erstrecken sich nicht über einen Zeitraum; wie etwa die Teilnahme an einer beruflichen Weiterbildung. Sie sind daher nicht bestandswirksam und so berichtet die Statistik der BA ausschließlich über Bewilligungen bzw. Eintritte.
A33: Ausgewählte Instrumente der Arbeitsmarktpolitik | D33: Frauen | H33: Männer
D34: Eintritte | E34: Anteil an Summe der Instrumente in % | F34: Verände- rung zum Vorjahr in % | G34: Anteil Frauen an allen Personen in % | H34: Eintritte | I34: Anteil an Summe der Instrumente in % | J34: Verände- rung zum Vorjahr in %
D35: 1 | E35: 2 | F35: 3 | G35: 4 | H35: 5 | I35: 6 | J35: 7
A36: Summe der Instrumente | D36: ='Tab 8.2_roh'!C59 -> . | E36: ='Tab 8.2_roh'!D59 -> X | F36: ='Tab 8.2_roh'!E59 -> X | G36: ='Tab 8.2_roh'!F59 -> X | H36: ='Tab 8.2_roh'!G59 -> . | I36: ='Tab 8.2_roh'!H59 -> X | J36: ='Tab 8.2_roh'!I59 -> X
A37: Aktivierung und berufliche Eingliederung | D37: ='Tab 8.2_roh'!C60 -> . | E37: ='Tab 8.2_roh'!D60 -> X | F37: ='Tab 8.2_roh'!E60 -> X | G37: ='Tab 8.2_roh'!F60 -> X | H37: ='Tab 8.2_roh'!G60 -> . | I37: ='Tab 8.2_roh'!H60 -> X | J37: ='Tab 8.2_roh'!I60 -> X
A38: dar.: | B38: Maßnahmen zur Aktivierung und beruflichen Eingliederung | D38: ='Tab 8.2_roh'!C61 -> . | E38: ='Tab 8.2_roh'!D61 -> X | F38: ='Tab 8.2_roh'!E61 -> X | G38: ='Tab 8.2_roh'!F61 -> X | H38: ='Tab 8.2_roh'!G61 -> . | I38: ='Tab 8.2_roh'!H61 -> X | J38: ='Tab 8.2_roh'!I61 -> X
B39: Vermittlungsbudget | D39: ='Tab 8.2_roh'!C62 -> . | E39: ='Tab 8.2_roh'!D62 -> X | F39: ='Tab 8.2_roh'!E62 -> X | G39: ='Tab 8.2_roh'!F62 -> X | H39: ='Tab 8.2_roh'!G62 -> . | I39: ='Tab 8.2_roh'!H62 -> X | J39: ='Tab 8.2_roh'!I62 -> X
A40: Berufswahl und Berufsausbildung 1) | D40: ='Tab 8.2_roh'!C63 -> . | E40: ='Tab 8.2_roh'!D63 -> X | F40: ='Tab 8.2_roh'!E63 -> X | G40: ='Tab 8.2_roh'!F63 -> X | H40: ='Tab 8.2_roh'!G63 -> . | I40: ='Tab 8.2_roh'!H63 -> X | J40: ='Tab 8.2_roh'!I63 -> X
A41: dar.: | B41: Berufseinstiegsbegleitung | D41: ='Tab 8.2_roh'!C64 -> . | E41: ='Tab 8.2_roh'!D64 -> X | F41: ='Tab 8.2_roh'!E64 -> X | G41: ='Tab 8.2_roh'!F64 -> X | H41: ='Tab 8.2_roh'!G64 -> . | I41: ='Tab 8.2_roh'!H64 -> X | J41: ='Tab 8.2_roh'!I64 -> X
B42: Assistierte Ausbildung | D42: ='Tab 8.2_roh'!C65 -> . | E42: ='Tab 8.2_roh'!D65 -> X | F42: ='Tab 8.2_roh'!E65 -> X | G42: ='Tab 8.2_roh'!F65 -> X | H42: ='Tab 8.2_roh'!G65 -> . | I42: ='Tab 8.2_roh'!H65 -> X | J42: ='Tab 8.2_roh'!I65 -> X
B43: Berufsvorbereitende Bildungsmaßnahmen | D43: ='Tab 8.2_roh'!C66 -> . | E43: ='Tab 8.2_roh'!D66 -> X | F43: ='Tab 8.2_roh'!E66 -> X | G43: ='Tab 8.2_roh'!F66 -> X | H43: ='Tab 8.2_roh'!G66 -> . | I43: ='Tab 8.2_roh'!H66 -> X | J43: ='Tab 8.2_roh'!I66 -> X
B44: Einstiegsqualifizierung | D44: ='Tab 8.2_roh'!C67 -> . | E44: ='Tab 8.2_roh'!D67 -> X | F44: ='Tab 8.2_roh'!E67 -> X | G44: ='Tab 8.2_roh'!F67 -> X | H44: ='Tab 8.2_roh'!G67 -> . | I44: ='Tab 8.2_roh'!H67 -> X | J44: ='Tab 8.2_roh'!I67 -> X
B45: Ausbildungsbegleitende Hilfen | D45: ='Tab 8.2_roh'!C68 -> . | E45: ='Tab 8.2_roh'!D68 -> X | F45: ='Tab 8.2_roh'!E68 -> X | G45: ='Tab 8.2_roh'!F68 -> X | H45: ='Tab 8.2_roh'!G68 -> . | I45: ='Tab 8.2_roh'!H68 -> X | J45: ='Tab 8.2_roh'!I68 -> X
A46: Berufliche Weiterbildung | D46: ='Tab 8.2_roh'!C69 -> . | E46: ='Tab 8.2_roh'!D69 -> X | F46: ='Tab 8.2_roh'!E69 -> X | G46: ='Tab 8.2_roh'!F69 -> X | H46: ='Tab 8.2_roh'!G69 -> . | I46: ='Tab 8.2_roh'!H69 -> X | J46: ='Tab 8.2_roh'!I69 -> X
A47: dar.: | B47: Förderung der beruflichen Weiterbildung | D47: ='Tab 8.2_roh'!C70 -> . | E47: ='Tab 8.2_roh'!D70 -> X | F47: ='Tab 8.2_roh'!E70 -> X | G47: ='Tab 8.2_roh'!F70 -> X | H47: ='Tab 8.2_roh'!G70 -> . | I47: ='Tab 8.2_roh'!H70 -> X | J47: ='Tab 8.2_roh'!I70 -> X
B48: Arbeitsentgeltzuschuss zur berufl. Weiterbildung Beschäftigter | D48: ='Tab 8.2_roh'!C71 -> . | E48: ='Tab 8.2_roh'!D71 -> X | F48: ='Tab 8.2_roh'!E71 -> X | G48: ='Tab 8.2_roh'!F71 -> X | H48: ='Tab 8.2_roh'!G71 -> . | I48: ='Tab 8.2_roh'!H71 -> X | J48: ='Tab 8.2_roh'!I71 -> X
A49: Aufnahme einer Erwerbstätigkeit | D49: ='Tab 8.2_roh'!C72 -> . | E49: ='Tab 8.2_roh'!D72 -> X | F49: ='Tab 8.2_roh'!E72 -> X | G49: ='Tab 8.2_roh'!F72 -> X | H49: ='Tab 8.2_roh'!G72 -> . | I49: ='Tab 8.2_roh'!H72 -> X | J49: ='Tab 8.2_roh'!I72 -> X
A50: dar.: | B50: Förderung abhängiger Beschäftigung | D50: ='Tab 8.2_roh'!C73 -> . | E50: ='Tab 8.2_roh'!D73 -> X | F50: ='Tab 8.2_roh'!E73 -> X | G50: ='Tab 8.2_roh'!F73 -> X | H50: ='Tab 8.2_roh'!G73 -> . | I50: ='Tab 8.2_roh'!H73 -> X | J50: ='Tab 8.2_roh'!I73 -> X
B51: dar.: | C51: Eingliederungszuschuss | D51: ='Tab 8.2_roh'!C74 -> . | E51: ='Tab 8.2_roh'!D74 -> X | F51: ='Tab 8.2_roh'!E74 -> X | G51: ='Tab 8.2_roh'!F74 -> X | H51: ='Tab 8.2_roh'!G74 -> . | I51: ='Tab 8.2_roh'!H74 -> X | J51: ='Tab 8.2_roh'!I74 -> X
C52: Eingliederung von Langzeitarbeitslosen | D52: ='Tab 8.2_roh'!C75 -> . | E52: ='Tab 8.2_roh'!D75 -> X | F52: ='Tab 8.2_roh'!E75 -> X | G52: ='Tab 8.2_roh'!F75 -> X | H52: ='Tab 8.2_roh'!G75 -> . | I52: ='Tab 8.2_roh'!H75 -> X | J52: ='Tab 8.2_roh'!I75 -> X
B53: Förderung der Selbständigkeit | D53: ='Tab 8.2_roh'!C76 -> . | E53: ='Tab 8.2_roh'!D76 -> X | F53: ='Tab 8.2_roh'!E76 -> X | G53: ='Tab 8.2_roh'!F76 -> X | H53: ='Tab 8.2_roh'!G76 -> . | I53: ='Tab 8.2_roh'!H76 -> X | J53: ='Tab 8.2_roh'!I76 -> X
A54: Beschäftigung schaffende Maßnahmen | D54: ='Tab 8.2_roh'!C77 -> . | E54: ='Tab 8.2_roh'!D77 -> X | F54: ='Tab 8.2_roh'!E77 -> X | G54: ='Tab 8.2_roh'!F77 -> X | H54: ='Tab 8.2_roh'!G77 -> . | I54: ='Tab 8.2_roh'!H77 -> X | J54: ='Tab 8.2_roh'!I77 -> X
A55: dar.: | B55: Arbeitsgelegenheiten | D55: ='Tab 8.2_roh'!C78 -> . | E55: ='Tab 8.2_roh'!D78 -> X | F55: ='Tab 8.2_roh'!E78 -> X | G55: ='Tab 8.2_roh'!F78 -> X | H55: ='Tab 8.2_roh'!G78 -> . | I55: ='Tab 8.2_roh'!H78 -> X | J55: ='Tab 8.2_roh'!I78 -> X
B56: Teilhabe am Arbeitsmarkt 2) | D56: ='Tab 8.2_roh'!C79 -> . | E56: ='Tab 8.2_roh'!D79 -> X | F56: ='Tab 8.2_roh'!E79 -> X | G56: ='Tab 8.2_roh'!F79 -> X | H56: ='Tab 8.2_roh'!G79 -> . | I56: ='Tab 8.2_roh'!H79 -> X | J56: ='Tab 8.2_roh'!I79 -> X
J57: © Statistik der Bundesagentur für Arbeit
A59: 1) Ohne Ergebnisse zu Teilnahmen an Berufsorientierungsmaßnahmen.
A60: 2) Die Förderungen zur Teilhabe am Arbeitsmarkt sind insgesamt bundesweit übererfasst. Für einzelne Jobcenter fällt die Übererfassung deutlich höher aus. Näheres siehe unter folgendem Link:
A61: Förderung zur Teilhabe am Arbeitsmarkt - Übererfassung

Sheet Hinweis_Schätzungen
A1: Statistik der Arbeitslosen und Arbeitsuchenden
B2: Stand: 27.04.2026
B3: Methodische Hinweise - Schätzungen in der Statistik der Arbeitslosen und Arbeitsuchenden
B5: Schätzungen in der Arbeitslosenstatistik
B6: Bei teilweisen oder vollständigen Lieferausfällen sowie unplausiblen Datenlieferungen eines Trägers werden für die betroffenen Regionen Schätzwerte für Arbeitslose bzw. Arbeitsuchende ermittelt und in die Berichterstattung einbezogen.
B7: Geschätzte Größen und Untergliederungen
B8: Schätzwerte werden für Bestand bzw. Bewegungen (Zu- und Abgang) Arbeitsloser bzw. Arbeitsuchender auf Basis eines Fortschreibungsmodells ermittelt. Das Fortschreibungsmodell basiert auf der Annahme, dass sich die Arbeitslosigkeit in Gebieten mit vergleichbarer Arbeitsmarktstruktur in ähnlicher Weise entwickelt. Fehlen für einzelne Jobcenter aktuelle Arbeitslosenzahlen, lässt sich die Entwicklung im Vergleich zum Vormonat anhand der Entwicklung in vergleichbaren Regionen abschätzen. Eine Bestandsschätzung in einem Monat führt zu einer Schätzung der Bewegungsdaten in diesem und im darauf folgenden Monat, da die gemeldeten Bewegungsdaten nicht mit der Bestandsschätzung des Vormonats vereinbar sind. Zur Ermittlung von Strukturen der Arbeitslosen werden die Schätzwerte eines Trägers (Zugang, Bestand und Abgang) nach den relativen Häufigkeiten dieser Strukturen im Vormonat auf die jeweiligen Merkmalskombinationen verteilt. Folgende Untergliederungen werden dabei berücksichtigt: - Politisch-administrative Gliederung (bis zur Gemeinde) - Administrative Gliederung der Bundesagentur für Arbeit (bis zur Geschäftsstelle) - Administrative Gliederung im Rahmen des SGB II (Jobcenter) - Rechtskreis - Alter (in 5-Jahresklassen) - Geschlecht - Staatsangehörigkeit (Deutsche/Ausländer) - Schwerbehindert (ja/nein) - Langzeitarbeitslos (ja/nein) Bei tieferen Unterstrukturen (z. B. einzelne Staatsangehörigkeiten oder einzelne Kategorien bei der Dauer der Arbeitslosigkeit) werden die Schätzwerte der Kategorie „keine Angabe“ zugeordnet.
B9: Schätzgüte
B10: Ein Abgleich der Schätzwerte mit den korrekt gelieferten Werten zeigt, dass Schätzwerte in der Regel nur in geringem Ausmaß von korrekt gelieferten Werten abweichen.
B11: Auswirkung von Schätzungen auf die Berichterstattung
B12: Im Falle von Schätzungen können für die vom Lieferausfall betroffenen, aber nicht geschätzten Merkmale im jeweiligen Berichtsmonat grundsätzlich keine Nachweise für tiefere regionale Strukturen (AA/Jobcenter/Kreise/Gemeinden) erfolgen. Für diese Regionen ist auch die Berichterstattung von Jahressummen/-durchschnitten sowie der Vergleich mit anderen Berichtszeiträumen eingeschränkt. In übergeordneten Regionen (Deutschland, West-/Ostdeutschland, Bundesländer, Bezirke der Regionaldirektionen, Vergleichstypen, Arbeitsmarktregionen) werden Ergebnisse auch für die vom Lieferausfall betroffenen, aber nicht geschätzten Merkmale ausgewiesen. Da die nicht geschätzten Merkmalsausprägungen der Kategorie „keine Angabe“ zugeordnet werden, sind diese in den betroffenen Berichtsmonaten unterzeichnet. Daher wird von Vergleichen mit anderen Zeiträumen abgesehen.
B14: Weiterführende Informationen
B15: Weitere Informationen zu Plausibilisierung und Schätzungen in der Arbeitslosenstatistik können dem Handbuch XSozial-BA-SGB II „Statistik der Arbeitslosen und Arbeitsuchenden“, Kapitel 3, entnommen werden, abrufbar unter:
B16: https://statistik.arbeitsagentur.de/DE/Navigation/Grundlagen/Datenquellen/Datenstandard-XSozial/Handbuch/Handbuecher-Nav.html

Sheet Hinweis_Ausbildungsmarkt
A1: Ausbildungsmarkt
B2: Stand: 22.07.2026
B3: Methodische Hinweise zu den Statistiken über den Ausbildungsmarkt
B4: Kurzbeschreibung
B5: Die Ausbildungsmarktstatistik berichtet über - gemeldete Bewerberinnen und Bewerber für Berufsausbildungsstellen, die das Beratungs- und Vermittlungsangebot der Agenturen für Arbeit (AA) und Jobcenter (JC) zum Ausbildungsmarkt in Anspruch nehmen, sowie - Berufsausbildungsstellen, die bei AA und JC für die Ausbildungsvermittlung mit Vermittlungsauftrag gemeldet wurden. Sowohl die AA als auch die JC in gemeinsamen Einrichtungen (gE) und in alleiniger kommunaler Trägerschaft (zkT) führen Ausbildungsvermittlung nach § 35 Sozialgesetzbuch Drittes Buch (SGB III) durch. Träger der Grundsicherung können diese Aufgabe durch die AA wahrnehmen lassen (§ 16 Abs. 4 SGB II).
B7: Grundgesamtheit
B8: Die Ausbildungsmarktstatistik berichtet über Bewerberinnen und Bewerber, deren Hauptberufswunsch ein anerkannter Ausbildungsberuf nach dem Berufsbildungsgesetz (BBiG) ist, und über Berufsausbildungsstellen für nach dem BBiG anerkannte Ausbildungsberufe. Das BBiG gilt auch für die Berufe der Handwerksordnung. Die Berichterstattung der Ausbildungsmarktstatistik konzentriert sich damit auf das zahlenmäßig bedeutsamste Segment des Ausbildungsmarktes: die BBiG-Berufe. Hierbei handelt es sich üblicherweise um duale Ausbildungen, d. h. Ausbildungen, die parallel in Betrieb und Berufsschule stattfinden.
B9: Dazu gehören auch: - Ausbildungsplätze in Berufsbildungswerken und sonstigen Einrichtungen, die Ausbildungsmaßnahmen für Menschen mit Behinderungen durchführen - Berufsausbildungen in außerbetrieblichen Einrichtungen (z. B. für sozialbenachteiligte junge Menschen) - Ausbildungen im Rahmen eines dualen, ausbildungsintegrierenden Studiums oder einer Abiturientenausbildung, die den Abschluss einer Berufsausbildung nach dem BBiG beinhaltet
